Workbook
Name HIT_ROW23: '10～12'!#REF!
Name HIT_ROW23: '13～21'!#REF!
Name HIT_ROW23: '22・23'!#REF!
Name HIT_ROW23: '23 (3)記入例'!#REF!
Name HIT_ROW24: '10～12'!#REF!
Name HIT_ROW24: '13～21'!#REF!
Name HIT_ROW24: '22・23'!#REF!
Name HIT_ROW24: '23 (3)記入例'!#REF!
Name HIT_ROW25: '10～12'!#REF!
Name HIT_ROW25: '13～21'!#REF!
Name HIT_ROW25: '22・23'!#REF!
Name HIT_ROW25: '23 (3)記入例'!#REF!
Name HIT_ROW26: '10～12'!#REF!
Name HIT_ROW26: '13～21'!#REF!
Name HIT_ROW26: '22・23'!#REF!
Name HIT_ROW26: '23 (3)記入例'!#REF!
Name HIT_ROW27: '10～12'!#REF!
Name HIT_ROW27: '13～21'!#REF!
Name HIT_ROW27: '22・23'!#REF!
Name HIT_ROW27: '23 (3)記入例'!#REF!
Name HIT_ROW28: '10～12'!#REF!
Name HIT_ROW28: '13～21'!#REF!
Name HIT_ROW28: '22・23'!#REF!
Name HIT_ROW28: '23 (3)記入例'!#REF!
Name HIT_ROW29: '10～12'!#REF!
Name HIT_ROW29: '13～21'!#REF!
Name HIT_ROW29: '22・23'!#REF!
Name HIT_ROW29: '23 (3)記入例'!#REF!

Sheet 表紙
A5: 令和８年度
A14: 児童福祉施設（保育所） 監査資料
A22: （作成基準日 令和 年 月 日）
B28: 保 育 所 名 | D28: 保育所（園）
B29: 監 査 日 | D29: 令和 年 月 日
B31: ※ 当該監査資料及び添付書類等の記載に関し、個人情報に係わるものについては指導監査業務
B32: のみに利用することとし、他の業務に利用することはありません。

Sheet 記入上注意点
A2: 児童福祉施設（保育所）監査資料記入上等の注意点
A4: １ | B4: 記入上の注意点等
B5: (1) | D5: 薄緑色 | H5: に着色されたセルの入力に当たっては、プルダウンメニューから該当内容を選択してください。
G7: プルダウンメニューは、セル右に表示されるボタンをマウスで押して開いてください。
D9: (例)
U10: 「異常なし」と「異常あり」から選択
U11: ※他の文字等は入力はできません。
B13: (2) | D13: 薄黄色 | H13: に着色されたセルの入力には、計算式が入力されています。
B15: (3) | D15: 資料作成後、資料のページ番号を「目次」ページに記載してください。
B17: (4) | D17: 付属資料の２ 時間帯別保育士配置表については、原則としてエクセルで作成してください。
D18: ※必要保育士数は、自動計算されます。
B20: (5) | D20: 監査資料は、原則として両面印刷したものを提出してください。
D21: ※監査資料は、クリップ止めし、ホッチキス止めはしないでください。
B23: (6) | D23: 該当しない項目については記載不要です。
A25: ２ | B25: シート構成（表紙・目次・記載例を除く）
B26: シート名 | E26: 内 容
B27: 1～8 | E27: １ 施設の概要 ２ 前回監査の指摘事項に対する改善状況 ３ 施設運営上の課題、質疑事項
E28: ４ 保育時間、開所日数等の状況 （1）保育時間設定の状況・（2）延長保育時間設定の状況・（3）保育時間短縮の状況・（4）休所の状況（日･祝 日・休日以外） ５ 保育児童及び定員の状況 （1）入所児童数の状況・（2）クラス編成の状況
E29: ６ 職員配置の状況 （1）職種別職員配置の状況・ （2）（1）以外の職員（保育補助者等）配置の状況・（3）嘱託医・嘱託歯科医の状況・（4）施設長の資格要件 ７ 職員の採用・退職・異動等の状況 （1）退職者の状況・（2）採用・転出・転入者の状況・（3）産休等職員及び代替職員の状況 ８ 職員の経験年数等の状況 （1）職員の経験年数等・（2）兼任職員の状況・ （3）社会保険等加入の状況・（4）正規職員の給与等の状況（民間保育所）
B30: 9（1） | E30: ９ 職員の勤務状況 （1）1日の勤務態様及び業務内容
B31: 9（2） | E31: ９ 職員の勤務状況 （2）4週間（1ヶ月）の勤務割（ 月分実績）
B32: 10～12 | E32: １０ 諸規程等及び帳簿等の整備状況 １１ 職員会議等の開催状況（前年度） １２ 就業規則制定等の状況 （1）就業規則の作成、届出等の状況・（2）労働基準監督署の指導状況
B33: 13～21 | E33: １３ 秘密保持等に関する措置状況 （1）守秘義務に関する措置状況・（2）個人情報保護に関する措置状況 １４ 健康管理（職員）の状況 （1）職員の健康診断の実施状況・（2）給食従事者等の検便実施状況 １５ 職員研修の状況（前年度） （1）施設内研修の状況（主要なもの）・（2）施設外研修の状況（主要なもの） １６ 福祉サービスの質の向上のための措置状況 （1）苦情解決のための取り組み状況・（2）第三者評価の実施状況・（3）運営委員会の状況
E34: １７ 地域における子育て支援等の状況 １８ 施設設備整備の状況 （1）施設設備の状況・(2)給水設備等の衛生管理の状況 １９ 安全管理の状況 （1）消防計画及び防火管理者の届出状況・（2）防災設備等の状況・（3）防災設備の保守点検の状況・（4）-1防災訓練の実施状況（前年度）・（4）-2非常災害に関する具体的計画・（5）非常災害時における関係機関及び地域団体との協力体制の状況・（6）施設管理責任者（施設長）不在時の安全管理体制の状況・（7）消防署の立入検査の状況・（8）交通安全指導の実施状況（前年度）・（9）屋内外（保育室、屋外遊戯場等）の状況及び遊具の安全点検実施状況・（10）散歩等の実施状況・（11）事故発生の状況・（12）安全計画の策定状況・（13）業務継続計画の策定状況
E35: ２０ 保育内容の状況 （1）全体的な計画・指導計画の作成状況・（2）自己評価の実施状況・（3）保護者との連携の状況・（4）行事の実施状況（前年度）・（5）一日の過ごし方 ２１ 健康管理（児童）の状況 （1）児童の健康診断の実施状況・（2）児童の健康状態の把握等の状況・（3）児童への与薬の状況・（4）感染症 予防対策等の状況
B36: 22・23 | E36: ２２ 給食の状況 （1）給食の実施状況・（2）給食日数の状況等（前年度）・（3）保健所の立入検査等の状況 ２３ 民間保育所における会計処理状況 （1）保護者からの費用徴収等の状況・（2）私的契約児の利用料の状況・（3）委託費の経理状況（前年度）

Sheet 目次
A1: 児童福祉施設（保育所）監査資料 目次
G3: ※ 資料作成後、資料のページ番号を記載してください。 | L3: （頁）
A5: １ 施設の概要 | I5: …………………………………
A7: ２ 前回監査の指摘事項に対する改善状況 | I7: ………………………………… | L7: =L5 -> 0
A9: ３ 施設運営上の課題、質疑事項 | I9: …………………………………
A11: ４ 保育時間、開所日数等の状況 | I11: …………………………………
B12: （1）保育時間設定の状況
B13: （2）延長保育時間設定の状況
B14: （3）保育時間短縮の状況
B15: （4）休所の状況（日･祝日・休日以外）
A17: ５ 保育児童及び定員の状況
B18: （1）入所児童数の状況 | I18: …………………………………
B19: （2）クラス編成の状況
A21: ６ 職員配置の状況
B22: （1）職種別職員配置の状況 | I22: …………………………………
B23: （2）（1）以外の職員（保育補助者等）配置の状況
B24: （3）嘱託医・嘱託歯科医の状況
B25: （4）施設長の資格要件
A27: ７ 職員の採用・退職・異動等の状況 | I27: …………………………………
B28: （1）退職者の状況
B29: （2）採用・転出・転入者の状況
B30: （3）産休等職員及び代替職員の状況
A32: ８ 職員の経験年数等の状況 | I32: …………………………………
B33: （1）職員の経験年数等
B34: （2）兼任職員の状況
B35: （3）社会保険等加入の状況
B36: （4）正規職員の給与等の状況（民間保育所）
A38: ９ 職員の勤務状況 | I38: …………………………………
B39: （1）1日の勤務態様及び業務内容
B40: （2）4週間（1ヶ月）の勤務割（ 月分実績）
A42: １０ 諸規程等及び帳簿等の整備状況 | I42: …………………………………
A44: １１ 職員会議等の開催状況（前年度） | I44: …………………………………
A46: １２ 就業規則制定等の状況（民間保育所） | I46: ………………………………… | L46: =L44 -> 0
B47: （1）就業規則の作成、届出等の状況
B48: （2）労働基準監督署の指導状況
A50: １３ 秘密保持等に関する措置状況 | I50: …………………………………
B51: （1）守秘義務に関する措置状況
B52: （2）個人情報保護に関する措置状況
L53: （頁）
A54: １４ 健康管理（職員）の状況 | I54: ………………………………… | L54: =L50 -> 0
B55: （1）職員の健康診断の実施状況
B56: （2）給食従事者等の検便実施状況
A58: １５ 職員研修の状況（前年度） | I58: …………………………………
B59: （1）施設内研修の状況（主要なもの）
B60: （2）施設外研修の状況（主要なもの）
A62: １６ 福祉サービスの質の向上のための措置状況 | I62: …………………………………
B63: （1）苦情解決のための取り組み状況
B64: （2）第三者評価の実施状況
B65: （3）運営委員会の状況
A67: １７ 地域における子育て支援等の状況 | I67: …………………………………
A69: １８ 施設設備整備の状況 | I69: …………………………………
B70: （1）施設設備の状況
B71: （2）給水設備等の衛生管理の状況
A73: １９ 安全管理の状況 | I73: ………………………………… | L73: =L69+1 -> 1
B74: （1）消防計画及び防火管理者の届出状況
B75: （2）防災設備等の状況
B76: （3）防災設備の保守点検の状況
B77: （4-1）防災訓練の実施状況（前年度）
B78: （4-2）非常災害に関する具体的計画
B79: （5）非常災害時における関係機関及び地域団体との協力体制の状況
B80: （6）施設管理責任者（施設長）不在時の安全管理体制の状況
B81: （7）消防署の立入検査の状況
B82: （8）交通安全指導の実施状況（前年度）
B83: （9）屋内外（保育室、屋外遊戯場等）の状況及び遊具の安全点検実施状況
B84: （10）散歩等の実施状況
B85: （11）事故発生の状況
... B87: （13）業務継続計画の策定状況
A89: ２０ 保育内容の状況 | I89: …………………………………
B90: （1）全体的な計画・指導計画の作成状況
B91: （2）自己評価の実施状況
B92: （3）保護者との連携の状況
B93: （4）行事の実施状況（前年度）
B94: （5）一日の過ごし方
A96: ２１ 健康管理（児童）の状況
B97: （1）児童の健康診断の実施状況 | I97: …………………………………
B98: （2）児童の健康状態の把握等の状況
B99: （3）児童への与薬の状況
B100: （4）感染症予防対策等の状況
A102: ２２ 給食の状況 | I102: …………………………………
B103: （1）給食の実施状況
B104: （2）給食日数の状況等（前年度）
B105: （3）保健所の立入検査等の状況
A107: ２３ 民間保育所における会計処理状況 | I107: …………………………………
B108: （1）保護者からの費用徴収等の状況
B109: （2）私的契約児の利用料の状況
B110: （3）委託費の経理状況（前年度）
A112: ◎ 資料記入上の注意点
B113: （1）監査資料作成基準日は、監査日の属する月の前月の初日としてください。
B114: ただし、監査日が月の１０日以前の日の場合には、監査日の属する月の前々月の初日としてください。
B115: （2）監査資料の各記入項目について、別途要件を満たした資料等がある場合には、当該資料等の添付により代替して差し
B116: 支えありません。
B117: （3）該当しない部分は記載を省略して差し支えありません。
A119: ◎ 添付書類（以下の書類を添付してください）
B120: （1）施設パンフレット等
B121: （2）施設平面図
C122: （注）1 屋内消火栓及び消火器の位置・避難経路・避難器具の設置場所を記入してください。
C123: （凡例） | D123: 屋内消火栓 | E123: □
D124: 消火器 | E124: ○
D125: 避難器具 | E125: △
C126: 2 併設施設がある場合には、その施設の位置関係がわかる平面図を添付してください。
...

Sheet 1～8
AB1: =表紙!D28 -> 保育所（園）
A2: 1 | B2: 施設の概要
B3: （ふりがな） 施 設 名
B5: 所 在 地 | F5: 〒 | I5: -
B7: 電話番号 （FAX番号） | U7: メ ー ル アドレス
B8: 設 置 者 | U8: 運営主体
B10: 施設長名 | U10: 認可（届出） 年 月 日
B11: 認可定員 の 推 移 | F11: 当初定員 | I11: 変更年度 | L11: 定 員 | O11: 変更年度 | R11: 定 員 | V11: （注） | X11: 「認可定員の推移」欄において、定員変更が、3回以上行われている場合には、直近の2回について記入してください。
H12: 人 | N12: 人 | T12: 人
B13: 現員 | F13: 計 | I13: =M13+Q13+U13 -> 0 | K13: 人 | L13: １号 | O13: 人 | P13: ２号 | S13: 人 | T13: ３号 | W13: 人
B14: 区分毎の 利用定員 | F14: 乳児 | K14: 人 | L14: 満３歳に満 たない幼児 | Q14: 人 | R14: 満３歳以 上の幼児 | W14: 人 | Z14: =+AD14+AH14 -> 0
A16: 2 | B16: 前回監査の指摘事項に対する改善状況 | W16: 〔 | X16: 前年度監査 | AC16: 実地監査 ・ 書面監査 | AJ16: 〕
B17: 指 摘 事 項 | L17: 改 善 措 置 状 況 | Y17: 未 改 善 の 理 由 | AH17: 確認（※）
AA30: （※）欄には記入しないこと。
A32: 3 | B32: 施設運営上の課題、質疑事項
B33: 課 題
B38: 質 疑 事 項
AB43: =表紙!D28 -> 保育所（園）
A44: 4 | B44: 保育時間、開所日数等の状況
A45: (1) | B45: 保育時間設定の状況
B46: ①保育標準時間 | L46: ②保育短時間 | V46: ③開所時間 | AC46: ○ 保育所における保育時間は、１日につき８時間を原則とし、その地方における乳児又は幼児の保護者の労働時間その他家庭の状況等を考慮して、保育所の長がこれを定める。 ○ 延長保育時間とは11時間の開所時間の前後の時間において、さらに延長して保育する時間をいう。 ○ 保育所運営費国庫負担金の算定において、開所日とは、日曜日、国民の祝日及び休日を除いた日としている。
B47: 区 分 | D47: 開始時間 | H47: 終了時間 | L47: 区 分 | N47: 開始時間 | Q47: 終了時間 | V47: 区 分 | X47: 開所時間
B48: 平 日 | D48: 時 分 | G48: 時 分 | L48: 平 日 | N48: 時 分 | Q48: 時 分 | V48: 平 日 | X48: 時間 分
B49: 土曜日 | D49: 時 分 | G49: 時 分 | L49: 土曜日 | N49: 時 分 | Q49: 時 分 | V49: 土曜日 | X49: 時間 分
B50: （注）土曜日を８時間未満としている場合は、（3）に
B51: 短縮の状況を記入してください。
A53: (2) | B53: 延長保育時間設定の状況
B54: ①保育標準時間 | R54: ②保育短時間
B55: 区 分 | F55: 開始時間 | I55: 終了時間 | L55: 延長保育時間 | R55: 区 分 | V55: 開始時間 | Y55: 終了時間 | AB55: 延長保育時間
B56: 平 日 | D56: 早朝 | F56: 時 分 | I56: 時 分 | L56: 時間 分 | R56: 平 日 | T56: 早朝 | V56: 時 分 | Y56: 時 分 | AB56: 時間 分
D57: 夕方 | F57: 時 分 | I57: 時 分 | L57: 時間 分 | T57: 夕方 | V57: 時 分 | Y57: 時 分 | AB57: 時間 分
B58: 土曜日 | D58: 早朝 | F58: 時 分 | I58: 時 分 | L58: 時間 分 | R58: 土曜日 | T58: 早朝 | V58: 時 分 | Y58: 時 分 | AB58: 時間 分
D59: 夕方 | F59: 時 分 | I59: 時 分 | L59: 時間 分 | T59: 夕方 | V59: 時 分 | Y59: 時 分 | AB59: 時間 分
A61: (3) | B61: 保育時間短縮の状況
B62: 実施日又は曜日 | G62: 開始時間と終了時間 | L62: 保育時間 | P62: 短縮した（している）理由等 | AE62: 保育需要調査 | AH62: 保護者への通知
B63: 例 | C63: 土 曜 日 | G63: ○：○○ | I63: ～ | J63: ×：×× | L63: △：△△ | P63: 保育需要による。ただし、希望者は通常どおり保育している。 | AE63: 有 | AI63: 有
D64: 曜 | E64: 日 | I64: ～ | L64: =J64-G64 -> 0 | AE64: 有 ・ 無 | AH64: 有 ・ 無
B65: 年 月 日 | I65: ～ | L65: =J65-G65 -> 0 | AE65: 有 ・ 無 | AH65: 有 ・ 無
B66: 年 月 日 | I66: ～ | L66: =J66-G66 -> 0 | AE66: 有 ・ 無 | AH66: 有 ・ 無
B67: 年 月 日 | I67: ～ | L67: =J67-G67 -> 0 | AE67: 有 ・ 無 | AH67: 有 ・ 無
A68: （注） | C68: 1 | D68: 保育時間を短縮（８時間未満）している場合に記入してください。
C69: 2 | D69: 「保育需要調査等」欄には、事前の需要調査を実施している場合、有としてください。また、「保護者への通知」欄には、やむを得ない
D70: 事情による場合で保護者等への周知を行っている場合には、有としてください。（以下同じ。）
A72: (4) | B72: 休所の状況（日･祝日・休日以外）
B73: 区 分 | G73: 休所の期間 | P73: 休日とした（している）理由等 | AE73: 保育需要調査 | AH73: 保護者への通知
B74: 例 | C74: お 盆 時 | G74: H○○.８.１３ ～ H○○.８.１６ | P74: 左記期間の登園希望者がなかったため。 | AE74: 有 | AI74: 有
G75: ～ | AE75: 有 ・ 無 | AH75: 有 ・ 無
G76: ～ | AE76: 有 ・ 無 | AH76: 有 ・ 無
G77: ～ | AE77: 有 ・ 無 | AH77: 有 ・ 無
G78: ～ | AE78: 有 ・ 無 | AH78: 有 ・ 無
B79: 年末・年始休所 | G79: ～
AB83: =表紙!D28 -> 保育所（園）
A84: 5 | B84: 保育児童及び定員の状況
A85: (1) | B85: 入所児童数の状況
B86: ア 前年度入所児童数 | AJ86: 単位：人、％
B87: 区分 | E87: 初 日 在 籍 児 童 数 | W87: 認可 定員 | Z87: 在所率 | AB87: 障がい児数 （再掲） | AH87: 一時預か り事業 児童数
B88: 月 | E88: 0歳 | H88: 1･2歳 | K88: 3歳 | N88: 4歳以上 | Q88: 短時間 利用児 （再掲） | T88: 計 a | AB88: 中度 | AE88: 軽度
B89: 記載例 | C89: ○月 | E89: 10 | G89: 1 | H89: 21 | J89: 2 | K89: 30 | M89: 3 | N89: 20 | P89: 4 | Q89: 20 | T89: =IF(SUM(G89,J89,M89,P89)>0,SUM(G89,J89,M89,P89),"（ ）") -> 10 | W89: 90 | Z89: =IF(AND(ISERR(T89+T90),T90=0),0,(T90)/W89) -> 0.9 | AB89: 1 | AE89: 1 | AH89: 5
K90: 28 | M90: ( ) | N90: 16 | P90: ( ) | T90: =SUM(E89,H89,K89,N89) -> 81
B91: 4 月 | T91: =IF(SUM(G91,J91,M91,P91)>0,SUM(G91,J91,M91,P91),"（ ）") -> （ ） | W91: =IF(AND(ISERR(T91+T92),T92=0),0,(T92)/#REF!) -> 0 | Z91: =IF(AND(ISERR(T91+T92),T92=0),0,(T92)/#REF!) -> 0
T92: =SUM(E91,H91,K91,N91) -> 0
B93: 5 月 | T93: =IF(SUM(G93,J93,M93,P93)>0,SUM(G93,J93,M93,P93),"（ ）") -> （ ） | W93: =IF(AND(ISERR(T93+T94),T94=0),0,(T94)/#REF!) -> 0 | Z93: =IF(AND(ISERR(T93+T94),T94=0),0,(T94)/W93) -> 0
T94: =SUM(E93,H93,K93,N93) -> 0
B95: 6 月 | T95: =IF(SUM(G95,J95,M95,P95)>0,SUM(G95,J95,M95,P95),"（ ）") -> （ ） | W95: 0 | Z95: =IF(AND(ISERR(T95+T96),T96=0),0,(T96)/W95) -> 0
T96: =SUM(E95,H95,K95,N95) -> 0
B97: 7 月 | T97: =IF(SUM(G97,J97,M97,P97)>0,SUM(G97,J97,M97,P97),"（ ）") -> （ ） | W97: 0 | Z97: =IF(AND(ISERR(T97+T98),T98=0),0,(T98)/W97) -> 0
T98: =SUM(E97,H97,K97,N97) -> 0
B99: 8 月 | T99: =IF(SUM(G99,J99,M99,P99)>0,SUM(G99,J99,M99,P99),"（ ）") -> （ ） | W99: 0 | Z99: =IF(AND(ISERR(T99+T100),T100=0),0,(T100)/W99) -> 0
T100: =SUM(E99,H99,K99,N99) -> 0
B101: 9 月 | T101: =IF(SUM(G101,J101,M101,P101)>0,SUM(G101,J101,M101,P101),"（ ）") -> （ ） | W101: 0 | Z101: =IF(AND(ISERR(T101+T102),T102=0),0,(T102)/W101) -> 0
T102: =SUM(E101,H101,K101,N101) -> 0
B103: 10 月 | T103: =IF(SUM(G103,J103,M103,P103)>0,SUM(G103,J103,M103,P103),"（ ）") -> （ ） | W103: 0 | Z103: =IF(AND(ISERR(T103+T104),T104=0),0,(T104)/W103) -> 0
T104: =SUM(E103,H103,K103,N103) -> 0
B105: 11 月 | T105: =IF(SUM(G105,J105,M105,P105)>0,SUM(G105,J105,M105,P105),"（ ）") -> （ ） | W105: 0 | Z105: =IF(AND(ISERR(T105+T106),T106=0),0,(T106)/W105) -> 0
T106: =SUM(E105,H105,K105,N105) -> 0
B107: 12 月 | T107: =IF(SUM(G107,J107,M107,P107)>0,SUM(G107,J107,M107,P107),"（ ）") -> （ ） | W107: 0 | Z107: =IF(AND(ISERR(T107+T108),T108=0),0,(T108)/W107) -> 0
T108: =SUM(E107,H107,K107,N107) -> 0
B109: 1 月 | T109: =IF(SUM(G109,J109,M109,P109)>0,SUM(G109,J109,M109,P109),"（ ）") -> （ ） | W109: 0 | Z109: =IF(AND(ISERR(T109+T110),T110=0),0,(T110)/W109) -> 0
T110: =SUM(E109,H109,K109,N109) -> 0
B111: 2 月 | T111: =IF(SUM(G111,J111,M111,P111)>0,SUM(G111,J111,M111,P111),"（ ）") -> （ ） | W111: 0 | Z111: =IF(AND(ISERR(T111+T112),T112=0),0,(T112)/W111) -> 0
T112: =SUM(E111,H111,K111,N111) -> 0
B113: 3 月 | T113: =IF(SUM(G113,J113,M113,P113)>0,SUM(G113,J113,M113,P113),"（ ）") -> （ ） | W113: 0 | Z113: =IF(AND(ISERR(T113+T114),T114=0),0,(T114)/W113) -> 0
T114: =SUM(E113,H113,K113,N113) -> 0
B115: 合計 | E115: =SUM(E91:F114) -> 0 | G115: =IF(SUM(G91,G93,G95,G97,G99,G101,G103,G105,G107,G109,G111,G113)>0,SUM(G91,G93,G95,G97,G99,G101,G103,G105,G107,G109,G111,G113),"( )") -> ( ) | H115: =+H91+H93+H95+H97+H99+H101+H103+H105+H107+H109+H111+H113 -> 0 | J115: =IF(SUM(J91,J93,J95,J97,J99,J101,J103,J105,J107,J109,J111,J113)>0,SUM(J91,J93,J95,J97,J99,J101,J103,J105,J107,J109,J111,J113),"( )") -> ( ) | K115: =+K91+K93+K95+K97+K99+K101+K103+K105+K107+K109+K111+K113 -> 0 | M115: =IF(SUM(M91,M93,M95,M97,M99,M101,M103,M105,M107,M109,M111,M113)>0,SUM(M91,M93,M95,M97,M99,M101,M103,M105,M107,M109,M111,M113),"( )") -> ( ) | N115: =+N91+N93+N95+N97+N99+N101+N103+N105+N107+N109+N111+N113 -> 0 | P115: =IF(SUM(P91,P93,P95,P97,P99,P101,P103,P105,P107,P109,P111,P113)>0,SUM(P91,P93,P95,P97,P99,P101,P103,P105,P107,P109,P111,P113),"( )") -> ( ) | Q115: =IF(SUM(Q91:S114)>0,SUM(Q91:S114),"｢ ｣") -> ｢ ｣ | T115: =IF(SUM(G115,J115,M115,P115)>0,SUM(G115,J115,M115,P115),"（ ）") -> （ ） | W115: =SUM(W91:Y114) -> 0
T116: =SUM(E115,H115,K115,N115) -> 0
B117: ・年間平均在所率 児童数の合計（aの合計）÷定員の合計（毎月初日の定員数の合計）＝ | AB117: =T116/W115*100 -> #DIV/0! | AI117: ％
A118: （注） | C118: 1 | D118: 「初日在籍児童数」欄は、年度の初日の前日の児童年齢により区分して記入してください。
C119: 2 | D119: 私的契約児（児童福祉法第24条による入所以外の児童）数については、（ ）書き（外数）としてください。ただし、私的契約児のうち
D120: 認定こども園（保育所型）である保育所における短時間利用児数については、「短時間利用児」欄に記「」書き）としてください。
D121: 特別利用保育を提供する場合は、特別利用保育を利用する１号認定児童の数を在籍児童数に含めてください。
C122: 3 | D122: 「短時間利用児」端は、０歳～４歳以上の欄の合計を再掲してください。
C123: 4 | D123: 「障がい児数（再掲）」欄には、次に示す障がいの程度の基準により区分して、当該月の保育児童数を記入してください。
D124: ① | E124: 中度 特別児童扶養手当等の支給に関する法律基づく特別児童扶養手の支給対象障がい児（所得により支給を停止されている場合を含む。）
E125: ※障がいの程度が①に示す内容と同程度であると判断される児童を含む。
D126: ② | E126: 軽度 ①を除く障がい児
C127: 5 | D127: 「一時預かり事業児童数」欄には、当該月の保育児童数（非在籍児）を記入してください。
AB128: =表紙!D28 -> 保育所（園）
B129: イ 本年度入所児童数 | AJ129: 単位：人、％
B130: 区分 | E130: 初 日 在 籍 児 童 数 | W130: 認可 定員 | Z130: 在所率 | AB130: 障がい児数 （再掲） | AH130: 一時預か り事業 児童数
B131: 月 | E131: 0歳 | H131: 1･2歳 | K131: 3歳 | N131: 4歳以上 | Q131: 短時間 利用児 （再掲） | T131: 計 | AB131: 中度 | AE131: 軽度
...

Sheet 9（1）
AM1: =表紙!D28 -> 保育所（園）
A2: ９ | B2: 職員の勤務状況
A3: (1) | B3: 1日の勤務態様及び業務内容 （平日） | AV3: 〔職種別： 〕
B4: 時 間 | F4: 6 | H4: 7 | J4: 8 | L4: 9 | N4: 10 | P4: 11 | R4: 12 | T4: 13 | V4: 14 | X4: 15 | Z4: 16 | AB4: 17 | AD4: 18 | AF4: 19 | AH4: 20 | AK4: 始業時間 | AN4: 勤務時間
B5: 勤務形態 | F5: 時 | H5: 時 | J5: 時 | L5: 時 | N5: 時 | P5: 時 | R5: 時 | T5: 時 | V5: 時 | X5: 時 | Z5: 時 | AB5: 時 | AD5: 時 | AF5: 時 | AH5: 時 | AK5: 終業時間 | AN5: 実働 | AQ5: 休憩 | AT5: 計
B78: 日 課
B84: 業務内容
B90: （土曜日）
B91: 時 間 | F91: 6 | H91: 7 | J91: 8 | L91: 9 | N91: 10 | P91: 11 | R91: 12 | T91: 13 | V91: 14 | X91: 15 | Z91: 16 | AB91: 17 | AD91: 18 | AF91: 19 | AH91: 20 | AK91: 始業時間 | AN91: 勤務時間
B92: 勤務形態 | F92: 時 | H92: 時 | J92: 時 | L92: 時 | N92: 時 | P92: 時 | R92: 時 | T92: 時 | V92: 時 | X92: 時 | Z92: 時 | AB92: 時 | AD92: 時 | AF92: 時 | AH92: 時 | AK92: 終業時間 | AN92: 実働 | AQ92: 休憩 | AT92: 計
B135: 日 課
B141: 業務内容
A147: （注） | C147: 1 | D147: 本表は、施設長・保育士・調理員・用務員等の職種別に別葉として業務の実態を記入してください。
C148: 2 | D148: 保育士、調理員については、正規職員、臨時職員、パートタイム職員の全てを記入してください。
B149: ● 確 認 事 項
C150: ① | D150: 請求があった場合、育児時間を適正に付与していますか。 | AP150: 〔 | AQ150: い る ・ いない | AV150: 〕

Sheet 9（2）
AN1: =表紙!D28 -> 保育所（園）
A2: (2) | B2: 4週間（1ヶ月）の勤務割（ 月分実績） | AU2: 〔職種別： 〕
A3: 曜 日 | AH3: 日 数 計 | AT3: 実労働 時間合計 | AU3: １週間当 り平均労 働時間数
C4: 月 | D4: 月 | E4: 月 | F4: 月 | G4: 月 | H4: 月 | I4: 月 | J4: 月 | K4: 月 | L4: 月 | M4: 月 | N4: 月 | O4: 月 | P4: 月 | Q4: 月 | R4: 月 | S4: 月 | T4: 月 | U4: 月 | V4: 月 | W4: 月 | X4: 月 | Y4: 月 | Z4: 月 | AA4: 月 | AB4: 月 | AC4: 月 | AD4: 月 | AE4: 月 | AF4: 月 | AG4: 月
AH5: A | AI5: B | AJ5: C | AK5: D | AL5: E | AM5: F | AN5: G | AO5: H | AP5: Ｉ | AQ5: 休 | AR5: 年 | AS5: 計
A6: 職員名 | C6: 日 | D6: 日 | E6: 日 | F6: 日 | G6: 日 | H6: 日 | I6: 日 | J6: 日 | K6: 日 | L6: 日 | M6: 日 | N6: 日 | O6: 日 | P6: 日 | Q6: 日 | R6: 日 | S6: 日 | T6: 日 | U6: 日 | V6: 日 | W6: 日 | X6: 日 | Y6: 日 | Z6: 日 | AA6: 日 | AB6: 日 | AC6: 日 | AD6: 日 | AE6: 日 | AF6: 日 | AG6: 日
C8: 曜 | D8: 曜 | E8: 曜 | F8: 曜 | G8: 曜 | H8: 曜 | I8: 曜 | J8: 曜 | K8: 曜 | L8: 曜 | M8: 曜 | N8: 曜 | O8: 曜 | P8: 曜 | Q8: 曜 | R8: 曜 | S8: 曜 | T8: 曜 | U8: 曜 | V8: 曜 | W8: 曜 | X8: 曜 | Y8: 曜 | Z8: 曜 | AA8: 曜 | AB8: 曜 | AC8: 曜 | AD8: 曜 | AE8: 曜 | AF8: 曜 | AG8: 曜
AH9: =COUNTIF(C9:AG9,$AH$5) -> 0 | AI9: =COUNTIF(C9:AG9,$AI$5) -> 0 | AJ9: =COUNTIF(C9:AG9,$AJ$5) -> 0 | AK9: =COUNTIF(C9:AG9,$AK$5) -> 0 | AL9: =COUNTIF(C9:AG9,$AL$5) -> 0 | AM9: =COUNTIF(C9:AG9,$AM$5) -> 0 | AN9: =COUNTIF(C9:AG9,$AN$5) -> 0 | AO9: =COUNTIF(C9:AG9,$AO$5) -> 0 | AP9: =COUNTIF(C9:AG9,$AP$5) -> 0 | AQ9: =COUNTIF(C9:AG9,$AQ$5) -> 0 | AR9: =COUNTIF(C9:AG9,$AR$5) -> 0 | AS9: =SUM(AH9:AR9) -> 0
AH10: =COUNTIF(C10:AG10,$AH$5) -> 0 | AI10: =COUNTIF(C10:AG10,$AI$5) -> 0 | AJ10: =COUNTIF(C10:AG10,$AJ$5) -> 0 | AK10: =COUNTIF(C10:AG10,$AK$5) -> 0 | AL10: =COUNTIF(C10:AG10,$AL$5) -> 0 | AM10: =COUNTIF(C10:AG10,$AM$5) -> 0 | AN10: =COUNTIF(C10:AG10,$AN$5) -> 0 | AO10: =COUNTIF(C10:AG10,$AO$5) -> 0 | AP10: =COUNTIF(C10:AG10,$AP$5) -> 0 | AQ10: =COUNTIF(C10:AG10,$AQ$5) -> 0 | AR10: =COUNTIF(C10:AG10,$AR$5) -> 0 | AS10: =SUM(AH10:AR10) -> 0
AH11: =COUNTIF(C11:AG11,$AH$5) -> 0 | AI11: =COUNTIF(C11:AG11,$AI$5) -> 0 | AJ11: =COUNTIF(C11:AG11,$AJ$5) -> 0 | AK11: =COUNTIF(C11:AG11,$AK$5) -> 0 | AL11: =COUNTIF(C11:AG11,$AL$5) -> 0 | AM11: =COUNTIF(C11:AG11,$AM$5) -> 0 | AN11: =COUNTIF(C11:AG11,$AN$5) -> 0 | AO11: =COUNTIF(C11:AG11,$AO$5) -> 0 | AP11: =COUNTIF(C11:AG11,$AP$5) -> 0 | AQ11: =COUNTIF(C11:AG11,$AQ$5) -> 0 | AR11: =COUNTIF(C11:AG11,$AR$5) -> 0 | AS11: =SUM(AH11:AR11) -> 0
AH12: =COUNTIF(C12:AG12,$AH$5) -> 0 | AI12: =COUNTIF(C12:AG12,$AI$5) -> 0 | AJ12: =COUNTIF(C12:AG12,$AJ$5) -> 0 | AK12: =COUNTIF(C12:AG12,$AK$5) -> 0 | AL12: =COUNTIF(C12:AG12,$AL$5) -> 0 | AM12: =COUNTIF(C12:AG12,$AM$5) -> 0 | AN12: =COUNTIF(C12:AG12,$AN$5) -> 0 | AO12: =COUNTIF(C12:AG12,$AO$5) -> 0 | AP12: =COUNTIF(C12:AG12,$AP$5) -> 0 | AQ12: =COUNTIF(C12:AG12,$AQ$5) -> 0 | AR12: =COUNTIF(C12:AG12,$AR$5) -> 0 | AS12: =SUM(AH12:AR12) -> 0
AH13: =COUNTIF(C13:AG13,$AH$5) -> 0 | AI13: =COUNTIF(C13:AG13,$AI$5) -> 0 | AJ13: =COUNTIF(C13:AG13,$AJ$5) -> 0 | AK13: =COUNTIF(C13:AG13,$AK$5) -> 0 | AL13: =COUNTIF(C13:AG13,$AL$5) -> 0 | AM13: =COUNTIF(C13:AG13,$AM$5) -> 0 | AN13: =COUNTIF(C13:AG13,$AN$5) -> 0 | AO13: =COUNTIF(C13:AG13,$AO$5) -> 0 | AP13: =COUNTIF(C13:AG13,$AP$5) -> 0 | AQ13: =COUNTIF(C13:AG13,$AQ$5) -> 0 | AR13: =COUNTIF(C13:AG13,$AR$5) -> 0 | AS13: =SUM(AH13:AR13) -> 0
AH14: =COUNTIF(C14:AG14,$AH$5) -> 0 | AI14: =COUNTIF(C14:AG14,$AI$5) -> 0 | AJ14: =COUNTIF(C14:AG14,$AJ$5) -> 0 | AK14: =COUNTIF(C14:AG14,$AK$5) -> 0 | AL14: =COUNTIF(C14:AG14,$AL$5) -> 0 | AM14: =COUNTIF(C14:AG14,$AM$5) -> 0 | AN14: =COUNTIF(C14:AG14,$AN$5) -> 0 | AO14: =COUNTIF(C14:AG14,$AO$5) -> 0 | AP14: =COUNTIF(C14:AG14,$AP$5) -> 0 | AQ14: =COUNTIF(C14:AG14,$AQ$5) -> 0 | AR14: =COUNTIF(C14:AG14,$AR$5) -> 0 | AS14: =SUM(AH14:AR14) -> 0
AH15: =COUNTIF(C15:AG15,$AH$5) -> 0 | AI15: =COUNTIF(C15:AG15,$AI$5) -> 0 | AJ15: =COUNTIF(C15:AG15,$AJ$5) -> 0 | AK15: =COUNTIF(C15:AG15,$AK$5) -> 0 | AL15: =COUNTIF(C15:AG15,$AL$5) -> 0 | AM15: =COUNTIF(C15:AG15,$AM$5) -> 0 | AN15: =COUNTIF(C15:AG15,$AN$5) -> 0 | AO15: =COUNTIF(C15:AG15,$AO$5) -> 0 | AP15: =COUNTIF(C15:AG15,$AP$5) -> 0 | AQ15: =COUNTIF(C15:AG15,$AQ$5) -> 0 | AR15: =COUNTIF(C15:AG15,$AR$5) -> 0 | AS15: =SUM(AH15:AR15) -> 0
AH16: =COUNTIF(C16:AG16,$AH$5) -> 0 | AI16: =COUNTIF(C16:AG16,$AI$5) -> 0 | AJ16: =COUNTIF(C16:AG16,$AJ$5) -> 0 | AK16: =COUNTIF(C16:AG16,$AK$5) -> 0 | AL16: =COUNTIF(C16:AG16,$AL$5) -> 0 | AM16: =COUNTIF(C16:AG16,$AM$5) -> 0 | AN16: =COUNTIF(C16:AG16,$AN$5) -> 0 | AO16: =COUNTIF(C16:AG16,$AO$5) -> 0 | AP16: =COUNTIF(C16:AG16,$AP$5) -> 0 | AQ16: =COUNTIF(C16:AG16,$AQ$5) -> 0 | AR16: =COUNTIF(C16:AG16,$AR$5) -> 0 | AS16: =SUM(AH16:AR16) -> 0
AH17: =COUNTIF(C17:AG17,$AH$5) -> 0 | AI17: =COUNTIF(C17:AG17,$AI$5) -> 0 | AJ17: =COUNTIF(C17:AG17,$AJ$5) -> 0 | AK17: =COUNTIF(C17:AG17,$AK$5) -> 0 | AL17: =COUNTIF(C17:AG17,$AL$5) -> 0 | AM17: =COUNTIF(C17:AG17,$AM$5) -> 0 | AN17: =COUNTIF(C17:AG17,$AN$5) -> 0 | AO17: =COUNTIF(C17:AG17,$AO$5) -> 0 | AP17: =COUNTIF(C17:AG17,$AP$5) -> 0 | AQ17: =COUNTIF(C17:AG17,$AQ$5) -> 0 | AR17: =COUNTIF(C17:AG17,$AR$5) -> 0 | AS17: =SUM(AH17:AR17) -> 0
AH18: =COUNTIF(C18:AG18,$AH$5) -> 0 | AI18: =COUNTIF(C18:AG18,$AI$5) -> 0 | AJ18: =COUNTIF(C18:AG18,$AJ$5) -> 0 | AK18: =COUNTIF(C18:AG18,$AK$5) -> 0 | AL18: =COUNTIF(C18:AG18,$AL$5) -> 0 | AM18: =COUNTIF(C18:AG18,$AM$5) -> 0 | AN18: =COUNTIF(C18:AG18,$AN$5) -> 0 | AO18: =COUNTIF(C18:AG18,$AO$5) -> 0 | AP18: =COUNTIF(C18:AG18,$AP$5) -> 0 | AQ18: =COUNTIF(C18:AG18,$AQ$5) -> 0 | AR18: =COUNTIF(C18:AG18,$AR$5) -> 0 | AS18: =SUM(AH18:AR18) -> 0
AH19: =COUNTIF(C19:AG19,$AH$5) -> 0 | AI19: =COUNTIF(C19:AG19,$AI$5) -> 0 | AJ19: =COUNTIF(C19:AG19,$AJ$5) -> 0 | AK19: =COUNTIF(C19:AG19,$AK$5) -> 0 | AL19: =COUNTIF(C19:AG19,$AL$5) -> 0 | AM19: =COUNTIF(C19:AG19,$AM$5) -> 0 | AN19: =COUNTIF(C19:AG19,$AN$5) -> 0 | AO19: =COUNTIF(C19:AG19,$AO$5) -> 0 | AP19: =COUNTIF(C19:AG19,$AP$5) -> 0 | AQ19: =COUNTIF(C19:AG19,$AQ$5) -> 0 | AR19: =COUNTIF(C19:AG19,$AR$5) -> 0 | AS19: =SUM(AH19:AR19) -> 0
AH20: =COUNTIF(C20:AG20,$AH$5) -> 0 | AI20: =COUNTIF(C20:AG20,$AI$5) -> 0 | AJ20: =COUNTIF(C20:AG20,$AJ$5) -> 0 | AK20: =COUNTIF(C20:AG20,$AK$5) -> 0 | AL20: =COUNTIF(C20:AG20,$AL$5) -> 0 | AM20: =COUNTIF(C20:AG20,$AM$5) -> 0 | AN20: =COUNTIF(C20:AG20,$AN$5) -> 0 | AO20: =COUNTIF(C20:AG20,$AO$5) -> 0 | AP20: =COUNTIF(C20:AG20,$AP$5) -> 0 | AQ20: =COUNTIF(C20:AG20,$AQ$5) -> 0 | AR20: =COUNTIF(C20:AG20,$AR$5) -> 0 | AS20: =SUM(AH20:AR20) -> 0
... AH28: =COUNTIF(C28:AG28,$AH$5) -> 0 | AI28: =COUNTIF(C28:AG28,$AI$5) -> 0 | AJ28: =COUNTIF(C28:AG28,$AJ$5) -> 0 | AK28: =COUNTIF(C28:AG28,$AK$5) -> 0 | AL28: =COUNTIF(C28:AG28,$AL$5) -> 0 | AM28: =COUNTIF(C28:AG28,$AM$5) -> 0 | AN28: =COUNTIF(C28:AG28,$AN$5) -> 0 | AO28: =COUNTIF(C28:AG28,$AO$5) -> 0 | AP28: =COUNTIF(C28:AG28,$AP$5) -> 0 | AQ28: =COUNTIF(C28:AG28,$AQ$5) -> 0 | AR28: =COUNTIF(C28:AG28,$AR$5) -> 0 | AS28: =SUM(AH28:AR28) -> 0
A29: 人 数 | B29: A | C29: =COUNTIF(C9:C28,$B$29) -> 0 | D29: =COUNTIF(D9:D28,$B$29) -> 0 | E29: =COUNTIF(E9:E28,$B$29) -> 0 | F29: =COUNTIF(F9:F28,$B$29) -> 0 | G29: =COUNTIF(G9:G28,$B$29) -> 0 | H29: =COUNTIF(H9:H28,$B$29) -> 0 | I29: =COUNTIF(I9:I28,$B$29) -> 0 | J29: =COUNTIF(J9:J28,$B$29) -> 0 | ... AG29: =COUNTIF(AG9:AG28,$B$29) -> 0 | AH29: 勤務形態の符号 | AS29: 週休制の状況
B30: B | C30: =COUNTIF(C9:C28,$B$30) -> 0 | D30: =COUNTIF(D9:D28,$B$30) -> 0 | E30: =COUNTIF(E9:E28,$B$30) -> 0 | F30: =COUNTIF(F9:F28,$B$30) -> 0 | G30: =COUNTIF(G9:G28,$B$30) -> 0 | H30: =COUNTIF(H9:H28,$B$30) -> 0 | I30: =COUNTIF(I9:I28,$B$30) -> 0 | J30: =COUNTIF(J9:J28,$B$30) -> 0 | ... AG30: =COUNTIF(AG9:AG28,$B$30) -> 0 | AI30: A= | AN30: 休= | AO30: 週休 | AS30: （該当するものを○を付すこと。)
B31: C | C31: =COUNTIF(C9:C28,$B$31) -> 0 | D31: =COUNTIF(D9:D28,$B$31) -> 0 | E31: =COUNTIF(E9:E28,$B$31) -> 0 | F31: =COUNTIF(F9:F28,$B$31) -> 0 | G31: =COUNTIF(G9:G28,$B$31) -> 0 | H31: =COUNTIF(H9:H28,$B$31) -> 0 | I31: =COUNTIF(I9:I28,$B$31) -> 0 | J31: =COUNTIF(J9:J28,$B$31) -> 0 | ... AG31: =COUNTIF(AG9:AG28,$B$31) -> 0 | AI31: B= | AN31: 年= | AO31: 年休 | AT31: 4週6休
B32: D | C32: =COUNTIF(C9:C28,$B$32) -> 0 | D32: =COUNTIF(D9:D28,$B$32) -> 0 | E32: =COUNTIF(E9:E28,$B$32) -> 0 | F32: =COUNTIF(F9:F28,$B$32) -> 0 | G32: =COUNTIF(G9:G28,$B$32) -> 0 | H32: =COUNTIF(H9:H28,$B$32) -> 0 | I32: =COUNTIF(I9:I28,$B$32) -> 0 | J32: =COUNTIF(J9:J28,$B$32) -> 0 | ... AG32: =COUNTIF(AG9:AG28,$B$32) -> 0 | AI32: C= | AT32: 4週8休
B33: E | C33: =COUNTIF(C9:C28,$B$33) -> 0 | D33: =COUNTIF(D9:D28,$B$33) -> 0 | E33: =COUNTIF(E9:E28,$B$33) -> 0 | F33: =COUNTIF(F9:F28,$B$33) -> 0 | G33: =COUNTIF(G9:G28,$B$33) -> 0 | H33: =COUNTIF(H9:H28,$B$33) -> 0 | I33: =COUNTIF(I9:I28,$B$33) -> 0 | J33: =COUNTIF(J9:J28,$B$33) -> 0 | ... AG33: =COUNTIF(AG9:AG28,$B$33) -> 0 | AI33: D= | AN33: ※（1）表の勤務形 | AT33: 完全週休2日
B34: F | C34: =COUNTIF(C9:C28,$B$34) -> 0 | D34: =COUNTIF(D9:D28,$B$34) -> 0 | E34: =COUNTIF(E9:E28,$B$34) -> 0 | F34: =COUNTIF(F9:F28,$B$34) -> 0 | G34: =COUNTIF(G9:G28,$B$34) -> 0 | H34: =COUNTIF(H9:H28,$B$34) -> 0 | I34: =COUNTIF(I9:I28,$B$34) -> 0 | J34: =COUNTIF(J9:J28,$B$34) -> 0 | ... AG34: =COUNTIF(AG9:AG28,$B$34) -> 0 | AI34: E= | AN34: 態をA～○に区分 | AT34: その他
B35: G | C35: =COUNTIF(C9:C28,$B$35) -> 0 | D35: =COUNTIF(D9:D28,$B$35) -> 0 | E35: =COUNTIF(E9:E28,$B$35) -> 0 | F35: =COUNTIF(F9:F28,$B$35) -> 0 | G35: =COUNTIF(G9:G28,$B$35) -> 0 | H35: =COUNTIF(H9:H28,$B$35) -> 0 | I35: =COUNTIF(I9:I28,$B$35) -> 0 | J35: =COUNTIF(J9:J28,$B$35) -> 0 | ... AG35: =COUNTIF(AG9:AG28,$B$35) -> 0 | AI35: F= | AN35: して記入すること | AT35: （ ）
B36: H | C36: =COUNTIF(C9:C28,$B$36) -> 0 | D36: =COUNTIF(D9:D28,$B$36) -> 0 | E36: =COUNTIF(E9:E28,$B$36) -> 0 | F36: =COUNTIF(F9:F28,$B$36) -> 0 | G36: =COUNTIF(G9:G28,$B$36) -> 0 | H36: =COUNTIF(H9:H28,$B$36) -> 0 | I36: =COUNTIF(I9:I28,$B$36) -> 0 | J36: =COUNTIF(J9:J28,$B$36) -> 0 | ... AG36: =COUNTIF(AG9:AG28,$B$36) -> 0 | AI36: G=
B37: Ｉ | C37: =COUNTIF(C9:C28,$B$37) -> 0 | D37: =COUNTIF(D9:D28,$B$37) -> 0 | E37: =COUNTIF(E9:E28,$B$37) -> 0 | F37: =COUNTIF(F9:F28,$B$37) -> 0 | G37: =COUNTIF(G9:G28,$B$37) -> 0 | H37: =COUNTIF(H9:H28,$B$37) -> 0 | I37: =COUNTIF(I9:I28,$B$37) -> 0 | J37: =COUNTIF(J9:J28,$B$37) -> 0 | ... AG37: =COUNTIF(AG9:AG28,$B$37) -> 0 | AI37: H=
B38: 合計 | C38: =SUM(C29:C37) -> 0 | D38: =SUM(D29:D37) -> 0 | E38: =SUM(E29:E37) -> 0 | F38: =SUM(F29:F37) -> 0 | G38: =SUM(G29:G37) -> 0 | H38: =SUM(H29:H37) -> 0 | I38: =SUM(I29:I37) -> 0 | J38: =SUM(J29:J37) -> 0 | ... AG38: =SUM(AG29:AG37) -> 0 | AI38: I=
A39: （注） | B39: 1 | C39: 本表は、「所長・調理員等」、「保育士（週休、年休代替保育士及び短時間勤務の保育士を含む。）」についてそれぞれ別葉として作成してください。分園については、保育士についてのみ作成してください。
B40: 2 | C40: 本表は、監査資料作成基準日の属する月について、職員の勤務時間及び休日に関する条例、規則等で定められた期間における勤務割等状況を記入してください。なお、半日又は時間単位年休は考慮しなくて結構です。
B41: 3 | C41: 勤務割等状況は、職員別に｢勤務形態の符号｣欄の符号を記載してください。
B42: 4 | C42: ｢勤務形態の符号｣欄は前項（1）の勤務形態をA～○に区分して記入してください。（例：A=早番、B=普通等）

Sheet 10～12
AB1: =表紙!D28 -> 保育所（園）
A2: 10 | B2: 諸規程等及び帳簿等の整備状況
C3: 運営管理に関するもの | N3: 入所児の処遇に関するもの | Y3: 会計経理に関するもの
L4: 有 | M4: 無 | W4: 有 | X4: 無 | Y4: （民間保育所） | AH4: 有 | AI4: 無
B5: 規 程 | C5: 管理規程 | Y5: 経理規程
C6: 就業規則
C7: パートタイム職員就業規則
C8: セクシュアルハラスメント防止規程
C9: 給与規程
C10: 旅費規程
C11: 育児休業規程
C12: 介護休業規程
C13: 防災管理規程（消防計画）
C14: 個人情報保護規程
B15: 帳 簿 等 | C15: 労働者名簿 | N15: 児童票※ | O15: 保育経過の記録 | Y15: 不動産台帳（土地）
C16: 職員履歴書 | O16: 発育状況（体位測定）の記録 | Y16: 不動産台帳（建物）
C17: 資格証明書 | O17: 健康診断の記録 | Y17: 固定資産物品台帳
C18: 雇用通知書・辞令 | O18: 既往症等疾病の記録 | Y18: 備品台帳
C19: 嘱託医委嘱状・委託契約書 | O19: 保護者等家庭状況の記録 | Y19: 有価証券台帳
C20: 雇入関係書類 | N20: 児童出欠簿 | Y20: 借入金台帳
C21: 退職関係書類 | N21: 保育計画・指導計画書 | Y21: 貸付金台帳
C22: 出勤簿（タイムカードを含む。） | N22: 保育日誌 | Y22: 未収金台帳
C23: 給与台帳（賃金台帳） | N23: 視診簿 | Y23: 未払金台帳
C24: 時間外勤務命令簿 | N24: 遊具等点検記録 | Y24: 寄付金品台帳
C25: 出張命令簿 | N25: 交通安全指導記録 | Y25: 金銭残高金種別表
C26: 年次有給休暇簿 | N26: 給食会議録 | Y26: 小口現金出納帳
C27: 扶養届・通勤届・住居届 | N27: 給食献立表（予定・実施） | Y27: 預 金（普通） | AC27: ( | AF27: 口）
C28: 職員健康診断個人票 | N28: 保菌（検便）検査記録 | Y28: 〃 （定期） | AC28: ( | AF28: 口）
C29: 労基法関係許可・届出 | N29: 検食記録 | Y29: 〃 （当座）
C30: 業務分担表 | N30: 嗜好調査記録 | Y30: 財産目録
C31: 事務（業務）日誌 | N31: 残食調査記録 | Y31: 貸借対照表
C32: 職員会議録 | N32: 食品受払簿 | Y32: 収支決算書
C33: 運営委員会会議録 | N33: スキムミルク受払簿 | Y33: 決算附属明細表
C34: 施設内研修記録 | N34: 給食内容検討（栄養出納）表 | Y34: 預金残高証明書綴
C35: 研修等復命書 | N35: 給食栄養量算定表 | Y35: 当座勘定照合表
C36: 避難・消火訓練記録 | N36: 給食日誌 | Y36: 総勘定元帳（勘定表）
C37: 非常時連絡表（保護者勤務先等） | N37: 衛生管理点検記録 | Y37: 仕訳伝票（日記帳）
C38: 給食施設設置届出 | Y38: 試算表
C39: 調理委託契約書 | Y39: 領収書（支出）
Y40: 領収書控（収入）
Y41: 運営費請求書、精算書
Y42: 物品購入伺、受払簿
A44: （注） | C44: 諸規程・帳簿等の有無について、｢有｣｢無｣欄に○を付してください。
B45: ※ | C45: 入所児童の処遇の状況を明らかにする帳簿であって、名称は問いません。
B47: ● 確 認 事 項
C48: ① | D48: 労働者名簿、賃金台帳及び雇入、解雇、災害補償、賃金その他労働関係に関する重要な書類を３年間保存しているか。 | AD48: 〔 | AE48: い る ・ いない | AJ48: 〕
C50: ② | D50: 旅費規程の運用は適正ですか。 | AD50: 〔 | AE50: は い ・ いいえ | AJ50: 〕
C51: ③ | D51: 経理規程の運用は適正ですか。 | AD51: 〔 | AE51: は い ・ いいえ | AJ51: 〕
AB56: =表紙!D28 -> 保育所（園）
A57: １１ 職員会議等の開催状況（前年度）
B58: 会議等の名称 | I58: 参加職種 | Q58: 実施状況・実施日 | V58: 会 議 内 容
B59: 記載例 | C59: 職員会議 | I59: 全 職 員 | Q59: 月 1 回 | V59: 翌月実施行事打合せ等
C60: 指導計画策定会議 | I60: 全 職 員 | Q60: 年 4 回 （期 毎） | V60: 次期指導計画策定のための打合せ等
C61: 給食会議 | I61: 施設長、主任保育士 看護師、栄養士、調理員 | Q61: 月 1 回 | V61: 献立策定、衛生管理徹底等のための打合せ
C62: 事故防止対策検討会議 | I62: 全 職 員 | Q62: Ｒ○.○.○ | V62: 事故発生に伴う、報告及び再発防止策についての打合せ
A76: （注） | C76: 1 | D76: 職員会議・給食会議・定例ミーティング等各種会議の実施状況及び各種検討委員会等の活動状況について記載してください。
C77: 2 | D77: 会議等の内容については、主な議事内容を具体的に記載してください。
B79: ● 確 認 事 項
C80: ① | D80: 職員会議では、適切な施設の管理運営に関する必要な事項について十分協議し、職員間の情報の共有化が図られていますか。 | AD80: 〔 | AE80: い る ・ いない | AJ80: 〕
C82: ② | D82: 管理規程等に職務内容（事務分担）を規定するなどし、適切な施設の管理運営体制を整備していますか。 | AD82: 〔 | AE82: い る ・ いない | AJ82: 〕
C83: ③ | D83: 各種会議結果は、施設運営や児童処遇に活かされていますか。 | AD83: 〔 | AE83: い る ・ いない | AJ83: 〕
A85: １２ 就業規則制定等の状況 (民間保育所）※公設民営を含む。
B86: （1）就業規則の作成、届出等の状況
B87: 区 分 | W87: 届出又は協定締結年月日 | AD87: 職員への周知 | AL87: ○ 保育所は、次に掲げる施設の運営についての重要事項に関する規程を定めておかなければならない。 （県条例第87号第18条第2項） 一 施設の目的及び運営の方針 二 提供する保育の内容 三 職員の職種、員数及び職務の内容 四 保育の提供を行う日及び時間並びに提供を行わない日 五 保護者から受領する費用の種類、支払を求める理由及びその額 六 乳児、満三歳に満たない幼児及び満三歳以上の幼児の区分ごとの利用定員 七 保育所の利用の開始及び終了に関する事項並びに利用に当たっての留意事項 八 緊急時等における対応方法 九 非常災害対策 十 虐待の防止のための措置に関する事項 十一 保育所の運営に関する重要事項
B88: 就業規則（最終改定） | W88: ・ ・ | AE88: 有・無
B89: 非常勤職員就業規則（最終改定） | W89: ・ ・ | AE89: 有・無
B90: 時間外労働及び休日労働に関する協定届出（直近の協定届出） | W90: ・ ・ | AE90: 有・無
B91: 変形労働時間に関する協定届出（直近の協定届出） | W91: ・ ・ | AE91: 有・無
B92: 賃金控除協定書 | L92: ※法定外控除 | Q92: ： | R92: 有・無 | W92: ・ ・ | AE92: 有・無
B93: 賃金の口座振込みに関する協定書 | L93: ※口座振込の場合 | Q93: ： | R93: 同意書・協定書 | W93: ・ ・ | AE93: 有・無
B94: (注） | D94: 就業規則には、給与規程等を含んでください。
B95: （2）労働基準監督署の指導状況
B96: 実施年月日 | G96: 指摘指示等の内容 | V96: 左記に対する改善措置状況 | AL96: ○ 常時10人以上の労働者を使用する事業者は、就業規則を作成し、労働基準監督署に届出なければな らない。「就業規則への絶対的必要記載事項」の内容を変更する場合も同様である。 この場合の「労働者」には、いわゆる正規社員のほか、パートタイム労働者や臨時のアルバイト等 すべての者が含まれる。 ○ パートタイム労働者のように勤務の態様等から通常の労働者と異なった定めをする必要がある場合 には、通常の労働者に適用される就業規則のほかに、パートタイム労働者等一部の労働者のみに適 用される別個の就業規則を作成することとしても差し支えない。 なお、パートタイム労働者用の就業規則がない場合は、正規職員用に作成されている就業規則が、 パートタイム労働者にも適用されることになる。 ○ 時間外労働、休日労働が許されるためには、通常、事業所の労働者の過半数で組織されている労働 組合と書面による協定（３６協定）を結び、労働基準監督署に届けなければならない。 ○ １年単位又は１ヶ月単位の変形労働時間制に関する労使協定を締結する場合（１年単位の変形労働 時間制を採用する場合は必須。）には当該労使協定書を労働基準監督署に届出なければならない。 ※協定の通常の有効期間は１年である。（３６協定も同様。） ○ 労使間で「賃金控除に関する協定」が結ばれた場合は、賃金から法定外の控除をすることができ る。 ○ 賃金の口座振込を開始するには、書面による個々の労働者の申出又は同意及び書面による口座振込 にかかる労使協定が締結される必要がある。 ○ 就業規則（労働基準法及び労使協定等を含む。）は、各職場に掲示や書面による交付をする等によ り労働者に周知させなければならない。
B101: （注） | D101: 監査資料作成基準日の直近の検査結果等について記入してください。

Sheet 13～21
AB1: =表紙!D28 -> 保育所（園）
A2: 13 | B2: 秘密保持等に関する措置状況
A3: (1) | B3: 守秘義務に関する措置状況
B4: 区 分 | G4: 措置 | I4: 措 置 （ 規 定 等 ） の 方 法 | AG4: 退職（終了） 後の措置
B5: 正規職員 | G5: 有・無 | J5: 就業規則 | N5: 雇用通知書 | S5: 誓約書 | W5: その他 | Y5: 〔 | AF5: 〕 | AG5: 有・無
B6: 臨時・非常勤職員 | G6: 有・無 | J6: 就業規則 | N6: 雇用通知書 | S6: 誓約書 | W6: その他 | Y6: 〔 | AF6: 〕 | AG6: 有・無
B7: ボランティア等 | G7: 有・無 | J7: 誓約書 | N7: その他 | P7: 〔 | AF7: 〕 | AG7: 有・無
A9: (2) | B9: 個人情報保護に関する措置状況 | L9: ※平成29年5月30日から、すべての事業者に個人情報保護法が適用されています。
B10: 区 分 | N10: 該当等 | P10: 実 施 内 容 等
B11: 個人情報保護方針（プライバシーポリシー） | N11: 有・無 | P11: ※個人情報保護方針（プライバシーポリシー）の策定状況
B12: 個人情報保護規程 | N12: 有・無 | P12: ※個人情報保護規程の策定状況
B13: 個人情報保護管理者の設置 | N13: 有・無 | P13: 職 名 | Y13: 氏 名
B14: 具体的対策等 | C14: 収集時等の利用目的の特定・明示 | N14: 有・無 | P14: ※収集時又は利用目的変更時の特定・明示の状況
C15: 収集、利用、提供に当たっての保護者の同意 （事例がある場合のみ記入） | N15: 有・無 | P15: 収集時 | S15: 有・無 | U15: 目的外使用時 | AA15: 有・無 | AC15: 第三者への提供時 | AI15: 有・無
C16: 個人情報の安全管理対策 | N16: 有・無 | P16: ※個人データの適正管理
C17: 個人情報保護に関する問い合わせ窓口 | N17: 有・無 | P17: ※開示要求等への対応又は苦情への対応 等
C18: 個人情報保護体制の継続的改善 | N18: 有・無 | P18: ※個人情報保護規程の整備、職員教育 等
B19: 個人情報保護方針（プライバシーポリシー）等の公表 | N19: 有・無 | P19: （公表している場合の公表方法）
B22: ● 確 認 事 項
C23: ① | D23: 利用目的を、本人に通知又は公表していますか。 | AD23: 〔 | AE23: い る ・ いない | AJ23: 〕
C24: ② | D24: 利用する必要がなくなったときは、個人データを消去していますか。 | AD24: 〔 | AE24: い る ・ いない | AJ24: 〕
C25: ③ | D25: 本人から個人情報の開示を求められた場合は開示していますか。 | AD25: 〔 | AE25: い る ・ いない | AJ25: 〕
AB27: =表紙!D28 -> 保育所（園）
A28: 14 | B28: 健康管理（職員）の状況
A29: (1) | B29: 職員の健康診断の実施状況
B30: 検査内容 | G30: 実施年月日 | K30: 対象職員数 | O30: 実施職員数 | S30: 実施方法 （実施機関） | AB30: 備 考
B32: 雇入時健康診断 | G32: 前年度 | N32: 人 | R32: 人
G33: 今年度 | N33: 人 | R33: 人
B34: 定期健診（前年度） | N34: 人 | R34: 人
N37: 人 | R37: 人
B40: （注）1 | D40: 雇入時健康診断については、今年度（監査資料作成基準日まで）の実績も記入してください。
B42: ● 確 認 事 項
C43: ① | D43: パートタイム職員であっても、要件(雇用期間の定めなし又は１年以上、かつ、１週間の労働 時間が通常の労働者の４分の３以上）を満たす場合には、常時使用する労働者として、雇用の際及び毎年１回、定期的に健康診断を実施していますか。 | AB43: 雇入時 | AD43: 〔 | AE43: い る ・ いない | AJ43: 〕
AB44: 定 期 | AD44: 〔 | AE44: い る ・ いない | AJ44: 〕
C45: ② | D45: 給食の業務に従事する職員に対しては、 雇入れの際または当該業務への配置替えの際に、 検便による健康診断を実施していますか。 | AD45: 〔 | AE45: い る ・ いない | AJ45: 〕
C47: ③ | D47: 労働安全衛生法に定められた健康診断にかかる費用を職員に負担させていませんか。 | AD47: 〔 | AE47: い る ・ いない | AJ47: 〕
C48: ④ | D48: 健康診断の結果を職員に通知していますか。 | AD48: 〔 | AE48: い る ・ いない | AJ48: 〕
C49: ⑤ | D49: 健康診断実施後の措置を適切に行っていますか。 | AD49: 〔 | AE49: い る ・ いない | AJ49: 〕
A51: (2) | B51: 給食従事者等の検便実施状況 | N51: ※作成基準日以前１年分を記入してください。
B52: 月 | C52: 対象職員数 | K52: 実施職員数 | S52: 実施結果 (陰・陽性) | W52: 備 考 | AE52: （検査実施項目）
C53: 給食従事者 | G53: 乳児担当者 | K53: 給食従事者 | O53: 乳児担当者 | AE53: 検 査 項 目
F54: 人 | J54: 人 | N54: 人 | R54: 人 | S54: 陰性・陽性 | AF54: 赤痢
F55: 人 | J55: 人 | N55: 人 | R55: 人 | S55: 陰性・陽性 | AF55: サルモネラ
F56: 人 | J56: 人 | N56: 人 | R56: 人 | S56: 陰性・陽性 | AG56: 腸チフス
F57: 人 | J57: 人 | N57: 人 | R57: 人 | S57: 陰性・陽性 | AG57: パラチフス
F58: 人 | J58: 人 | N58: 人 | R58: 人 | S58: 陰性・陽性 | AF58: 腸管出血性大腸菌
F59: 人 | J59: 人 | N59: 人 | R59: 人 | S59: 陰性・陽性 | AF59: ノロウイルス （ 月～ 月）
F60: 人 | J60: 人 | N60: 人 | R60: 人 | S60: 陰性・陽性
F61: 人 | J61: 人 | N61: 人 | R61: 人 | S61: 陰性・陽性
F62: 人 | J62: 人 | N62: 人 | R62: 人 | S62: 陰性・陽性
F63: 人 | J63: 人 | N63: 人 | R63: 人 | S63: 陰性・陽性
F64: 人 | J64: 人 | N64: 人 | R64: 人 | S64: 陰性・陽性
F65: 人 | J65: 人 | N65: 人 | R65: 人 | S65: 陰性・陽性
B66: （注） | D66: 未実施者がいる場合には、その理由を「備考」欄に記入してください。
AB68: =表紙!D28 -> 保育所（園）
A69: 15 | B69: 職員研修の状況（前年度）
A70: (1) | B70: 施設内研修の状況（主要なもの）
B71: 開催日時 | F71: 研 修 名 | O71: 研 修 内 容 | Z71: 講 師 名 | AE71: 参加職種等
B80: （注） | D80: 外部講師による研修を実施した場合には、講師名の前に「外」と記入してください。
A82: (2) | B82: 施設外研修の状況（主要なもの）
B83: 開催日時 | F83: 研 修 名 | O83: 研 修 内 容 | AA83: 参 加 者
B93: ● 確 認 事 項
C94: ① | D94: 所内研修、外部研修は、保育所の職員体制、全体的業務などに留意して、体系的、計画的に実施していますか。 | AD94: 〔 | AE94: い る ・ いない | AJ94: 〕
C95: ② | D95: 施設外研修の内容は他の職員に周知していますか。 | AD95: 〔 | AE95: い る ・ いない | AJ95: 〕
C96: ③ | D96: ②が「いる」の場合、どのような方法で周知しているか記入してください。
C99: ④ | D99: 各種規程・マニュアル等については、研修等機会を設け、職員の共通理解を図っていますか。 | AD99: 〔 | AE99: い る ・ いない | AJ99: 〕
C100: ⑤ | D100: 職員の勤務形態（常勤、非常勤）の如何を問わず、各種研修への参加機会の確保に努めていますか。 | AD100: 〔 | AE100: い る ・ いない | AJ100: 〕
AB102: =表紙!D28 -> 保育所（園）
A103: 16 | B103: 福祉サービスの質の向上のための措置状況
A104: (1) | B104: 苦情解決のための取り組み状況
B105: 区 分 | M105: 設置等 | O105: 実 施 内 容 等
B106: 苦情解決の体制 | C106: 苦情解決のための要領（マニュアル）等 | M106: 有・無 | O106: 要領等名
C107: 苦情受付担当者の設置 | M107: 有・無 | O107: 職 名 | X107: 氏 名
C108: 苦情解決責任者の設置 | M108: 有・無 | O108: 職 名 | X108: 氏 名
C109: 第三者委員の設置 | M109: 有・無 | O109: 職 名 | X109: 氏 名
O110: 職 名 | X110: 氏 名
O111: 職 名 | X111: 氏 名
C112: 苦情解決体制の仕組みや窓口に関する保護者等への周知 | M112: 有・無 | O112: 施設内に掲示 | V112: 有・無 | X112: 保護者会等での説明・資料配布 | AI112: 有・無
O113: 広報誌等に掲載 | V113: 有・無 | X113: その他 | Z113: 〔 | AJ113: 〕
B114: 苦情解決の処理状況 | C114: 受付件数 | N114: 件 | O114: （寄せられた苦情の内容）
C115: 解決件数 | N115: 件 | O115: ①
C116: 第三者委員への報告件数 | N116: 件 | O116: ②
C117: 苦情受付・解決の過程の記録 | M117: 有・無・該当なし | O117: ③
C118: 運営適正化委員会への解決依頼件数 | N118: 件 | O118: ④
C119: 苦情内容及び解決結果の公表 | M119: 有・無・該当なし | O119: （公表している場合の公表方法）
A121: （注） | C121: 1 | D121: 第三者委員の「職名」欄には、評議員、大学教授、弁護士等と記入してください。
C122: 2 | D122: 受付件数等については、前年度監査資料作成基準日から今年度監査資料作成基準日までの件数を記入してください。
C123: 3 | D123: 「寄せられた苦情の内容」欄には苦情件名を記入してください。
B125: ● 確 認 事 項
C126: ① | D126: 苦情解決責任者は、利用者に対して、苦情解決責任者、苦情受付担当者及び第三者委員の氏名・連絡先を周知していますか。 | AD126: 〔 | AE126: い る ・ いない | AJ126: 〕
A128: (2) | B128: 第三者評価の実施状況
B129: 区 分 | H129: 実施等 | J129: 実 施 内 容 等
B130: 第三者評価の実施 | H130: 有・無 | J130: （実施年月日）
B132: 実施結果の反映 | H132: 有・無 | J132: （具体的反映方法又は反映させた内容）
B134: 評価結果の公表 | H134: 有・無 | J134: （公表している場合の公表方法）
B136: （注） | C136: 前年度監査資料作成基準日から今年度監査資料作成基準日までに実施した第三者評価（評価機関による評価）について、記入してください。
C137: ※ 第三者評価（評価機関による評価）とは
D138: 保育所で行われている福祉サービスの質を公平中立な第三者機関が客観的・専門的な立場から評価するものです。
AB140: =表紙!D28 -> 保育所（園）
A141: (3) | B141: 運営委員会の状況 | I141: （注） | K141: 市町村、社会福祉法人、学校法人以外の者が設置者となる保育所のみ記入してください。
...

Sheet 22・23
A1: 22 | B1: 給食の状況 | AB1: =表紙!D28 -> 保育所（園）
A2: （1) | B2: 給食の実施状況
B3: 区 分 | J3: 実 施 内 容 等
B4: 運営の形態 | K4: 施設職員による施設内調理
K5: 業者委託による施設内調理 | R5: 業 者 名
B6: 3歳以上児の主食 | K6: 家庭より持参 | S6: 施設で提供 | Y6: ※民間保育所のみ記入
B7: 給食等時間 | J7: 区 分 | Q7: おやつ（午前） | U7: 昼食 | Y7: おやつ（午後） | AC7: 補食 | AG7: 夕食
J8: 3歳未満児 | Q8: ・ ・ | U8: ・ ・ | Y8: ・ ・ | AC8: ・ ・ | AG8: ・ ・
J9: 3歳以上児 | Q9: ・ ・ | U9: ・ ・ | Y9: ・ ・ | AC9: ・ ・ | AG9: ・ ・
B10: 土曜日の給食状況 | K10: 平日同様 | O10: 軽 食 | S10: 未実施 | W10: その他 | Y10: 〔 | AJ10: 〕
B11: 給 食 内 容 | C11: 給与栄養量 | K11: 給与栄養量目標の設定 | S11: 給与栄養量目標の見直
C12: 献立表の作成 | K12: 施設独自作成 | Q12: 献立作成者 | U12: 職氏名
K13: 市町村等の献立活用 | Q13: 作成上の 留意事項
K14: そ の 他
C15: 3歳未満児への配慮 | J15: 有・無 | L15: （有の場合の具体的内容）
C18: 障がい児への配慮 ※該当児がいる場合 | J18: 有・無 | L18: （有の場合の具体的内容）
C20: アレルギー児への配慮 ※該当児がいない場合は対応体制について記入してください。 | J20: 有・無 | L20: （有の場合の具体的内容）
L22: 除去食実施時の医師の指示（アレルギー除去食指示（依頼）書等）の確認 | AI22: 有・無
B23: 食事指導・食育の推進 | J23: 有・無 | L23: （具体的内容）
L25: 献立表の家庭への配布 | U25: 有・無 | W25: 給食サンプル等の展示 | AI25: 有・無
B26: 諸調査 | C26: 嗜好調査 | J26: 有・無 | L26: 実施回数 | P26: 年 | T26: 回
C27: 残食調査 | J27: 有・無 | L27: 実施回数 | P27: 年 | T27: 回
C28: 諸調査の献立への反映 | J28: 有・無 | L28: （有の場合の具体的内容）
B30: 衛生管理 | C30: 保存食 | J30: 有・無 | L30: 保存温度 | S30: ℃ | T30: 保存期間 | AA30: 日間 | AC30: 保 存 量 | AJ30: ｇ
C31: 検食 | J31: 有・無 | L31: 検食時期 | O31: 給食前 | T31: 分前 | V31: 検 食 者
C32: 衛生自主管理点検 | J32: 有・無 | L32: 点検者
C33: 害虫駆除 | J33: 有・無 | L33: 生息調査 実施回数 | P33: 年 | T33: 回 | U33: 駆除作業 実施回数 | Y33: 年 | AC33: 回 | AD33: 実施記録 | AI33: 有・無
B34: 危機管理 | C34: 非常時対応策 | J34: 有・無 | L34: （有の場合の具体的内容）
B36: マニュアル等の整備 | J36: 有・無 | L36: アレルギー対応給食 | R36: 有・無 | T36: 衛生管理 | Z36: 有・無 | AB36: 危機管理（非常時対策） | AI36: 有・無
AB37: 危機管理の周知 | AI37: 有・無
AB39: =表紙!D28 -> 保育所（園）
B40: ● 確 認 事 項
C41: ① | D41: 調理業務を委託している場合、次の業務は自ら実施していますか。 | AD41: 〔 | AE41: い る ・ いない | AJ41: 〕
D42: ・児童の栄養基準及び献立の作成基準を委託業者に明示することの確認 | X42: ・栄養基準を満たしていることの確認
D43: ・基準どおり献立表が作成されているかの事前確認 | X43: ･児童の嗜好調査実施及び喫食状況の把握
D44: ・毎回の検食を行うこと、及び受託業者の健康診断、検便の実施状況・結果の確認
C45: ② | D45: 調理業務を委託している場合、受託業者は要件を満たしていますか。 | AD45: 〔 | AE45: い る ・ いない | AJ45: 〕
AB47: =表紙!D28 -> 保育所（園）
A48: （2） | B48: 給食日数の状況等（前年度）
B49: ア 前年度給食日数の状況 | U49: イ 前年度平均栄養量等
D50: 区分 | E50: 開所日数 | I50: 初日在籍 児 童 数 | M50: 給 食 日 数 | V50: 区 分 | Z50: Kcal/日 | AF50: 1人1日当たり単価
B51: 月 | M51: 3歳未満児 | Q51: 3歳以上児 | V51: 3歳未満児 | AC51: Kcal/日 | AJ51: 円
B52: 4 月 | H52: 日 | L52: 人 | P52: 日 | T52: 日 | V52: 3歳以上児 | AC52: Kcal/日 | AJ52: 円
B53: 5 月 | H53: 日 | L53: 人 | P53: 日 | T53: 日 | V53: （注）おやつについても含めること
B54: 6 月 | H54: 日 | L54: 人 | P54: 日 | T54: 日
B55: 7 月 | H55: 日 | L55: 人 | P55: 日 | T55: 日
B56: 8 月 | H56: 日 | L56: 人 | P56: 日 | T56: 日
B57: 9 月 | H57: 日 | L57: 人 | P57: 日 | T57: 日
B58: 10 月 | H58: 日 | L58: 人 | P58: 日 | T58: 日
B59: 11 月 | H59: 日 | L59: 人 | P59: 日 | T59: 日
B60: 12 月 | H60: 日 | L60: 人 | P60: 日 | T60: 日
B61: 1 月 | H61: 日 | L61: 人 | P61: 日 | T61: 日
B62: 2 月 | H62: 日 | L62: 人 | P62: 日 | T62: 日
B63: 3 月 | H63: 日 | L63: 人 | P63: 日 | T63: 日
B64: 合計 | E64: =SUM(E52:G63) -> 0 | H64: 日 | I64: =SUM(I52:K63) -> 0 | L64: 人 | M64: =SUM(M52:O63) -> 0 | P64: 日 | Q64: =SUM(Q52:S63) -> 0 | T64: 日
A65: （注） | C65: 初日在籍児童数は、監査資料５保育児童の状況の（1）と一致してください。
A67: （3） | B67: 保健所の立入検査等の状況
B68: ア 保健所立入検査
B69: 実施年月日 | G69: 指導指示等の内容 | V69: 左記に対する改善措置状況
G70: （文書）
G72: （口頭）
A74: （注） | C74: 監査資料作成基準日の直近（対象年度以前も含む）の検査結果等について記入してください。
B76: イ 特定給食施設栄養管理指導
B77: 実施年月日 | G77: 指導指示等の内容 | V77: 左記に対する改善措置状況
G78: （文書）
G80: （口頭）
A82: （注） | C82: 監査資料作成基準日の直近（対象年度以前も含む）の検査結果等について記入してください。
B84: ● 確 認 事 項
C85: ① | D85: 施設長を含む関係職員による情報の共有を図るとともに、常に施設全体で、食事計画・評価を通して | AD85: 〔 | AE85: い る ・ いない | AJ85: 〕
D86: 食事の提供に係る業務のの改善に努めていますか。
C87: ② | D87: 適正な献立内容、調理方法に沿って調理していますか。 | AD87: 〔 | AE87: い る ・ いない | AJ87: 〕
C88: ③ | D88: 大量調理施設衛生マニュアルに基づき衛生管理のための点検を実施していますか。 | AD88: 〔 | AE88: い る ・ いない | AJ88: 〕
C89: ④ | D89: 食材の管理は適切に行われていますか。 | AD89: 〔 | AE89: い る ・ いない | AJ89: 〕
C90: ⑤ | D90: 調理後２時間以内に喫食されていますか。 | AD90: 〔 | AE90: い る ・ いない | AJ90: 〕
C91: ⑥ | D91: 献立は計画的に、また季節感や地域性等を考慮して作成していますか。 | AD91: 〔 | AE91: い る ・ いない | AJ91: 〕
C92: ⑦ | D92: 給与栄養量を確保していますか。また、定期的に見直していますか。 | AD92: 〔 | AE92: い る ・ いない | AJ92: 〕
AB93: =表紙!D28 -> 保育所（園）
A94: 23 | B94: 民間保育所における会計処理状況
A95: （1） | B95: 保護者からの費用徴収等の状況
B96: 区 分 | I96: 徴収 | K96: 負 担 金 額 等 | AG96: 保護者 説明同意
B97: 延 長 保 育 料 | I97: 有・無 | K97: 区分 | L97: （例）１時間 | U97: 円 | V97: 区分 | AF97: 円 | AG97: 有・無
U98: 円 | AF98: 円
C99: 一時預かり料 | I99: 有・無 | K99: 区分 | L99: （例）１日 | U99: 円 | V99: 区分 | AF99: 円 | AG99: 有・無
U100: 円 | AF100: 円
C101: 保育料 | I101: 有・無 | K101: 区分 | L101: （例）月額 | U101: 円 | V101: 区分 | AF101: 円 | AG101: 有・無
U102: 円 | AF102: 円
C103: 保育料 | I103: 有・無 | K103: 区分 | U103: 円 | V103: 区分 | AF103: 円 | AG103: 有・無
U104: 円 | AF104: 円
C105: 上乗せ徴収 | I105: 有・無 | K105: 区分 | U105: 円 | V105: 区分 | AF105: 円 | AG105: 有・無
U106: 円 | AF106: 円
B107: 児童給食費（１号） | I107: 有・無 | K107: 主食費 | M107: 月額 | U107: 円 | V107: （例）主食費〇〇円、副食費〇〇円 | AG107: 有・無
I108: 有・無 | K108: 副食費 | V108: （例）１食〇〇円+牛乳〇〇円×〇〇回
B109: 児童給食費（２号） | I109: 有・無 | K109: 主食費 | M109: 月額 | U109: 円 | V109: （例）主食費〇〇円、副食費〇〇円 | AG109: 有・無
I110: 有・無 | K110: 副食費 | V110: （例）１食〇〇円+牛乳〇〇円×〇〇回
B111: 職 員 給 食 費 | I111: 有・無 | K111: 月額 | U111: 円 | V111: 積算根拠 | AG111: 有・無
B113: 教 材 費 | I113: 有・無 | K113: 年（月）額 | U113: 円 | V113: （左の経費の使用内容） | AG113: 有・無
B115: 日 用 品 費 | I115: 有・無 | K115: 年（月）額 | U115: 円 | V115: （左の経費の使用内容） | AG115: 有・無
B117: 保 護 者 会 費 | I117: 有・無 | K117: 年（月）額 | U117: 円 | V117: （左の経費の使用内容） | AG117: 有・無
B119: そ の 他 | I119: 有・無 | O119: 費（代） | U119: 円 | V119: （左の経費の使用内容） | AG119: 有・無
O121: 費（代） | U121: 円 | AG121: 有・無
...

Sheet 23 (3)記入例
A1: 23 | B1: 民間保育所における会計処理状況
A2: （3） | B2: 委託費の経理状況（前年度）
B4: ア | C4: 委託費の弾力運用
B5: （ｲ） | D5: 委託費の弾力運用の状況
C6: 該当 | E6: 弾力運用の内容 | AC6: 金 額 | AL6: 社会福祉法人の場合
E7: ① | F7: 人件費、管理費、事業費各区分経費間の流用
E8: ② | F8: 次年度以降の当該保育所に係る人件費積立のための預金 | AJ8: 円 | AK8: 貸借対照表 ： | AL8: 人件費積立資産
E9: ③ | F9: 次年度以降の当該保育所に係る修繕積立のための預金 | AJ9: 円 | AK9: 貸借対照表 ： | AL9: 修繕積立資産
E10: ④ | F10: 次年度以降の当該保育所に係る備品等購入積立のための預金 | AJ10: 円 | AK10: 貸借対照表 ： | AL10: 備品等購入積立資産
E11: ⑤ | F11: 次年度以降の当該保育所に係る保育所施設・設備整備積立のための預金 | AJ11: 円 | AK11: 貸借対照表 ： | AL11: 保育所施設・設備整備積立資産 | AM11: 別表２
E12: ⑥ | F12: 同一設置者が設置する保育所等の建物、設備の整備・修繕、環境の改善等に要する経費への充当 | AJ12: 円 | AK12: 資金収支計算書 ： | AL12: 修繕費支出 又は 固定資産取得支出 | AM12: 別表２、別表５
E13: ⑦ | F13: 同一設置者が設置する保育所の土地の取得等に要する経費への充当 | AJ13: 円 | AK13: 資金収支計算書 ： | AL13: 固定資産取得支出 | AM13: 別表５
E14: ⑧ | F14: 同一設置者が設置する保育所等の土地又は建物の賃借料への充当 | AJ14: 円 | AK14: 資金収支計算書 ： | AL14: 土地・建物賃借料支出 | AM14: 別表２、別表５
E15: ⑨ | F15: 上記⑥、⑦、⑧の経費に係る借入金(利息部分を含む。)の償還 | AJ15: 円 | AK15: 資金収支計算書 ： | AL15: 設備資金借入金元金償還支出 | AM15: 別表２、別表５
E16: ⑩ | F16: 同一設置者が設置する保育所等を経営する事業に係る租税公課への充当 | AJ16: 円 | AK16: 資金収支計算書 ： | AL16: 租税公課支出 | AM16: 別表２、別表５
E17: ⑪ | F17: 同一設置者が運営する子育て支援事業を実施する施設の建物、設備の整備・修繕、環境の改善及び土地の取得に要する経費への充当 | AJ17: 円 | AK17: 資金収支計算書 ： | AL17: 修繕費支出 又は 固定資産取得支出 | AM17: 別表３
E18: ⑫ | F18: 上記⑪の経費に係る借入金(利息部分を含む。)の償還又は積立のための支出 | AJ18: 円 | AK18: 資金収支計算書 ： | AL18: 設備資金借入金元金償還支出 又は 積立資産支出 | AM18: 別表３
E19: ⑬ | F19: 同一設置者が運営する社会福祉施設等の建物、設備の整備・修繕、環境の改善、土地の取得等に要する経費への充当 | AJ19: 円 | AK19: 資金収支計算書 ： | AL19: 修繕費支出 又は 固定資産取得支出 | AM19: 別表４
E20: ⑭ | F20: 同一設置者が運営する社会福祉施設等の土地又は建物の賃借料への充当 | AJ20: 円 | AK20: 資金収支計算書 ： | AL20: 土地・建物賃借料支出 | AM20: 別表４
E21: ⑮ | F21: 上記⑬、⑭の経費に係る借入金(利息部分を含む。)の償還又は積立のための支出 | AJ21: 円 | AK21: 資金収支計算書 ： | AL21: 設備資金借入金元金償還支出 又は 積立資産支出 | AM21: 別表４
E22: ⑯ | F22: 同一設置者が運営する社会福祉施設等を経営する事業に係る租税公課への充当 | AJ22: 円 | AK22: 資金収支計算書 ： | AL22: 租税公課支出 | AM22: 別表４
B23: （注） | D23: 該当する弾力運用の内容に○を付し、金額を記入してください。（以下同じ。）
B25: （ｳ） | D25: 委託費の弾力運用額の状況
C26: 区 分 | O26: 弾力運用額（左の額）と弾力運用可能額（右の額）との比較
C27: 要件１及び２を満たしている場合 （別表２） | G27: 社会福祉法人会計基準の場合 | O27: （ｲ）の⑤、⑥、⑧、⑨、⑩の合計額 | X27: ＞・＜ | Z27: 処遇改善等加算の基礎分の額
O28: =SUM(AC12:AI13,AC15:AI16) -> 0 | W28: 円 | AJ28: 円
G29: 経理規程準則の場合 | O29: （ｲ）の⑥及び⑨の合計額 | X29: ＞・＜ | Z29: 処遇改善等加算の基礎分の額
O30: =SUM(AC13,AC15) -> 0 | W30: 円 | AJ30: 円
C31: 要件１、２及び３を満たしている場合 （別表３～５） | O31: （ｲ）の⑪から⑯までの合計額 | X31: ＞・＜ | Z31: 処遇改善等加算の基礎分の額
O32: =SUM(AC17:AI22) -> 0 | W32: 円 | AJ32: 円
O33: （ｲ）の⑥から⑫の合計額 | X33: ＞・＜ | Z33: 委託費の３ヶ月分の額
O34: =SUM(AC13:AI14,AC15:AI18) -> 0 | W34: 円 | AJ34: 円
B35: （注） | D35: 1 | E35: 新たに保育所を経営する事業を行う設置者は、要件４も満たしていること。
D36: 2 | E36: 要件１及び２を満たしている場合においての(ｲ)の⑨の項目は、それぞれ対応する⑥又は⑧の項目の経費に係る借入金(利息部分を含む。)の償還に限ること。
B39: ● 確 認 事 項
C40: ① | D40: 弾力運用可能額を超える弾力運用を行った場合には、下表及び②について記入してください。
D41: 区 分 | R41: 左の金額 | AA41: 弾力運用額
D42: 処遇改善等の加算額 | Y42: 円 | Z42: ＜ | AH42: 円
D43: 処遇改善等加算の基礎分の額 | Y43: 円 | Z43: ＜ | AH43: 円
D44: 委託費の３ヶ月分の額 | Y44: 円 | Z44: ＜ | AH44: 円
C45: （注） | E45: 上記金額の積算資料を添付してください。
C46: ② | D46: 収支計算分析表を提出していますか。 | AD46: 〔 | AE46: い る ・ いない | AJ46: 〕
C47: （注） | E47: 現況報告書とともに県に提出していない場合には、監査資料とともに提出してください。
B48: イ | C48: 積立預金（引当金）の状況
C49: 区分 | I49: 前期（前々年度） 決算時残高 ① | N49: 当期（前年度）における積立預金取崩し等の状況 | AA49: 当期（前年度） 決算時残高 ② | AF49: 明細表作成 ※①又は②が有の場合
N50: 積立預金の取崩し | S50: 左のうち、目的外使用 | X50: 目的外使用の承認
C51: 人件費積立預金 | M51: 円 | R51: 円 | W51: 円 | X51: 有・無 | AE51: 円 | AF51: 有・無
C52: 修繕積立預金 | M52: 円 | R52: 円 | W52: 円 | X52: 有・無 | AE52: 円 | AF52: 有・無
C53: 備品等購入積立預金 | M53: 円 | R53: 円 | W53: 円 | X53: 有・無 | AE53: 円 | AF53: 有・無
C54: 保育所施設・ 設備整備積立金 | M54: 円 | R54: 円 | W54: 円 | X54: 有・無 | AE54: 円 | AF54: 有・無
B56: ● 確 認 事 項
C57: ① | D57: 積立預金の目的外使用を行った場合には、その内容を下表に記入してください。
D58: 区 分 | L58: 目 的 外 使 用 の 内 容
D59: 人件費積立預金
D60: 修繕積立預金
D61: 備品等購入積立預金
D62: 保育所施設・設備整備積立金
C63: ② | D63: 委託費に係る当該年度の各種積立預金(B)への積立支出及び当期資金収支差額(A)の合計額は当該施設に係る経理区分の経常収入（決算額）(C)の５％相当額(D)を上回っていますか。 | AD63: 〔 | AE63: い る ・ いない | AJ63: 〕
D64: 項目 | O64: 金額
D65: 当期資金収支差額 | M65: (A) | W65: 円
D66: 各種積立金への積み立て支出額計 | M66: (B) | W66: 円
D67: 経常収入決算額 | M67: (C) | W67: 円
D68: (C) の5%相当額（C×0.05） | M68: (D) | O68: =O67*0.05 -> 0 | W68: 円
D69: (A+B) - D = (E) | M69: (E) | O69: =O65+O66-O68 -> 0 | W69: 円
D70: ※ | E70: （Ｅ）の値がマイナスの場合には、「いない」となります。
C72: ③ | D72: ②が「いる」の場合には、収支計算分析表を提出していますか。 | AD72: 〔 | AE72: い る ・ いない | AJ72: 〕
D73: （注） | F73: 現況報告書とともに県に提出していない場合には、監査資料とともに提出してください。
B75: ウ | C75: 支払資金残高（繰越金）の状況
C76: （注） | E76: 前期末支払資金残高の経費充当は、弾力運用要件１、２及び３の全てを満たしている場合に限り、可能です。
B77: 区 分 | F77: 金額 | J77: 実 施 内 容 等 | AD77: 金額 | AH77: 県・理事会 の承認
B78: 前期末支払資金残高の取崩し | F78: =SUM(AD78:AF79) -> 0 | I78: 円 | J78: ① 自然災害その他止むを得ない事由によるその取崩し | AG78: 円
J79: ② ①以外の取崩し | AG79: 円 | AH79: 有・無
J80: 参考 | L80: ③ 施設に係る経理区分の事業活動収入計(予算額) | Z80: 円 | AA80: ③の３％ | AD80: =FLOOR(W80*0.03,1) -> 0 | AG80: 円 | AK80: 資金収支計算書： | AL80: 事業活動収入計
B81: 前期末支払資金残高の経費充当 | F81: =SUM(AD81:AF86) -> 0 | I81: 円 | J81: 当該施設の人件費、光熱水料等通常経費の不足分への補填 | AG81: 円 | AH81: 有・無 | AK81: 資金収支計算書： | AL81: 人件費支出（職員給与等）、事業費支出（水道光熱費等）等
J82: 当該保育所を設置する法人本部の運営に要する経費に充当 | AG82: 円 | AH82: 有・無 | AK82: 資金収支計算書： | AL82: （本部拠点区分）人件費支出、事務費支出 ※ 保育所の運営に関する経費に限る
J83: 同一の設置者が運営する社会福祉法第２条に定める第１種社会福祉事業及び第２種社会福祉事業並びに子育て支援事業の運営、施設整備の整備等に要する経費に充当 | AG83: 円 | AH83: 有・無
J84: 同一の設置者が運営する公益事業（子育て支援事業を除く。）の運営、施設整備の整備等に要する経費に充当 | AG84: 円 | AH84: 有・無 | AK84: 資金収支計算書： | AL84: （公益事業拠点区分）
B87: 当期末支払資金残高の保有（上限） | I87: 円 | J87: 参考 | L87: ④ 委託費収入 | Z87: 円 | AA87: ④の３０％ | AG87: 円 | AK87: 資金収支計算書： | AL87: 当期末支払資金残高、保育事業収入（委託費収入）
B90: ● 確 認 事 項
C91: ① | D91: 前期末支払資金残高の取崩し等を行った場合、使用可能な経費以外に支出していませんか。 | AD91: 〔 | AE91: い る ・ いない | AJ91: 〕
C92: ② | D92: ①が「いる」の場合には、その使用内容を下表に記入してください。
D93: 区 分 | M93: 使 用 内 容
D94: 前期末支払資金残高の取崩し
D95: 前期末支払資金残高の経費充当
B97: エ | C97: 委託費の管理・運用の状況等
B98: 区 分 | H98: 内 容
B99: 管理・運用方法 | H99: （具体的内容）
B101: 委託費の貸付の有無 | H101: 有・無 | J101: （有の場合の具体的貸付先）

Sheet 保育士数・保育室等
A1: 【 付 属 資 料 】
A3: １ | B3: 保育室等の状況 | W3: 〈監査資料作成基準日現在）
B4: 年齢区分 | E4: 種別 | G4: クラス名 | J4: 面積基準による算定 | X4: 認可（現有） | AB4: 適否
B5: 2歳未満 | E5: 乳児室・ほふく室 | J5: 3.3 | M5: ㎡× | R5: 人＝ | T5: =O5*3.3 -> 0 | W5: ㎡ | AA5: ①
AA6: ㎡
J7: 3.3 | M7: ㎡× | R7: 人＝ | T7: =O7*3.3 -> 0 | W7: ㎡ | AA7: ①
AA8: ㎡
J9: 3.3 | M9: ㎡× | R9: 人＝ | T9: =O9*3.3 -> 0 | W9: ㎡ | AA9: ①
AA10: ㎡
J11: 3.3 | M11: ㎡× | R11: 人＝ | T11: =O11*3.3 -> 0 | W11: ㎡ | AA11: ①
AA12: ㎡
J13: 3.3 | M13: ㎡× | R13: 人＝ | T13: =O13*3.3 -> 0 | W13: ㎡ | AA13: ①
AA14: ㎡
G15: 計 | J15: 3.3 | M15: ㎡× | O15: =SUM(O5:Q14) -> 0 | R15: 人＝ | T15: =O15*3.3 -> 0 | W15: ㎡ | X15: =SUM(X5:Z14) -> 0 | AA15: ①
AA16: ㎡
B17: 2歳以上 | E17: 保育室及び遊戯室 (合計） （1人につき1.98㎡） | J17: 1.98 | M17: ㎡× | R17: 人＝ | T17: =O17*1.98 -> 0 | W17: ㎡ | AB17: （適）
AA18: ㎡
J19: 1.98 | M19: ㎡× | R19: 人＝ | T19: =O19*1.98 -> 0 | W19: ㎡ | AB19: （適）
AA20: ㎡
J21: 1.98 | M21: ㎡× | R21: 人＝ | T21: =O21*1.98 -> 0 | W21: ㎡ | AB21: （適）
AA22: ㎡
J23: 1.98 | M23: ㎡× | R23: 人＝ | T23: =O23*1.98 -> 0 | W23: ㎡ | AB23: （適）
AA24: ㎡
J25: 1.98 | M25: ㎡× | R25: 人＝ | T25: =O25*1.98 -> 0 | W25: ㎡ | AB25: （適）
AA26: ㎡
G27: 遊戯室
AA28: ㎡
G29: 計 | J29: 1.98 | M29: ㎡× | O29: =SUM(O17:Q26) -> 0 | R29: 人＝ | T29: =O29*1.98 -> 0 | W29: ㎡ | X29: =SUM(X17:Z28) -> 0
AA30: ㎡
E31: 屋外遊技場 | J31: 3.3 | M31: ㎡× | R31: 人＝ | T31: =O31*3.3 -> 0 | W31: ㎡
AA32: ㎡
B33: （注） | C33: 年齢区分は現在の満年齢により人数算定する。
B34: （注） | C34: 平成26年2月27日以降新たに設置する場合及び保育室の床面積の変更を伴う増改築を行う場合は、満2歳以上の幼児に係る面積は、常時保育を行う部屋のみで、幼児1人につき1.98㎡以上という基準を満たすことが望ましい。
B35: （注） | C35: 年度当初時点の年齢でクラスを編成している等の理由により、監査資料作成基準日現在で満1歳児と満2歳児が同じクラス（保育室）にいる場合は、年齢別人数費等合理的な方法により部屋面積を按分し、認可（現有）面積を算出すること（2歳未満と2歳以上で二重に面積を計上しないこと。）
B37: ①の面積が満たされていない場合
B38: ＊ | C38: 平成25年4月1日現在既に存する保育所については、下表を適用する。（ただし、25年4月1日以後に建築又は乳児室の面積の変更を伴い増築又は改築されたものについては、本表は適用しない）
B39: 年齢 | F39: 種別 | J39: 面積基準による算定 | X39: 合計
B40: 2歳未満 | F40: ほふくしない子 | J40: 1.65 | M40: ㎡× | R40: 人＝ | T40: =O40*1.65 -> 0 | W40: ㎡ | AA40: ㎡ | AB40: =+Y40*1.65 -> 0
AB41: =+Y41*1.65 -> 0
F42: ほふくする子 | J42: 3.3 | M42: ㎡× | R42: 人＝ | T42: =O42*3.3 -> 0 | W42: ㎡ | AB42: =+Y42*1.65 -> 0
AB43: =+Y43*1.65 -> 0
A44: （注）1 | C44: 「ほふくする子」には（歩く子）を含みます。
B45: 2 | C45: 認可面積欄は、認可書類にて確認してください。

Sheet 時間帯別配置（平日）
A1: ２ 時間帯別保育士配置表
B2: 監査資料作成基準日の属する週の状況において記入してください。 | BA2: 保育所名
A3: 区分〔平 日・土曜日〕 | E3: 0.29166667 | I3: 0.33333333 | M3: 0.375 | Q3: 0.41666667 | U3: 0.45833333 | Y3: 0.5 | AC3: 0.54166667 | AG3: 0.58333333 | AK3: 0.625 | AO3: 0.66666667 | AS3: 0.70833333 | AW3: 0.75 | BA3: 0.79166667 | BE3: 0.83333333 | BI3: 保育士の 勤務時間
A4: 時間 帯別 入所 児童 数＿ | B4: 年度当初満年齢区分 | C4: ０歳児
C5: １歳児
C6: ２歳児
C7: ３歳児
C8: ４歳以上児
C9: 短時間利用児
B10: 計 | E10: =SUM(E4:E9) -> 0 | G10: =SUM(G4:G9) -> 0 | I10: =SUM(I4:I9) -> 0 | K10: =SUM(K4:K9) -> 0 | M10: =SUM(M4:M9) -> 0 | O10: =SUM(O4:O9) -> 0 | Q10: =SUM(Q4:Q9) -> 0 | S10: =SUM(S4:S9) -> 0 | U10: =SUM(U4:U9) -> 0 | W10: =SUM(W4:W9) -> 0 | Y10: =SUM(Y4:Y9) -> 0 | AA10: =SUM(AA4:AA9) -> 0 | AC10: =SUM(AC4:AC9) -> 0 | AE10: =SUM(AE4:AE9) -> 0 | AG10: =SUM(AG4:AG9) -> 0 | AI10: =SUM(AI4:AI9) -> 0 | AK10: =SUM(AK4:AK9) -> 0 | AM10: =SUM(AM4:AM9) -> 0 | AO10: =SUM(AO4:AO9) -> 0 | AQ10: =SUM(AQ4:AQ9) -> 0 | AS10: =SUM(AS4:AS9) -> 0 | AU10: =SUM(AU4:AU9) -> 0 | AW10: =SUM(AW4:AW9) -> 0 | AY10: =SUM(AY4:AY9) -> 0 | BA10: =SUM(BA4:BA9) -> 0 | BC10: =SUM(BC4:BC9) -> 0 | BE10: =SUM(BE4:BE9) -> 0 | BG10: =SUM(BG4:BG9) -> 0
A11: 必要保育士数 | E11: =IF(AND(E10>0,ROUND((TRUNC(E4/3,1)+TRUNC((E5+E6)/6,1)+TRUNC(E7/15,1)+TRUNC((E8+E9)/25,1)),0)<2),2,ROUND((TRUNC(E4/3,1)+TRUNC((E5+E6)/6,1)+TRUNC(E7/15,1)+TRUNC((E8+E9)/25,1)),0)) -> 0 | G11: =IF(AND(G10>0,ROUND((TRUNC(G4/3,1)+TRUNC((G5+G6)/6,1)+TRUNC(G7/15,1)+TRUNC((G8+G9)/25,1)),0)<2),2,ROUND((TRUNC(G4/3,1)+TRUNC((G5+G6)/6,1)+TRUNC(G7/15,1)+TRUNC((G8+G9)/25,1)),0)) -> 0 | I11: =IF(AND(I10>0,ROUND((TRUNC(I4/3,1)+TRUNC((I5+I6)/6,1)+TRUNC(I7/15,1)+TRUNC((I8+I9)/25,1)),0)<2),2,ROUND((TRUNC(I4/3,1)+TRUNC((I5+I6)/6,1)+TRUNC(I7/15,1)+TRUNC((I8+I9)/25,1)),0)) -> 0 | K11: =IF(AND(K10>0,ROUND((TRUNC(K4/3,1)+TRUNC((K5+K6)/6,1)+TRUNC(K7/15,1)+TRUNC((K8+K9)/25,1)),0)<2),2,ROUND((TRUNC(K4/3,1)+TRUNC((K5+K6)/6,1)+TRUNC(K7/15,1)+TRUNC((K8+K9)/25,1)),0)) -> 0 | M11: =IF(AND(M10>0,ROUND((TRUNC(M4/3,1)+TRUNC((M5+M6)/6,1)+TRUNC(M7/15,1)+TRUNC((M8+M9)/25,1)),0)<2),2,ROUND((TRUNC(M4/3,1)+TRUNC((M5+M6)/6,1)+TRUNC(M7/15,1)+TRUNC((M8+M9)/25,1)),0)) -> 0 | O11: =IF(AND(O10>0,ROUND((TRUNC(O4/3,1)+TRUNC((O5+O6)/6,1)+TRUNC(O7/15,1)+TRUNC((O8+O9)/25,1)),0)<2),2,ROUND((TRUNC(O4/3,1)+TRUNC((O5+O6)/6,1)+TRUNC(O7/15,1)+TRUNC((O8+O9)/25,1)),0)) -> 0 | Q11: =IF(AND(Q10>0,ROUND((TRUNC(Q4/3,1)+TRUNC((Q5+Q6)/6,1)+TRUNC(Q7/15,1)+TRUNC((Q8+Q9)/25,1)),0)<2),2,ROUND((TRUNC(Q4/3,1)+TRUNC((Q5+Q6)/6,1)+TRUNC(Q7/15,1)+TRUNC((Q8+Q9)/25,1)),0)) -> 0 | S11: =IF(AND(S10>0,ROUND((TRUNC(S4/3,1)+TRUNC((S5+S6)/6,1)+TRUNC(S7/15,1)+TRUNC((S8+S9)/25,1)),0)<2),2,ROUND((TRUNC(S4/3,1)+TRUNC((S5+S6)/6,1)+TRUNC(S7/15,1)+TRUNC((S8+S9)/25,1)),0)) -> 0 | U11: =IF(AND(U10>0,ROUND((TRUNC(U4/3,1)+TRUNC((U5+U6)/6,1)+TRUNC(U7/15,1)+TRUNC((U8+U9)/25,1)),0)<2),2,ROUND((TRUNC(U4/3,1)+TRUNC((U5+U6)/6,1)+TRUNC(U7/15,1)+TRUNC((U8+U9)/25,1)),0)) -> 0 | W11: =IF(AND(W10>0,ROUND((TRUNC(W4/3,1)+TRUNC((W5+W6)/6,1)+TRUNC(W7/15,1)+TRUNC((W8+W9)/25,1)),0)<2),2,ROUND((TRUNC(W4/3,1)+TRUNC((W5+W6)/6,1)+TRUNC(W7/15,1)+TRUNC((W8+W9)/25,1)),0)) -> 0 | Y11: =IF(AND(Y10>0,ROUND((TRUNC(Y4/3,1)+TRUNC((Y5+Y6)/6,1)+TRUNC(Y7/15,1)+TRUNC((Y8+Y9)/25,1)),0)<2),2,ROUND((TRUNC(Y4/3,1)+TRUNC((Y5+Y6)/6,1)+TRUNC(Y7/15,1)+TRUNC((Y8+Y9)/25,1)),0)) -> 0 | AA11: =IF(AND(AA10>0,ROUND((TRUNC(AA4/3,1)+TRUNC((AA5+AA6)/6,1)+TRUNC(AA7/15,1)+TRUNC((AA8+AA9)/25,1)),0)<2),2,ROUND((TRUNC(AA4/3,1)+TRUNC((AA5+AA6)/6,1)+TRUNC(AA7/15,1)+TRUNC((AA8+AA9)/25,1)),0)) -> 0 | AC11: =IF(AND(AC10>0,ROUND((TRUNC(AC4/3,1)+TRUNC((AC5+AC6)/6,1)+TRUNC(AC7/15,1)+TRUNC((AC8+AC9)/25,1)),0)<2),2,ROUND((TRUNC(AC4/3,1)+TRUNC((AC5+AC6)/6,1)+TRUNC(AC7/15,1)+TRUNC((AC8+AC9)/25,1)),0)) -> 0 | AE11: =IF(AND(AE10>0,ROUND((TRUNC(AE4/3,1)+TRUNC((AE5+AE6)/6,1)+TRUNC(AE7/15,1)+TRUNC((AE8+AE9)/25,1)),0)<2),2,ROUND((TRUNC(AE4/3,1)+TRUNC((AE5+AE6)/6,1)+TRUNC(AE7/15,1)+TRUNC((AE8+AE9)/25,1)),0)) -> 0 | AG11: =IF(AND(AG10>0,ROUND((TRUNC(AG4/3,1)+TRUNC((AG5+AG6)/6,1)+TRUNC(AG7/15,1)+TRUNC((AG8+AG9)/25,1)),0)<2),2,ROUND((TRUNC(AG4/3,1)+TRUNC((AG5+AG6)/6,1)+TRUNC(AG7/15,1)+TRUNC((AG8+AG9)/25,1)),0)) -> 0 | AI11: =IF(AND(AI10>0,ROUND((TRUNC(AI4/3,1)+TRUNC((AI5+AI6)/6,1)+TRUNC(AI7/15,1)+TRUNC((AI8+AI9)/25,1)),0)<2),2,ROUND((TRUNC(AI4/3,1)+TRUNC((AI5+AI6)/6,1)+TRUNC(AI7/15,1)+TRUNC((AI8+AI9)/25,1)),0)) -> 0 | AK11: =IF(AND(AK10>0,ROUND((TRUNC(AK4/3,1)+TRUNC((AK5+AK6)/6,1)+TRUNC(AK7/15,1)+TRUNC((AK8+AK9)/25,1)),0)<2),2,ROUND((TRUNC(AK4/3,1)+TRUNC((AK5+AK6)/6,1)+TRUNC(AK7/15,1)+TRUNC((AK8+AK9)/25,1)),0)) -> 0 | AM11: =IF(AND(AM10>0,ROUND((TRUNC(AM4/3,1)+TRUNC((AM5+AM6)/6,1)+TRUNC(AM7/15,1)+TRUNC((AM8+AM9)/25,1)),0)<2),2,ROUND((TRUNC(AM4/3,1)+TRUNC((AM5+AM6)/6,1)+TRUNC(AM7/15,1)+TRUNC((AM8+AM9)/25,1)),0)) -> 0 | AO11: =IF(AND(AO10>0,ROUND((TRUNC(AO4/3,1)+TRUNC((AO5+AO6)/6,1)+TRUNC(AO7/15,1)+TRUNC((AO8+AO9)/25,1)),0)<2),2,ROUND((TRUNC(AO4/3,1)+TRUNC((AO5+AO6)/6,1)+TRUNC(AO7/15,1)+TRUNC((AO8+AO9)/25,1)),0)) -> 0 | AQ11: =IF(AND(AQ10>0,ROUND((TRUNC(AQ4/3,1)+TRUNC((AQ5+AQ6)/6,1)+TRUNC(AQ7/15,1)+TRUNC((AQ8+AQ9)/25,1)),0)<2),2,ROUND((TRUNC(AQ4/3,1)+TRUNC((AQ5+AQ6)/6,1)+TRUNC(AQ7/15,1)+TRUNC((AQ8+AQ9)/25,1)),0)) -> 0 | AS11: =IF(AND(AS10>0,ROUND((TRUNC(AS4/3,1)+TRUNC((AS5+AS6)/6,1)+TRUNC(AS7/15,1)+TRUNC((AS8+AS9)/25,1)),0)<2),2,ROUND((TRUNC(AS4/3,1)+TRUNC((AS5+AS6)/6,1)+TRUNC(AS7/15,1)+TRUNC((AS8+AS9)/25,1)),0)) -> 0 | AU11: =IF(AND(AU10>0,ROUND((TRUNC(AU4/3,1)+TRUNC((AU5+AU6)/6,1)+TRUNC(AU7/15,1)+TRUNC((AU8+AU9)/25,1)),0)<2),2,ROUND((TRUNC(AU4/3,1)+TRUNC((AU5+AU6)/6,1)+TRUNC(AU7/15,1)+TRUNC((AU8+AU9)/25,1)),0)) -> 0 | AW11: =IF(AND(AW10>0,ROUND((TRUNC(AW4/3,1)+TRUNC((AW5+AW6)/6,1)+TRUNC(AW7/15,1)+TRUNC((AW8+AW9)/25,1)),0)<2),2,ROUND((TRUNC(AW4/3,1)+TRUNC((AW5+AW6)/6,1)+TRUNC(AW7/15,1)+TRUNC((AW8+AW9)/25,1)),0)) -> 0 | AY11: =IF(AND(AY10>0,ROUND((TRUNC(AY4/3,1)+TRUNC((AY5+AY6)/6,1)+TRUNC(AY7/15,1)+TRUNC((AY8+AY9)/25,1)),0)<2),2,ROUND((TRUNC(AY4/3,1)+TRUNC((AY5+AY6)/6,1)+TRUNC(AY7/15,1)+TRUNC((AY8+AY9)/25,1)),0)) -> 0 | BA11: =IF(AND(BA10>0,ROUND((TRUNC(BA4/3,1)+TRUNC((BA5+BA6)/6,1)+TRUNC(BA7/15,1)+TRUNC((BA8+BA9)/25,1)),0)<2),2,ROUND((TRUNC(BA4/3,1)+TRUNC((BA5+BA6)/6,1)+TRUNC(BA7/15,1)+TRUNC((BA8+BA9)/25,1)),0)) -> 0 | BC11: =IF(AND(BC10>0,ROUND((TRUNC(BC4/3,1)+TRUNC((BC5+BC6)/6,1)+TRUNC(BC7/15,1)+TRUNC((BC8+BC9)/25,1)),0)<2),2,ROUND((TRUNC(BC4/3,1)+TRUNC((BC5+BC6)/6,1)+TRUNC(BC7/15,1)+TRUNC((BC8+BC9)/25,1)),0)) -> 0 | BE11: =IF(AND(BE10>0,ROUND((TRUNC(BE4/3,1)+TRUNC((BE5+BE6)/6,1)+TRUNC(BE7/15,1)+TRUNC((BE8+BE9)/25,1)),0)<2),2,ROUND((TRUNC(BE4/3,1)+TRUNC((BE5+BE6)/6,1)+TRUNC(BE7/15,1)+TRUNC((BE8+BE9)/25,1)),0)) -> 0 | BG11: =IF(AND(BG10>0,ROUND((TRUNC(BG4/3,1)+TRUNC((BG5+BG6)/6,1)+TRUNC(BG7/15,1)+TRUNC((BG8+BG9)/25,1)),0)<2),2,ROUND((TRUNC(BG4/3,1)+TRUNC((BG5+BG6)/6,1)+TRUNC(BG7/15,1)+TRUNC((BG8+BG9)/25,1)),0)) -> 0
A12: 保育士配置状況 ※保育補助者（無資格者）を含めないこと。 | D12: 保有資格 | BI12: ～
B15: (例) | C15: 中番 | D15: 保育士 | BI15: 8:15～17:15 | BJ15: =SUM(G15:BI17)/4 -> 0
B18: 1 | BI18: ～ | BJ18: =SUM(G18:BI20)/4 -> 0
B21: 2 | BI21: ～ | BJ21: =SUM(G21:BI23)/4 -> 0
B24: 3 | BI24: ～ | BJ24: =SUM(G24:BI26)/4 -> 0
B27: 4 | BI27: ～ | BJ27: =SUM(G27:BI29)/4 -> 0
B30: 5 | BI30: ～ | BJ30: =SUM(G30:BI32)/4 -> 0
B33: 6 | BI33: ～ | BJ33: =SUM(G33:BI35)/4 -> 0
B36: 7 | BI36: ～ | BJ36: =SUM(G36:BI38)/4 -> 0
B39: 8 | BI39: ～ | BJ39: =SUM(G39:BI41)/4 -> 0
B42: 9 | BI42: ～ | BJ42: =SUM(G42:BI44)/4 -> 0
B45: 10 | BI45: ～ | BJ45: =SUM(G45:BI47)/4 -> 0
B48: 11 | BI48: ～ | BJ48: =SUM(G48:BI50)/4 -> 0
B51: 12 | BI51: ～ | BJ51: =SUM(G51:BI53)/4 -> 0
... B66: 17 | BI66: ～ | BJ66: =SUM(G66:BI68)/4 -> 0
B69: 18 | BI69: ～
B72: 19 | BI72: ～
B75: 合 計 | E75: =SUM(E12:E74) -> 0 | G75: =SUM(G12:G74) -> 0 | I75: =SUM(I12:I74) -> 0 | K75: =SUM(K12:K74) -> 0 | M75: =SUM(M12:M74) -> 0 | O75: =SUM(O12:O74) -> 0 | Q75: =SUM(Q12:Q74) -> 0 | S75: =SUM(S12:S74) -> 0 | U75: =SUM(U12:U74) -> 0 | W75: =SUM(W12:W74) -> 0 | Y75: =SUM(Y12:Y74) -> 0 | AA75: =SUM(AA12:AA74) -> 0 | AC75: =SUM(AC12:AC74) -> 0 | AE75: =SUM(AE12:AE74) -> 0 | AG75: =SUM(AG12:AG74) -> 0 | AI75: =SUM(AI12:AI74) -> 0 | AK75: =SUM(AK12:AK74) -> 0 | AM75: =SUM(AM12:AM74) -> 0 | AO75: =SUM(AO12:AO74) -> 0 | AQ75: =SUM(AQ12:AQ74) -> 0 | AS75: =SUM(AS12:AS74) -> 0 | AU75: =SUM(AU12:AU74) -> 0 | AW75: =SUM(AW12:AW74) -> 0 | AY75: =SUM(AY12:AY74) -> 0 | BA75: =SUM(BA12:BA74) -> 0 | BC75: =SUM(BC12:BC74) -> 0 | BE75: =SUM(BE12:BE74) -> 0 | BG75: =SUM(BG12:BG74) -> 0
A76: 適 否 | E76: =IF(E11=0,"",IF(E75>=E11,"適","否")) | G76: =IF(G11=0,"",IF(G75>=G11,"適","否")) | I76: =IF(I11=0,"",IF(I75>=I11,"適","否")) | K76: =IF(K11=0,"",IF(K75>=K11,"適","否")) | M76: =IF(M11=0,"",IF(M75>=M11,"適","否")) | O76: =IF(O11=0,"",IF(O75>=O11,"適","否")) | Q76: =IF(Q11=0,"",IF(Q75>=Q11,"適","否")) | S76: =IF(S11=0,"",IF(S75>=S11,"適","否")) | U76: =IF(U11=0,"",IF(U75>=U11,"適","否")) | W76: =IF(W11=0,"",IF(W75>=W11,"適","否")) | Y76: =IF(Y11=0,"",IF(Y75>=Y11,"適","否")) | AA76: =IF(AA11=0,"",IF(AA75>=AA11,"適","否")) | AC76: =IF(AC11=0,"",IF(AC75>=AC11,"適","否")) | AE76: =IF(AE11=0,"",IF(AE75>=AE11,"適","否")) | AG76: =IF(AG11=0,"",IF(AG75>=AG11,"適","否")) | AI76: =IF(AI11=0,"",IF(AI75>=AI11,"適","否")) | AK76: =IF(AK11=0,"",IF(AK75>=AK11,"適","否")) | AM76: =IF(AM11=0,"",IF(AM75>=AM11,"適","否")) | AO76: =IF(AO11=0,"",IF(AO75>=AO11,"適","否")) | AQ76: =IF(AQ11=0,"",IF(AQ75>=AQ11,"適","否")) | AS76: =IF(AS11=0,"",IF(AS75>=AS11,"適","否")) | AU76: =IF(AU11=0,"",IF(AU75>=AU11,"適","否")) | AW76: =IF(AW11=0,"",IF(AW75>=AW11,"適","否")) | AY76: =IF(AY11=0,"",IF(AY75>=AY11,"適","否")) | BA76: =IF(BA11=0,"",IF(BA75>=BA11,"適","否")) | BC76: =IF(BC11=0,"",IF(BC75>=BC11,"適","否")) | BE76: =IF(BE11=0,"",IF(BE75>=BE11,"適","否")) | BG76: =IF(BG11=0,"",IF(BG75>=BG11,"適","否"))
A77: （注）1 | B77: 時間帯別入所児童数欄には、時間帯別、年齢区分別に児童数（一時預かりを含む。）を記入してください。
A78: 2 | B78: 必要保育士数欄は、最低基準（0歳児3:1，1･2歳児6:1，3歳児15:1，4歳以上児25:1）により算出した保育士数を記入してください。
A79: 3 | B79: 保育士配置状況の合計欄については、当該時間帯に保育士が配置されている数（休憩時間の保育士を含めないこと。）を記入してください。
A80: 4 | B80: 週休者は表示のみで配置には含めないでください。また、地域子育て支援拠点事業（同様の自主事業を含む。）の専任職員である保育士ついて、その事業従事時間については配置に含めないでください。
A81: 5 | B81: 保育士配置状況が異なる日（曜日）がある場合には、当該日（曜日）にかかるものを別途作成してください。
A83: ２ 時間帯別保育士配置表（無資格者を含む。）
B84: 監査資料作成基準日の属する週の状況において記入してください。 | BA84: 保育所名
A85: 区分〔平 日・土曜日〕 | E85: 0.29166667 | I85: 0.33333333 | M85: 0.375 | Q85: 0.41666667 | U85: 0.45833333 | Y85: 0.5 | AC85: 0.54166667 | AG85: 0.58333333 | AK85: 0.625 | AO85: 0.66666667 | AS85: 0.70833333 | AW85: 0.75 | BA85: 0.79166667 | BE85: 0.83333333 | BI85: 保育士の 勤務時間
A86: 時間 帯別 入所 児童 数＿ | B86: 年度当初満年齢区分 | C86: ０歳児
C87: １歳児
C88: ２歳児
C89: ３歳児
C90: ４歳以上児
C91: 短時間利用児
B92: 計 | E92: =SUM(E86:E91) -> 0 | G92: =SUM(G86:G91) -> 0 | I92: =SUM(I86:I91) -> 0 | K92: =SUM(K86:K91) -> 0 | M92: =SUM(M86:M91) -> 0 | O92: =SUM(O86:O91) -> 0 | Q92: =SUM(Q86:Q91) -> 0 | S92: =SUM(S86:S91) -> 0 | U92: =SUM(U86:U91) -> 0 | W92: =SUM(W86:W91) -> 0 | Y92: =SUM(Y86:Y91) -> 0 | AA92: =SUM(AA86:AA91) -> 0 | AC92: =SUM(AC86:AC91) -> 0 | AE92: =SUM(AE86:AE91) -> 0 | AG92: =SUM(AG86:AG91) -> 0 | AI92: =SUM(AI86:AI91) -> 0 | AK92: =SUM(AK86:AK91) -> 0 | AM92: =SUM(AM86:AM91) -> 0 | AO92: =SUM(AO86:AO91) -> 0 | AQ92: =SUM(AQ86:AQ91) -> 0 | AS92: =SUM(AS86:AS91) -> 0 | AU92: =SUM(AU86:AU91) -> 0 | AW92: =SUM(AW86:AW91) -> 0 | AY92: =SUM(AY86:AY91) -> 0 | BA92: =SUM(BA86:BA91) -> 0 | BC92: =SUM(BC86:BC91) -> 0 | BE92: =SUM(BE86:BE91) -> 0 | BG92: =SUM(BG86:BG91) -> 0
A93: 必要保育士数 | E93: =IF(AND(E92>0,ROUND((TRUNC(E86/3,1)+TRUNC((E87+E88)/6,1)+TRUNC(E89/15,1)+TRUNC((E90+E91)/25,1)),0)<2),2,ROUND((TRUNC(E86/3,1)+TRUNC((E87+E88)/6,1)+TRUNC(E89/15,1)+TRUNC((E90+E91)/25,1)),0)) -> 0 | G93: =IF(AND(G92>0,ROUND((TRUNC(G86/3,1)+TRUNC((G87+G88)/6,1)+TRUNC(G89/15,1)+TRUNC((G90+G91)/25,1)),0)<2),2,ROUND((TRUNC(G86/3,1)+TRUNC((G87+G88)/6,1)+TRUNC(G89/15,1)+TRUNC((G90+G91)/25,1)),0)) -> 0 | I93: =IF(AND(I92>0,ROUND((TRUNC(I86/3,1)+TRUNC((I87+I88)/6,1)+TRUNC(I89/15,1)+TRUNC((I90+I91)/25,1)),0)<2),2,ROUND((TRUNC(I86/3,1)+TRUNC((I87+I88)/6,1)+TRUNC(I89/15,1)+TRUNC((I90+I91)/25,1)),0)) -> 0 | K93: =IF(AND(K92>0,ROUND((TRUNC(K86/3,1)+TRUNC((K87+K88)/6,1)+TRUNC(K89/15,1)+TRUNC((K90+K91)/25,1)),0)<2),2,ROUND((TRUNC(K86/3,1)+TRUNC((K87+K88)/6,1)+TRUNC(K89/15,1)+TRUNC((K90+K91)/25,1)),0)) -> 0 | M93: =IF(AND(M92>0,ROUND((TRUNC(M86/3,1)+TRUNC((M87+M88)/6,1)+TRUNC(M89/15,1)+TRUNC((M90+M91)/25,1)),0)<2),2,ROUND((TRUNC(M86/3,1)+TRUNC((M87+M88)/6,1)+TRUNC(M89/15,1)+TRUNC((M90+M91)/25,1)),0)) -> 0 | O93: =IF(AND(O92>0,ROUND((TRUNC(O86/3,1)+TRUNC((O87+O88)/6,1)+TRUNC(O89/15,1)+TRUNC((O90+O91)/25,1)),0)<2),2,ROUND((TRUNC(O86/3,1)+TRUNC((O87+O88)/6,1)+TRUNC(O89/15,1)+TRUNC((O90+O91)/25,1)),0)) -> 0 | Q93: =IF(AND(Q92>0,ROUND((TRUNC(Q86/3,1)+TRUNC((Q87+Q88)/6,1)+TRUNC(Q89/15,1)+TRUNC((Q90+Q91)/25,1)),0)<2),2,ROUND((TRUNC(Q86/3,1)+TRUNC((Q87+Q88)/6,1)+TRUNC(Q89/15,1)+TRUNC((Q90+Q91)/25,1)),0)) -> 0 | S93: =IF(AND(S92>0,ROUND((TRUNC(S86/3,1)+TRUNC((S87+S88)/6,1)+TRUNC(S89/15,1)+TRUNC((S90+S91)/25,1)),0)<2),2,ROUND((TRUNC(S86/3,1)+TRUNC((S87+S88)/6,1)+TRUNC(S89/15,1)+TRUNC((S90+S91)/25,1)),0)) -> 0 | U93: =IF(AND(U92>0,ROUND((TRUNC(U86/3,1)+TRUNC((U87+U88)/6,1)+TRUNC(U89/15,1)+TRUNC((U90+U91)/25,1)),0)<2),2,ROUND((TRUNC(U86/3,1)+TRUNC((U87+U88)/6,1)+TRUNC(U89/15,1)+TRUNC((U90+U91)/25,1)),0)) -> 0 | W93: =IF(AND(W92>0,ROUND((TRUNC(W86/3,1)+TRUNC((W87+W88)/6,1)+TRUNC(W89/15,1)+TRUNC((W90+W91)/25,1)),0)<2),2,ROUND((TRUNC(W86/3,1)+TRUNC((W87+W88)/6,1)+TRUNC(W89/15,1)+TRUNC((W90+W91)/25,1)),0)) -> 0 | Y93: =IF(AND(Y92>0,ROUND((TRUNC(Y86/3,1)+TRUNC((Y87+Y88)/6,1)+TRUNC(Y89/15,1)+TRUNC((Y90+Y91)/25,1)),0)<2),2,ROUND((TRUNC(Y86/3,1)+TRUNC((Y87+Y88)/6,1)+TRUNC(Y89/15,1)+TRUNC((Y90+Y91)/25,1)),0)) -> 0 | AA93: =IF(AND(AA92>0,ROUND((TRUNC(AA86/3,1)+TRUNC((AA87+AA88)/6,1)+TRUNC(AA89/15,1)+TRUNC((AA90+AA91)/25,1)),0)<2),2,ROUND((TRUNC(AA86/3,1)+TRUNC((AA87+AA88)/6,1)+TRUNC(AA89/15,1)+TRUNC((AA90+AA91)/25,1)),0)) -> 0 | AC93: =IF(AND(AC92>0,ROUND((TRUNC(AC86/3,1)+TRUNC((AC87+AC88)/6,1)+TRUNC(AC89/15,1)+TRUNC((AC90+AC91)/25,1)),0)<2),2,ROUND((TRUNC(AC86/3,1)+TRUNC((AC87+AC88)/6,1)+TRUNC(AC89/15,1)+TRUNC((AC90+AC91)/25,1)),0)) -> 0 | AE93: =IF(AND(AE92>0,ROUND((TRUNC(AE86/3,1)+TRUNC((AE87+AE88)/6,1)+TRUNC(AE89/15,1)+TRUNC((AE90+AE91)/25,1)),0)<2),2,ROUND((TRUNC(AE86/3,1)+TRUNC((AE87+AE88)/6,1)+TRUNC(AE89/15,1)+TRUNC((AE90+AE91)/25,1)),0)) -> 0 | AG93: =IF(AND(AG92>0,ROUND((TRUNC(AG86/3,1)+TRUNC((AG87+AG88)/6,1)+TRUNC(AG89/15,1)+TRUNC((AG90+AG91)/25,1)),0)<2),2,ROUND((TRUNC(AG86/3,1)+TRUNC((AG87+AG88)/6,1)+TRUNC(AG89/15,1)+TRUNC((AG90+AG91)/25,1)),0)) -> 0 | AI93: =IF(AND(AI92>0,ROUND((TRUNC(AI86/3,1)+TRUNC((AI87+AI88)/6,1)+TRUNC(AI89/15,1)+TRUNC((AI90+AI91)/25,1)),0)<2),2,ROUND((TRUNC(AI86/3,1)+TRUNC((AI87+AI88)/6,1)+TRUNC(AI89/15,1)+TRUNC((AI90+AI91)/25,1)),0)) -> 0 | AK93: =IF(AND(AK92>0,ROUND((TRUNC(AK86/3,1)+TRUNC((AK87+AK88)/6,1)+TRUNC(AK89/15,1)+TRUNC((AK90+AK91)/25,1)),0)<2),2,ROUND((TRUNC(AK86/3,1)+TRUNC((AK87+AK88)/6,1)+TRUNC(AK89/15,1)+TRUNC((AK90+AK91)/25,1)),0)) -> 0 | AM93: =IF(AND(AM92>0,ROUND((TRUNC(AM86/3,1)+TRUNC((AM87+AM88)/6,1)+TRUNC(AM89/15,1)+TRUNC((AM90+AM91)/25,1)),0)<2),2,ROUND((TRUNC(AM86/3,1)+TRUNC((AM87+AM88)/6,1)+TRUNC(AM89/15,1)+TRUNC((AM90+AM91)/25,1)),0)) -> 0 | AO93: =IF(AND(AO92>0,ROUND((TRUNC(AO86/3,1)+TRUNC((AO87+AO88)/6,1)+TRUNC(AO89/15,1)+TRUNC((AO90+AO91)/25,1)),0)<2),2,ROUND((TRUNC(AO86/3,1)+TRUNC((AO87+AO88)/6,1)+TRUNC(AO89/15,1)+TRUNC((AO90+AO91)/25,1)),0)) -> 0 | AQ93: =IF(AND(AQ92>0,ROUND((TRUNC(AQ86/3,1)+TRUNC((AQ87+AQ88)/6,1)+TRUNC(AQ89/15,1)+TRUNC((AQ90+AQ91)/25,1)),0)<2),2,ROUND((TRUNC(AQ86/3,1)+TRUNC((AQ87+AQ88)/6,1)+TRUNC(AQ89/15,1)+TRUNC((AQ90+AQ91)/25,1)),0)) -> 0 | AS93: =IF(AND(AS92>0,ROUND((TRUNC(AS86/3,1)+TRUNC((AS87+AS88)/6,1)+TRUNC(AS89/15,1)+TRUNC((AS90+AS91)/25,1)),0)<2),2,ROUND((TRUNC(AS86/3,1)+TRUNC((AS87+AS88)/6,1)+TRUNC(AS89/15,1)+TRUNC((AS90+AS91)/25,1)),0)) -> 0 | AU93: =IF(AND(AU92>0,ROUND((TRUNC(AU86/3,1)+TRUNC((AU87+AU88)/6,1)+TRUNC(AU89/15,1)+TRUNC((AU90+AU91)/25,1)),0)<2),2,ROUND((TRUNC(AU86/3,1)+TRUNC((AU87+AU88)/6,1)+TRUNC(AU89/15,1)+TRUNC((AU90+AU91)/25,1)),0)) -> 0 | AW93: =IF(AND(AW92>0,ROUND((TRUNC(AW86/3,1)+TRUNC((AW87+AW88)/6,1)+TRUNC(AW89/15,1)+TRUNC((AW90+AW91)/25,1)),0)<2),2,ROUND((TRUNC(AW86/3,1)+TRUNC((AW87+AW88)/6,1)+TRUNC(AW89/15,1)+TRUNC((AW90+AW91)/25,1)),0)) -> 0 | AY93: =IF(AND(AY92>0,ROUND((TRUNC(AY86/3,1)+TRUNC((AY87+AY88)/6,1)+TRUNC(AY89/15,1)+TRUNC((AY90+AY91)/25,1)),0)<2),2,ROUND((TRUNC(AY86/3,1)+TRUNC((AY87+AY88)/6,1)+TRUNC(AY89/15,1)+TRUNC((AY90+AY91)/25,1)),0)) -> 0 | BA93: =IF(AND(BA92>0,ROUND((TRUNC(BA86/3,1)+TRUNC((BA87+BA88)/6,1)+TRUNC(BA89/15,1)+TRUNC((BA90+BA91)/25,1)),0)<2),2,ROUND((TRUNC(BA86/3,1)+TRUNC((BA87+BA88)/6,1)+TRUNC(BA89/15,1)+TRUNC((BA90+BA91)/25,1)),0)) -> 0 | BC93: =IF(AND(BC92>0,ROUND((TRUNC(BC86/3,1)+TRUNC((BC87+BC88)/6,1)+TRUNC(BC89/15,1)+TRUNC((BC90+BC91)/25,1)),0)<2),2,ROUND((TRUNC(BC86/3,1)+TRUNC((BC87+BC88)/6,1)+TRUNC(BC89/15,1)+TRUNC((BC90+BC91)/25,1)),0)) -> 0 | BE93: =IF(AND(BE92>0,ROUND((TRUNC(BE86/3,1)+TRUNC((BE87+BE88)/6,1)+TRUNC(BE89/15,1)+TRUNC((BE90+BE91)/25,1)),0)<2),2,ROUND((TRUNC(BE86/3,1)+TRUNC((BE87+BE88)/6,1)+TRUNC(BE89/15,1)+TRUNC((BE90+BE91)/25,1)),0)) -> 0 | BG93: =IF(AND(BG92>0,ROUND((TRUNC(BG86/3,1)+TRUNC((BG87+BG88)/6,1)+TRUNC(BG89/15,1)+TRUNC((BG90+BG91)/25,1)),0)<2),2,ROUND((TRUNC(BG86/3,1)+TRUNC((BG87+BG88)/6,1)+TRUNC(BG89/15,1)+TRUNC((BG90+BG91)/25,1)),0)) -> 0
A94: 保育士配置状況 ※保育補助者（無資格者）を含む。 | B94: （例）早番（無） | D94: 早朝保育補助 | BI94: 7:30～ 9:30
B97: （例）中番 | D97: ○○組担当 | BI97: 8:15～17:15
B100: 1 | BI100: ～
B103: 2 | BI103: ～
B106: 3 | BI106: ～
B109: 4 | BI109: ～
B112: 5 | BI112: ～
B115: 6 | BI115: ～
B118: 7 | BI118: ～
B121: 8 | BI121: ～
B124: 9 | BI124: ～
B127: 10 | BI127: ～
B130: 11 | BI130: ～
B133: 12 | BI133: ～
... B157: 20 | BI157: ～
B160: 合 計 | E160: =SUM(E97:E159) -> 0 | G160: =SUM(G97:G159) -> 0 | I160: =SUM(I97:I159) -> 0 | K160: =SUM(K97:K159) -> 0 | M160: =SUM(M97:M159) -> 0 | O160: =SUM(O97:O159) -> 0 | Q160: =SUM(Q97:Q159) -> 0 | S160: =SUM(S97:S159) -> 0 | U160: =SUM(U97:U159) -> 0 | W160: =SUM(W97:W159) -> 0 | Y160: =SUM(Y97:Y159) -> 0 | AA160: =SUM(AA97:AA159) -> 0 | AC160: =SUM(AC97:AC159) -> 0 | AE160: =SUM(AE97:AE159) -> 0 | AG160: =SUM(AG97:AG159) -> 0 | AI160: =SUM(AI97:AI159) -> 0 | AK160: =SUM(AK97:AK159) -> 0 | AM160: =SUM(AM97:AM159) -> 0 | AO160: =SUM(AO97:AO159) -> 0 | AQ160: =SUM(AQ97:AQ159) -> 0 | AS160: =SUM(AS97:AS159) -> 0 | AU160: =SUM(AU97:AU159) -> 0 | AW160: =SUM(AW97:AW159) -> 0 | AY160: =SUM(AY97:AY159) -> 0 | BA160: =SUM(BA97:BA159) -> 0 | BC160: =SUM(BC97:BC159) -> 0 | BE160: =SUM(BE97:BE159) -> 0 | BG160: =SUM(BG97:BG159) -> 0
A161: 適 否 | E161: =IF(E93=0,"",IF(E160>=E93,"適","否")) | G161: =IF(G93=0,"",IF(G160>=G93,"適","否")) | I161: =IF(I93=0,"",IF(I160>=I93,"適","否")) | K161: =IF(K93=0,"",IF(K160>=K93,"適","否")) | M161: =IF(M93=0,"",IF(M160>=M93,"適","否")) | O161: =IF(O93=0,"",IF(O160>=O93,"適","否")) | Q161: =IF(Q93=0,"",IF(Q160>=Q93,"適","否")) | S161: =IF(S93=0,"",IF(S160>=S93,"適","否")) | U161: =IF(U93=0,"",IF(U160>=U93,"適","否")) | W161: =IF(W93=0,"",IF(W160>=W93,"適","否")) | Y161: =IF(Y93=0,"",IF(Y160>=Y93,"適","否")) | AA161: =IF(AA93=0,"",IF(AA160>=AA93,"適","否")) | AC161: =IF(AC93=0,"",IF(AC160>=AC93,"適","否")) | AE161: =IF(AE93=0,"",IF(AE160>=AE93,"適","否")) | AG161: =IF(AG93=0,"",IF(AG160>=AG93,"適","否")) | AI161: =IF(AI93=0,"",IF(AI160>=AI93,"適","否")) | AK161: =IF(AK93=0,"",IF(AK160>=AK93,"適","否")) | AM161: =IF(AM93=0,"",IF(AM160>=AM93,"適","否")) | AO161: =IF(AO93=0,"",IF(AO160>=AO93,"適","否")) | AQ161: =IF(AQ93=0,"",IF(AQ160>=AQ93,"適","否")) | AS161: =IF(AS93=0,"",IF(AS160>=AS93,"適","否")) | AU161: =IF(AU93=0,"",IF(AU160>=AU93,"適","否")) | AW161: =IF(AW93=0,"",IF(AW160>=AW93,"適","否")) | AY161: =IF(AY93=0,"",IF(AY160>=AY93,"適","否")) | BA161: =IF(BA93=0,"",IF(BA160>=BA93,"適","否")) | BC161: =IF(BC93=0,"",IF(BC160>=BC93,"適","否")) | BE161: =IF(BE93=0,"",IF(BE160>=BE93,"適","否")) | BG161: =IF(BG93=0,"",IF(BG160>=BG93,"適","否"))
A162: （注） | B162: 無資格者は、（無）と表示してください。

Sheet 時間帯別配置（平日〔週休等により最小配置日〕）
A1: ２ 時間帯別保育士配置表
B2: 監査資料作成基準日の属する週の状況において記入してください。 | BA2: 保育所名
A3: 区分〔平 日・土曜日〕 | E3: 0.29166667 | I3: 0.33333333 | M3: 0.375 | Q3: 0.41666667 | U3: 0.45833333 | Y3: 0.5 | AC3: 0.54166667 | AG3: 0.58333333 | AK3: 0.625 | AO3: 0.66666667 | AS3: 0.70833333 | AW3: 0.75 | BA3: 0.79166667 | BE3: 0.83333333 | BI3: 保育士の 勤務時間
A4: 時間 帯別 入所 児童 数＿ | B4: 年度当初満年齢区分 | C4: ０歳児
C5: １歳児
C6: ２歳児
C7: ３歳児
C8: ４歳以上児
C9: 短時間利用児
B10: 計 | E10: =SUM(E4:E9) -> 0 | G10: =SUM(G4:G9) -> 0 | I10: =SUM(I4:I9) -> 0 | K10: =SUM(K4:K9) -> 0 | M10: =SUM(M4:M9) -> 0 | O10: =SUM(O4:O9) -> 0 | Q10: =SUM(Q4:Q9) -> 0 | S10: =SUM(S4:S9) -> 0 | U10: =SUM(U4:U9) -> 0 | W10: =SUM(W4:W9) -> 0 | Y10: =SUM(Y4:Y9) -> 0 | AA10: =SUM(AA4:AA9) -> 0 | AC10: =SUM(AC4:AC9) -> 0 | AE10: =SUM(AE4:AE9) -> 0 | AG10: =SUM(AG4:AG9) -> 0 | AI10: =SUM(AI4:AI9) -> 0 | AK10: =SUM(AK4:AK9) -> 0 | AM10: =SUM(AM4:AM9) -> 0 | AO10: =SUM(AO4:AO9) -> 0 | AQ10: =SUM(AQ4:AQ9) -> 0 | AS10: =SUM(AS4:AS9) -> 0 | AU10: =SUM(AU4:AU9) -> 0 | AW10: =SUM(AW4:AW9) -> 0 | AY10: =SUM(AY4:AY9) -> 0 | BA10: =SUM(BA4:BA9) -> 0 | BC10: =SUM(BC4:BC9) -> 0 | BE10: =SUM(BE4:BE9) -> 0 | BG10: =SUM(BG4:BG9) -> 0
A11: 必要保育士数 | E11: =IF(AND(E10>0,ROUND((TRUNC(E4/3,1)+TRUNC((E5+E6)/6,1)+TRUNC(E7/15,1)+TRUNC((E8+E9)/25,1)),0)<2),2,ROUND((TRUNC(E4/3,1)+TRUNC((E5+E6)/6,1)+TRUNC(E7/15,1)+TRUNC((E8+E9)/25,1)),0)) -> 0 | G11: =IF(AND(G10>0,ROUND((TRUNC(G4/3,1)+TRUNC((G5+G6)/6,1)+TRUNC(G7/15,1)+TRUNC((G8+G9)/25,1)),0)<2),2,ROUND((TRUNC(G4/3,1)+TRUNC((G5+G6)/6,1)+TRUNC(G7/15,1)+TRUNC((G8+G9)/25,1)),0)) -> 0 | I11: =IF(AND(I10>0,ROUND((TRUNC(I4/3,1)+TRUNC((I5+I6)/6,1)+TRUNC(I7/15,1)+TRUNC((I8+I9)/25,1)),0)<2),2,ROUND((TRUNC(I4/3,1)+TRUNC((I5+I6)/6,1)+TRUNC(I7/15,1)+TRUNC((I8+I9)/25,1)),0)) -> 0 | K11: =IF(AND(K10>0,ROUND((TRUNC(K4/3,1)+TRUNC((K5+K6)/6,1)+TRUNC(K7/15,1)+TRUNC((K8+K9)/25,1)),0)<2),2,ROUND((TRUNC(K4/3,1)+TRUNC((K5+K6)/6,1)+TRUNC(K7/15,1)+TRUNC((K8+K9)/25,1)),0)) -> 0 | M11: =IF(AND(M10>0,ROUND((TRUNC(M4/3,1)+TRUNC((M5+M6)/6,1)+TRUNC(M7/15,1)+TRUNC((M8+M9)/25,1)),0)<2),2,ROUND((TRUNC(M4/3,1)+TRUNC((M5+M6)/6,1)+TRUNC(M7/15,1)+TRUNC((M8+M9)/25,1)),0)) -> 0 | O11: =IF(AND(O10>0,ROUND((TRUNC(O4/3,1)+TRUNC((O5+O6)/6,1)+TRUNC(O7/15,1)+TRUNC((O8+O9)/25,1)),0)<2),2,ROUND((TRUNC(O4/3,1)+TRUNC((O5+O6)/6,1)+TRUNC(O7/15,1)+TRUNC((O8+O9)/25,1)),0)) -> 0 | Q11: =IF(AND(Q10>0,ROUND((TRUNC(Q4/3,1)+TRUNC((Q5+Q6)/6,1)+TRUNC(Q7/15,1)+TRUNC((Q8+Q9)/25,1)),0)<2),2,ROUND((TRUNC(Q4/3,1)+TRUNC((Q5+Q6)/6,1)+TRUNC(Q7/15,1)+TRUNC((Q8+Q9)/25,1)),0)) -> 0 | S11: =IF(AND(S10>0,ROUND((TRUNC(S4/3,1)+TRUNC((S5+S6)/6,1)+TRUNC(S7/15,1)+TRUNC((S8+S9)/25,1)),0)<2),2,ROUND((TRUNC(S4/3,1)+TRUNC((S5+S6)/6,1)+TRUNC(S7/15,1)+TRUNC((S8+S9)/25,1)),0)) -> 0 | U11: =IF(AND(U10>0,ROUND((TRUNC(U4/3,1)+TRUNC((U5+U6)/6,1)+TRUNC(U7/15,1)+TRUNC((U8+U9)/25,1)),0)<2),2,ROUND((TRUNC(U4/3,1)+TRUNC((U5+U6)/6,1)+TRUNC(U7/15,1)+TRUNC((U8+U9)/25,1)),0)) -> 0 | W11: =IF(AND(W10>0,ROUND((TRUNC(W4/3,1)+TRUNC((W5+W6)/6,1)+TRUNC(W7/15,1)+TRUNC((W8+W9)/25,1)),0)<2),2,ROUND((TRUNC(W4/3,1)+TRUNC((W5+W6)/6,1)+TRUNC(W7/15,1)+TRUNC((W8+W9)/25,1)),0)) -> 0 | Y11: =IF(AND(Y10>0,ROUND((TRUNC(Y4/3,1)+TRUNC((Y5+Y6)/6,1)+TRUNC(Y7/15,1)+TRUNC((Y8+Y9)/25,1)),0)<2),2,ROUND((TRUNC(Y4/3,1)+TRUNC((Y5+Y6)/6,1)+TRUNC(Y7/15,1)+TRUNC((Y8+Y9)/25,1)),0)) -> 0 | AA11: =IF(AND(AA10>0,ROUND((TRUNC(AA4/3,1)+TRUNC((AA5+AA6)/6,1)+TRUNC(AA7/15,1)+TRUNC((AA8+AA9)/25,1)),0)<2),2,ROUND((TRUNC(AA4/3,1)+TRUNC((AA5+AA6)/6,1)+TRUNC(AA7/15,1)+TRUNC((AA8+AA9)/25,1)),0)) -> 0 | AC11: =IF(AND(AC10>0,ROUND((TRUNC(AC4/3,1)+TRUNC((AC5+AC6)/6,1)+TRUNC(AC7/15,1)+TRUNC((AC8+AC9)/25,1)),0)<2),2,ROUND((TRUNC(AC4/3,1)+TRUNC((AC5+AC6)/6,1)+TRUNC(AC7/15,1)+TRUNC((AC8+AC9)/25,1)),0)) -> 0 | AE11: =IF(AND(AE10>0,ROUND((TRUNC(AE4/3,1)+TRUNC((AE5+AE6)/6,1)+TRUNC(AE7/15,1)+TRUNC((AE8+AE9)/25,1)),0)<2),2,ROUND((TRUNC(AE4/3,1)+TRUNC((AE5+AE6)/6,1)+TRUNC(AE7/15,1)+TRUNC((AE8+AE9)/25,1)),0)) -> 0 | AG11: =IF(AND(AG10>0,ROUND((TRUNC(AG4/3,1)+TRUNC((AG5+AG6)/6,1)+TRUNC(AG7/15,1)+TRUNC((AG8+AG9)/25,1)),0)<2),2,ROUND((TRUNC(AG4/3,1)+TRUNC((AG5+AG6)/6,1)+TRUNC(AG7/15,1)+TRUNC((AG8+AG9)/25,1)),0)) -> 0 | AI11: =IF(AND(AI10>0,ROUND((TRUNC(AI4/3,1)+TRUNC((AI5+AI6)/6,1)+TRUNC(AI7/15,1)+TRUNC((AI8+AI9)/25,1)),0)<2),2,ROUND((TRUNC(AI4/3,1)+TRUNC((AI5+AI6)/6,1)+TRUNC(AI7/15,1)+TRUNC((AI8+AI9)/25,1)),0)) -> 0 | AK11: =IF(AND(AK10>0,ROUND((TRUNC(AK4/3,1)+TRUNC((AK5+AK6)/6,1)+TRUNC(AK7/15,1)+TRUNC((AK8+AK9)/25,1)),0)<2),2,ROUND((TRUNC(AK4/3,1)+TRUNC((AK5+AK6)/6,1)+TRUNC(AK7/15,1)+TRUNC((AK8+AK9)/25,1)),0)) -> 0 | AM11: =IF(AND(AM10>0,ROUND((TRUNC(AM4/3,1)+TRUNC((AM5+AM6)/6,1)+TRUNC(AM7/15,1)+TRUNC((AM8+AM9)/25,1)),0)<2),2,ROUND((TRUNC(AM4/3,1)+TRUNC((AM5+AM6)/6,1)+TRUNC(AM7/15,1)+TRUNC((AM8+AM9)/25,1)),0)) -> 0 | AO11: =IF(AND(AO10>0,ROUND((TRUNC(AO4/3,1)+TRUNC((AO5+AO6)/6,1)+TRUNC(AO7/15,1)+TRUNC((AO8+AO9)/25,1)),0)<2),2,ROUND((TRUNC(AO4/3,1)+TRUNC((AO5+AO6)/6,1)+TRUNC(AO7/15,1)+TRUNC((AO8+AO9)/25,1)),0)) -> 0 | AQ11: =IF(AND(AQ10>0,ROUND((TRUNC(AQ4/3,1)+TRUNC((AQ5+AQ6)/6,1)+TRUNC(AQ7/15,1)+TRUNC((AQ8+AQ9)/25,1)),0)<2),2,ROUND((TRUNC(AQ4/3,1)+TRUNC((AQ5+AQ6)/6,1)+TRUNC(AQ7/15,1)+TRUNC((AQ8+AQ9)/25,1)),0)) -> 0 | AS11: =IF(AND(AS10>0,ROUND((TRUNC(AS4/3,1)+TRUNC((AS5+AS6)/6,1)+TRUNC(AS7/15,1)+TRUNC((AS8+AS9)/25,1)),0)<2),2,ROUND((TRUNC(AS4/3,1)+TRUNC((AS5+AS6)/6,1)+TRUNC(AS7/15,1)+TRUNC((AS8+AS9)/25,1)),0)) -> 0 | AU11: =IF(AND(AU10>0,ROUND((TRUNC(AU4/3,1)+TRUNC((AU5+AU6)/6,1)+TRUNC(AU7/15,1)+TRUNC((AU8+AU9)/25,1)),0)<2),2,ROUND((TRUNC(AU4/3,1)+TRUNC((AU5+AU6)/6,1)+TRUNC(AU7/15,1)+TRUNC((AU8+AU9)/25,1)),0)) -> 0 | AW11: =IF(AND(AW10>0,ROUND((TRUNC(AW4/3,1)+TRUNC((AW5+AW6)/6,1)+TRUNC(AW7/15,1)+TRUNC((AW8+AW9)/25,1)),0)<2),2,ROUND((TRUNC(AW4/3,1)+TRUNC((AW5+AW6)/6,1)+TRUNC(AW7/15,1)+TRUNC((AW8+AW9)/25,1)),0)) -> 0 | AY11: =IF(AND(AY10>0,ROUND((TRUNC(AY4/3,1)+TRUNC((AY5+AY6)/6,1)+TRUNC(AY7/15,1)+TRUNC((AY8+AY9)/25,1)),0)<2),2,ROUND((TRUNC(AY4/3,1)+TRUNC((AY5+AY6)/6,1)+TRUNC(AY7/15,1)+TRUNC((AY8+AY9)/25,1)),0)) -> 0 | BA11: =IF(AND(BA10>0,ROUND((TRUNC(BA4/3,1)+TRUNC((BA5+BA6)/6,1)+TRUNC(BA7/15,1)+TRUNC((BA8+BA9)/25,1)),0)<2),2,ROUND((TRUNC(BA4/3,1)+TRUNC((BA5+BA6)/6,1)+TRUNC(BA7/15,1)+TRUNC((BA8+BA9)/25,1)),0)) -> 0 | BC11: =IF(AND(BC10>0,ROUND((TRUNC(BC4/3,1)+TRUNC((BC5+BC6)/6,1)+TRUNC(BC7/15,1)+TRUNC((BC8+BC9)/25,1)),0)<2),2,ROUND((TRUNC(BC4/3,1)+TRUNC((BC5+BC6)/6,1)+TRUNC(BC7/15,1)+TRUNC((BC8+BC9)/25,1)),0)) -> 0 | BE11: =IF(AND(BE10>0,ROUND((TRUNC(BE4/3,1)+TRUNC((BE5+BE6)/6,1)+TRUNC(BE7/15,1)+TRUNC((BE8+BE9)/25,1)),0)<2),2,ROUND((TRUNC(BE4/3,1)+TRUNC((BE5+BE6)/6,1)+TRUNC(BE7/15,1)+TRUNC((BE8+BE9)/25,1)),0)) -> 0 | BG11: =IF(AND(BG10>0,ROUND((TRUNC(BG4/3,1)+TRUNC((BG5+BG6)/6,1)+TRUNC(BG7/15,1)+TRUNC((BG8+BG9)/25,1)),0)<2),2,ROUND((TRUNC(BG4/3,1)+TRUNC((BG5+BG6)/6,1)+TRUNC(BG7/15,1)+TRUNC((BG8+BG9)/25,1)),0)) -> 0
A12: 保育士配置状況 ※保育補助者（無資格者）を含めないこと。 | D12: 保有資格 | BI12: ～
B15: (例) | C15: 中番 | D15: 保育士 | BI15: 8:15～17:15
B18: 1 | BI18: ～
B21: 2 | BI21: ～
B24: 3 | BI24: ～
B27: 4 | BI27: ～
B30: 5 | BI30: ～
B33: 6 | BI33: ～
B36: 7 | BI36: ～
B39: 8 | BI39: ～
B42: 9 | BI42: ～
B45: 10 | BI45: ～
B48: 11 | BI48: ～
B51: 12 | BI51: ～
... B72: 19 | BI72: ～
B75: 合 計 | E75: =SUM(E12:E74) -> 0 | G75: =SUM(G12:G74) -> 0 | I75: =SUM(I12:I74) -> 0 | K75: =SUM(K12:K74) -> 0 | M75: =SUM(M12:M74) -> 0 | O75: =SUM(O12:O74) -> 0 | Q75: =SUM(Q12:Q74) -> 0 | S75: =SUM(S12:S74) -> 0 | U75: =SUM(U12:U74) -> 0 | W75: =SUM(W12:W74) -> 0 | Y75: =SUM(Y12:Y74) -> 0 | AA75: =SUM(AA12:AA74) -> 0 | AC75: =SUM(AC12:AC74) -> 0 | AE75: =SUM(AE12:AE74) -> 0 | AG75: =SUM(AG12:AG74) -> 0 | AI75: =SUM(AI12:AI74) -> 0 | AK75: =SUM(AK12:AK74) -> 0 | AM75: =SUM(AM12:AM74) -> 0 | AO75: =SUM(AO12:AO74) -> 0 | AQ75: =SUM(AQ12:AQ74) -> 0 | AS75: =SUM(AS12:AS74) -> 0 | AU75: =SUM(AU12:AU74) -> 0 | AW75: =SUM(AW12:AW74) -> 0 | AY75: =SUM(AY12:AY74) -> 0 | BA75: =SUM(BA12:BA74) -> 0 | BC75: =SUM(BC12:BC74) -> 0 | BE75: =SUM(BE12:BE74) -> 0 | BG75: =SUM(BG12:BG74) -> 0
A76: 適 否 | E76: =IF(E11=0,"",IF(E75>=E11,"適","否")) | G76: =IF(G11=0,"",IF(G75>=G11,"適","否")) | I76: =IF(I11=0,"",IF(I75>=I11,"適","否")) | K76: =IF(K11=0,"",IF(K75>=K11,"適","否")) | M76: =IF(M11=0,"",IF(M75>=M11,"適","否")) | O76: =IF(O11=0,"",IF(O75>=O11,"適","否")) | Q76: =IF(Q11=0,"",IF(Q75>=Q11,"適","否")) | S76: =IF(S11=0,"",IF(S75>=S11,"適","否")) | U76: =IF(U11=0,"",IF(U75>=U11,"適","否")) | W76: =IF(W11=0,"",IF(W75>=W11,"適","否")) | Y76: =IF(Y11=0,"",IF(Y75>=Y11,"適","否")) | AA76: =IF(AA11=0,"",IF(AA75>=AA11,"適","否")) | AC76: =IF(AC11=0,"",IF(AC75>=AC11,"適","否")) | AE76: =IF(AE11=0,"",IF(AE75>=AE11,"適","否")) | AG76: =IF(AG11=0,"",IF(AG75>=AG11,"適","否")) | AI76: =IF(AI11=0,"",IF(AI75>=AI11,"適","否")) | AK76: =IF(AK11=0,"",IF(AK75>=AK11,"適","否")) | AM76: =IF(AM11=0,"",IF(AM75>=AM11,"適","否")) | AO76: =IF(AO11=0,"",IF(AO75>=AO11,"適","否")) | AQ76: =IF(AQ11=0,"",IF(AQ75>=AQ11,"適","否")) | AS76: =IF(AS11=0,"",IF(AS75>=AS11,"適","否")) | AU76: =IF(AU11=0,"",IF(AU75>=AU11,"適","否")) | AW76: =IF(AW11=0,"",IF(AW75>=AW11,"適","否")) | AY76: =IF(AY11=0,"",IF(AY75>=AY11,"適","否")) | BA76: =IF(BA11=0,"",IF(BA75>=BA11,"適","否")) | BC76: =IF(BC11=0,"",IF(BC75>=BC11,"適","否")) | BE76: =IF(BE11=0,"",IF(BE75>=BE11,"適","否")) | BG76: =IF(BG11=0,"",IF(BG75>=BG11,"適","否"))
A77: （注）1 | B77: 時間帯別入所児童数欄には、時間帯別、年齢区分別に児童数（一時預かり・特定保育児童（平均）を含む。）を記入してください。
A78: 2 | B78: 必要保育士数欄は、最低基準（0歳児3:1，1･2歳児6:1，3歳児15:1，4歳以上児25:1）により算出した保育士数を記入してください。
A79: 3 | B79: 保育士配置状況の合計欄については、当該時間帯に保育士が配置されている数（休憩時間の保育士を含めないこと。）を記入してください。
A80: 4 | B80: 週休者は表示のみで配置には含めないでください。また、地域子育て支援拠点事業（同様の自主事業を含む。）の専任職員である保育士ついて、その事業従事時間については配置に含めないでください。
A81: 5 | B81: 保育士配置状況が異なる日（曜日）がある場合には、当該日（曜日）にかかるものを別途作成してください。
A83: ２ 時間帯別保育士配置表（無資格者を含む。）
B84: 監査資料作成基準日の属する週の状況において記入してください。 | BA84: 保育所名
A85: 区分〔平 日・土曜日〕 | E85: 0.29166667 | I85: 0.33333333 | M85: 0.375 | Q85: 0.41666667 | U85: 0.45833333 | Y85: 0.5 | AC85: 0.54166667 | AG85: 0.58333333 | AK85: 0.625 | AO85: 0.66666667 | AS85: 0.70833333 | AW85: 0.75 | BA85: 0.79166667 | BE85: 0.83333333 | BI85: 保育士の 勤務時間
A86: 時間 帯別 入所 児童 数＿ | B86: 年度当初満年齢区分 | C86: ０歳児
C87: １歳児
C88: ２歳児
C89: ３歳児
C90: ４歳以上児
C91: 短時間利用児
B92: 計 | E92: =SUM(E86:E91) -> 0 | G92: =SUM(G86:G91) -> 0 | I92: =SUM(I86:I91) -> 0 | K92: =SUM(K86:K91) -> 0 | M92: =SUM(M86:M91) -> 0 | O92: =SUM(O86:O91) -> 0 | Q92: =SUM(Q86:Q91) -> 0 | S92: =SUM(S86:S91) -> 0 | U92: =SUM(U86:U91) -> 0 | W92: =SUM(W86:W91) -> 0 | Y92: =SUM(Y86:Y91) -> 0 | AA92: =SUM(AA86:AA91) -> 0 | AC92: =SUM(AC86:AC91) -> 0 | AE92: =SUM(AE86:AE91) -> 0 | AG92: =SUM(AG86:AG91) -> 0 | AI92: =SUM(AI86:AI91) -> 0 | AK92: =SUM(AK86:AK91) -> 0 | AM92: =SUM(AM86:AM91) -> 0 | AO92: =SUM(AO86:AO91) -> 0 | AQ92: =SUM(AQ86:AQ91) -> 0 | AS92: =SUM(AS86:AS91) -> 0 | AU92: =SUM(AU86:AU91) -> 0 | AW92: =SUM(AW86:AW91) -> 0 | AY92: =SUM(AY86:AY91) -> 0 | BA92: =SUM(BA86:BA91) -> 0 | BC92: =SUM(BC86:BC91) -> 0 | BE92: =SUM(BE86:BE91) -> 0 | BG92: =SUM(BG86:BG91) -> 0
A93: 必要保育士数 | E93: =IF(AND(E92>0,ROUND((TRUNC(E86/3,1)+TRUNC((E87+E88)/6,1)+TRUNC(E89/15,1)+TRUNC((E90+E91)/25,1)),0)<2),2,ROUND((TRUNC(E86/3,1)+TRUNC((E87+E88)/6,1)+TRUNC(E89/15,1)+TRUNC((E90+E91)/25,1)),0)) -> 0 | G93: =IF(AND(G92>0,ROUND((TRUNC(G86/3,1)+TRUNC((G87+G88)/6,1)+TRUNC(G89/15,1)+TRUNC((G90+G91)/25,1)),0)<2),2,ROUND((TRUNC(G86/3,1)+TRUNC((G87+G88)/6,1)+TRUNC(G89/15,1)+TRUNC((G90+G91)/25,1)),0)) -> 0 | I93: =IF(AND(I92>0,ROUND((TRUNC(I86/3,1)+TRUNC((I87+I88)/6,1)+TRUNC(I89/15,1)+TRUNC((I90+I91)/25,1)),0)<2),2,ROUND((TRUNC(I86/3,1)+TRUNC((I87+I88)/6,1)+TRUNC(I89/15,1)+TRUNC((I90+I91)/25,1)),0)) -> 0 | K93: =IF(AND(K92>0,ROUND((TRUNC(K86/3,1)+TRUNC((K87+K88)/6,1)+TRUNC(K89/15,1)+TRUNC((K90+K91)/25,1)),0)<2),2,ROUND((TRUNC(K86/3,1)+TRUNC((K87+K88)/6,1)+TRUNC(K89/15,1)+TRUNC((K90+K91)/25,1)),0)) -> 0 | M93: =IF(AND(M92>0,ROUND((TRUNC(M86/3,1)+TRUNC((M87+M88)/6,1)+TRUNC(M89/15,1)+TRUNC((M90+M91)/25,1)),0)<2),2,ROUND((TRUNC(M86/3,1)+TRUNC((M87+M88)/6,1)+TRUNC(M89/15,1)+TRUNC((M90+M91)/25,1)),0)) -> 0 | O93: =IF(AND(O92>0,ROUND((TRUNC(O86/3,1)+TRUNC((O87+O88)/6,1)+TRUNC(O89/15,1)+TRUNC((O90+O91)/25,1)),0)<2),2,ROUND((TRUNC(O86/3,1)+TRUNC((O87+O88)/6,1)+TRUNC(O89/15,1)+TRUNC((O90+O91)/25,1)),0)) -> 0 | Q93: =IF(AND(Q92>0,ROUND((TRUNC(Q86/3,1)+TRUNC((Q87+Q88)/6,1)+TRUNC(Q89/15,1)+TRUNC((Q90+Q91)/25,1)),0)<2),2,ROUND((TRUNC(Q86/3,1)+TRUNC((Q87+Q88)/6,1)+TRUNC(Q89/15,1)+TRUNC((Q90+Q91)/25,1)),0)) -> 0 | S93: =IF(AND(S92>0,ROUND((TRUNC(S86/3,1)+TRUNC((S87+S88)/6,1)+TRUNC(S89/15,1)+TRUNC((S90+S91)/25,1)),0)<2),2,ROUND((TRUNC(S86/3,1)+TRUNC((S87+S88)/6,1)+TRUNC(S89/15,1)+TRUNC((S90+S91)/25,1)),0)) -> 0 | U93: =IF(AND(U92>0,ROUND((TRUNC(U86/3,1)+TRUNC((U87+U88)/6,1)+TRUNC(U89/15,1)+TRUNC((U90+U91)/25,1)),0)<2),2,ROUND((TRUNC(U86/3,1)+TRUNC((U87+U88)/6,1)+TRUNC(U89/15,1)+TRUNC((U90+U91)/25,1)),0)) -> 0 | W93: =IF(AND(W92>0,ROUND((TRUNC(W86/3,1)+TRUNC((W87+W88)/6,1)+TRUNC(W89/15,1)+TRUNC((W90+W91)/25,1)),0)<2),2,ROUND((TRUNC(W86/3,1)+TRUNC((W87+W88)/6,1)+TRUNC(W89/15,1)+TRUNC((W90+W91)/25,1)),0)) -> 0 | Y93: =IF(AND(Y92>0,ROUND((TRUNC(Y86/3,1)+TRUNC((Y87+Y88)/6,1)+TRUNC(Y89/15,1)+TRUNC((Y90+Y91)/25,1)),0)<2),2,ROUND((TRUNC(Y86/3,1)+TRUNC((Y87+Y88)/6,1)+TRUNC(Y89/15,1)+TRUNC((Y90+Y91)/25,1)),0)) -> 0 | AA93: =IF(AND(AA92>0,ROUND((TRUNC(AA86/3,1)+TRUNC((AA87+AA88)/6,1)+TRUNC(AA89/15,1)+TRUNC((AA90+AA91)/25,1)),0)<2),2,ROUND((TRUNC(AA86/3,1)+TRUNC((AA87+AA88)/6,1)+TRUNC(AA89/15,1)+TRUNC((AA90+AA91)/25,1)),0)) -> 0 | AC93: =IF(AND(AC92>0,ROUND((TRUNC(AC86/3,1)+TRUNC((AC87+AC88)/6,1)+TRUNC(AC89/15,1)+TRUNC((AC90+AC91)/25,1)),0)<2),2,ROUND((TRUNC(AC86/3,1)+TRUNC((AC87+AC88)/6,1)+TRUNC(AC89/15,1)+TRUNC((AC90+AC91)/25,1)),0)) -> 0 | AE93: =IF(AND(AE92>0,ROUND((TRUNC(AE86/3,1)+TRUNC((AE87+AE88)/6,1)+TRUNC(AE89/15,1)+TRUNC((AE90+AE91)/25,1)),0)<2),2,ROUND((TRUNC(AE86/3,1)+TRUNC((AE87+AE88)/6,1)+TRUNC(AE89/15,1)+TRUNC((AE90+AE91)/25,1)),0)) -> 0 | AG93: =IF(AND(AG92>0,ROUND((TRUNC(AG86/3,1)+TRUNC((AG87+AG88)/6,1)+TRUNC(AG89/15,1)+TRUNC((AG90+AG91)/25,1)),0)<2),2,ROUND((TRUNC(AG86/3,1)+TRUNC((AG87+AG88)/6,1)+TRUNC(AG89/15,1)+TRUNC((AG90+AG91)/25,1)),0)) -> 0 | AI93: =IF(AND(AI92>0,ROUND((TRUNC(AI86/3,1)+TRUNC((AI87+AI88)/6,1)+TRUNC(AI89/15,1)+TRUNC((AI90+AI91)/25,1)),0)<2),2,ROUND((TRUNC(AI86/3,1)+TRUNC((AI87+AI88)/6,1)+TRUNC(AI89/15,1)+TRUNC((AI90+AI91)/25,1)),0)) -> 0 | AK93: =IF(AND(AK92>0,ROUND((TRUNC(AK86/3,1)+TRUNC((AK87+AK88)/6,1)+TRUNC(AK89/15,1)+TRUNC((AK90+AK91)/25,1)),0)<2),2,ROUND((TRUNC(AK86/3,1)+TRUNC((AK87+AK88)/6,1)+TRUNC(AK89/15,1)+TRUNC((AK90+AK91)/25,1)),0)) -> 0 | AM93: =IF(AND(AM92>0,ROUND((TRUNC(AM86/3,1)+TRUNC((AM87+AM88)/6,1)+TRUNC(AM89/15,1)+TRUNC((AM90+AM91)/25,1)),0)<2),2,ROUND((TRUNC(AM86/3,1)+TRUNC((AM87+AM88)/6,1)+TRUNC(AM89/15,1)+TRUNC((AM90+AM91)/25,1)),0)) -> 0 | AO93: =IF(AND(AO92>0,ROUND((TRUNC(AO86/3,1)+TRUNC((AO87+AO88)/6,1)+TRUNC(AO89/15,1)+TRUNC((AO90+AO91)/25,1)),0)<2),2,ROUND((TRUNC(AO86/3,1)+TRUNC((AO87+AO88)/6,1)+TRUNC(AO89/15,1)+TRUNC((AO90+AO91)/25,1)),0)) -> 0 | AQ93: =IF(AND(AQ92>0,ROUND((TRUNC(AQ86/3,1)+TRUNC((AQ87+AQ88)/6,1)+TRUNC(AQ89/15,1)+TRUNC((AQ90+AQ91)/25,1)),0)<2),2,ROUND((TRUNC(AQ86/3,1)+TRUNC((AQ87+AQ88)/6,1)+TRUNC(AQ89/15,1)+TRUNC((AQ90+AQ91)/25,1)),0)) -> 0 | AS93: =IF(AND(AS92>0,ROUND((TRUNC(AS86/3,1)+TRUNC((AS87+AS88)/6,1)+TRUNC(AS89/15,1)+TRUNC((AS90+AS91)/25,1)),0)<2),2,ROUND((TRUNC(AS86/3,1)+TRUNC((AS87+AS88)/6,1)+TRUNC(AS89/15,1)+TRUNC((AS90+AS91)/25,1)),0)) -> 0 | AU93: =IF(AND(AU92>0,ROUND((TRUNC(AU86/3,1)+TRUNC((AU87+AU88)/6,1)+TRUNC(AU89/15,1)+TRUNC((AU90+AU91)/25,1)),0)<2),2,ROUND((TRUNC(AU86/3,1)+TRUNC((AU87+AU88)/6,1)+TRUNC(AU89/15,1)+TRUNC((AU90+AU91)/25,1)),0)) -> 0 | AW93: =IF(AND(AW92>0,ROUND((TRUNC(AW86/3,1)+TRUNC((AW87+AW88)/6,1)+TRUNC(AW89/15,1)+TRUNC((AW90+AW91)/25,1)),0)<2),2,ROUND((TRUNC(AW86/3,1)+TRUNC((AW87+AW88)/6,1)+TRUNC(AW89/15,1)+TRUNC((AW90+AW91)/25,1)),0)) -> 0 | AY93: =IF(AND(AY92>0,ROUND((TRUNC(AY86/3,1)+TRUNC((AY87+AY88)/6,1)+TRUNC(AY89/15,1)+TRUNC((AY90+AY91)/25,1)),0)<2),2,ROUND((TRUNC(AY86/3,1)+TRUNC((AY87+AY88)/6,1)+TRUNC(AY89/15,1)+TRUNC((AY90+AY91)/25,1)),0)) -> 0 | BA93: =IF(AND(BA92>0,ROUND((TRUNC(BA86/3,1)+TRUNC((BA87+BA88)/6,1)+TRUNC(BA89/15,1)+TRUNC((BA90+BA91)/25,1)),0)<2),2,ROUND((TRUNC(BA86/3,1)+TRUNC((BA87+BA88)/6,1)+TRUNC(BA89/15,1)+TRUNC((BA90+BA91)/25,1)),0)) -> 0 | BC93: =IF(AND(BC92>0,ROUND((TRUNC(BC86/3,1)+TRUNC((BC87+BC88)/6,1)+TRUNC(BC89/15,1)+TRUNC((BC90+BC91)/25,1)),0)<2),2,ROUND((TRUNC(BC86/3,1)+TRUNC((BC87+BC88)/6,1)+TRUNC(BC89/15,1)+TRUNC((BC90+BC91)/25,1)),0)) -> 0 | BE93: =IF(AND(BE92>0,ROUND((TRUNC(BE86/3,1)+TRUNC((BE87+BE88)/6,1)+TRUNC(BE89/15,1)+TRUNC((BE90+BE91)/25,1)),0)<2),2,ROUND((TRUNC(BE86/3,1)+TRUNC((BE87+BE88)/6,1)+TRUNC(BE89/15,1)+TRUNC((BE90+BE91)/25,1)),0)) -> 0 | BG93: =IF(AND(BG92>0,ROUND((TRUNC(BG86/3,1)+TRUNC((BG87+BG88)/6,1)+TRUNC(BG89/15,1)+TRUNC((BG90+BG91)/25,1)),0)<2),2,ROUND((TRUNC(BG86/3,1)+TRUNC((BG87+BG88)/6,1)+TRUNC(BG89/15,1)+TRUNC((BG90+BG91)/25,1)),0)) -> 0
A94: 保育士配置状況 ※保育補助者（無資格者）を含む。 | B94: （例）早番（無） | D94: 早朝保育補助 | BI94: 7:30～ 9:30
B97: （例）中番 | D97: ○○組担当 | BI97: 8:15～17:15
B100: 1 | BI100: ～
B103: 2 | BI103: ～
B106: 3 | BI106: ～
B109: 4 | BI109: ～
B112: 5 | BI112: ～
B115: 6 | BI115: ～
B118: 7 | BI118: ～
B121: 8 | BI121: ～
B124: 9 | BI124: ～
B127: 10 | BI127: ～
B130: 11 | BI130: ～
B133: 12 | BI133: ～
... B157: 20 | BI157: ～
B160: 合 計 | E160: =SUM(E97:E159) -> 0 | G160: =SUM(G97:G159) -> 0 | I160: =SUM(I97:I159) -> 0 | K160: =SUM(K97:K159) -> 0 | M160: =SUM(M97:M159) -> 0 | O160: =SUM(O97:O159) -> 0 | Q160: =SUM(Q97:Q159) -> 0 | S160: =SUM(S97:S159) -> 0 | U160: =SUM(U97:U159) -> 0 | W160: =SUM(W97:W159) -> 0 | Y160: =SUM(Y97:Y159) -> 0 | AA160: =SUM(AA97:AA159) -> 0 | AC160: =SUM(AC97:AC159) -> 0 | AE160: =SUM(AE97:AE159) -> 0 | AG160: =SUM(AG97:AG159) -> 0 | AI160: =SUM(AI97:AI159) -> 0 | AK160: =SUM(AK97:AK159) -> 0 | AM160: =SUM(AM97:AM159) -> 0 | AO160: =SUM(AO97:AO159) -> 0 | AQ160: =SUM(AQ97:AQ159) -> 0 | AS160: =SUM(AS97:AS159) -> 0 | AU160: =SUM(AU97:AU159) -> 0 | AW160: =SUM(AW97:AW159) -> 0 | AY160: =SUM(AY97:AY159) -> 0 | BA160: =SUM(BA97:BA159) -> 0 | BC160: =SUM(BC97:BC159) -> 0 | BE160: =SUM(BE97:BE159) -> 0 | BG160: =SUM(BG97:BG159) -> 0
A161: 適 否 | E161: =IF(E93=0,"",IF(E160>=E93,"適","否")) | G161: =IF(G93=0,"",IF(G160>=G93,"適","否")) | I161: =IF(I93=0,"",IF(I160>=I93,"適","否")) | K161: =IF(K93=0,"",IF(K160>=K93,"適","否")) | M161: =IF(M93=0,"",IF(M160>=M93,"適","否")) | O161: =IF(O93=0,"",IF(O160>=O93,"適","否")) | Q161: =IF(Q93=0,"",IF(Q160>=Q93,"適","否")) | S161: =IF(S93=0,"",IF(S160>=S93,"適","否")) | U161: =IF(U93=0,"",IF(U160>=U93,"適","否")) | W161: =IF(W93=0,"",IF(W160>=W93,"適","否")) | Y161: =IF(Y93=0,"",IF(Y160>=Y93,"適","否")) | AA161: =IF(AA93=0,"",IF(AA160>=AA93,"適","否")) | AC161: =IF(AC93=0,"",IF(AC160>=AC93,"適","否")) | AE161: =IF(AE93=0,"",IF(AE160>=AE93,"適","否")) | AG161: =IF(AG93=0,"",IF(AG160>=AG93,"適","否")) | AI161: =IF(AI93=0,"",IF(AI160>=AI93,"適","否")) | AK161: =IF(AK93=0,"",IF(AK160>=AK93,"適","否")) | AM161: =IF(AM93=0,"",IF(AM160>=AM93,"適","否")) | AO161: =IF(AO93=0,"",IF(AO160>=AO93,"適","否")) | AQ161: =IF(AQ93=0,"",IF(AQ160>=AQ93,"適","否")) | AS161: =IF(AS93=0,"",IF(AS160>=AS93,"適","否")) | AU161: =IF(AU93=0,"",IF(AU160>=AU93,"適","否")) | AW161: =IF(AW93=0,"",IF(AW160>=AW93,"適","否")) | AY161: =IF(AY93=0,"",IF(AY160>=AY93,"適","否")) | BA161: =IF(BA93=0,"",IF(BA160>=BA93,"適","否")) | BC161: =IF(BC93=0,"",IF(BC160>=BC93,"適","否")) | BE161: =IF(BE93=0,"",IF(BE160>=BE93,"適","否")) | BG161: =IF(BG93=0,"",IF(BG160>=BG93,"適","否"))
A162: （注） | B162: 無資格者は、（無）と表示してください。

Sheet 時間帯別配置（土曜日）
A1: ２ 時間帯別保育士配置表
B2: 監査資料作成基準日の属する週の状況において記入してください。 | BA2: 保育所名
A3: 区分〔平 日・土曜日〕 | E3: 0.29166667 | I3: 0.33333333 | M3: 0.375 | Q3: 0.41666667 | U3: 0.45833333 | Y3: 0.5 | AC3: 0.54166667 | AG3: 0.58333333 | AK3: 0.625 | AO3: 0.66666667 | AS3: 0.70833333 | AW3: 0.75 | BA3: 0.79166667 | BE3: 0.83333333 | BI3: 保育士の 勤務時間
A4: 時間 帯別 入所 児童 数＿ | B4: 年度当初満年齢区分 | C4: ０歳児
C5: １歳児
C6: ２歳児
C7: ３歳児
C8: ４歳以上児
C9: 短時間利用児
B10: 計 | E10: =SUM(E4:E9) -> 0 | G10: =SUM(G4:G9) -> 0 | I10: =SUM(I4:I9) -> 0 | K10: =SUM(K4:K9) -> 0 | M10: =SUM(M4:M9) -> 0 | O10: =SUM(O4:O9) -> 0 | Q10: =SUM(Q4:Q9) -> 0 | S10: =SUM(S4:S9) -> 0 | U10: =SUM(U4:U9) -> 0 | W10: =SUM(W4:W9) -> 0 | Y10: =SUM(Y4:Y9) -> 0 | AA10: =SUM(AA4:AA9) -> 0 | AC10: =SUM(AC4:AC9) -> 0 | AE10: =SUM(AE4:AE9) -> 0 | AG10: =SUM(AG4:AG9) -> 0 | AI10: =SUM(AI4:AI9) -> 0 | AK10: =SUM(AK4:AK9) -> 0 | AM10: =SUM(AM4:AM9) -> 0 | AO10: =SUM(AO4:AO9) -> 0 | AQ10: =SUM(AQ4:AQ9) -> 0 | AS10: =SUM(AS4:AS9) -> 0 | AU10: =SUM(AU4:AU9) -> 0 | AW10: =SUM(AW4:AW9) -> 0 | AY10: =SUM(AY4:AY9) -> 0 | BA10: =SUM(BA4:BA9) -> 0 | BC10: =SUM(BC4:BC9) -> 0 | BE10: =SUM(BE4:BE9) -> 0 | BG10: =SUM(BG4:BG9) -> 0
A11: 必要保育士数 | E11: =IF(AND(E10>0,ROUND((TRUNC(E4/3,1)+TRUNC((E5+E6)/6,1)+TRUNC(E7/15,1)+TRUNC((E8+E9)/25,1)),0)<2),2,ROUND((TRUNC(E4/3,1)+TRUNC((E5+E6)/6,1)+TRUNC(E7/15,1)+TRUNC((E8+E9)/25,1)),0)) -> 0 | G11: =IF(AND(G10>0,ROUND((TRUNC(G4/3,1)+TRUNC((G5+G6)/6,1)+TRUNC(G7/15,1)+TRUNC((G8+G9)/25,1)),0)<2),2,ROUND((TRUNC(G4/3,1)+TRUNC((G5+G6)/6,1)+TRUNC(G7/15,1)+TRUNC((G8+G9)/25,1)),0)) -> 0 | I11: =IF(AND(I10>0,ROUND((TRUNC(I4/3,1)+TRUNC((I5+I6)/6,1)+TRUNC(I7/15,1)+TRUNC((I8+I9)/25,1)),0)<2),2,ROUND((TRUNC(I4/3,1)+TRUNC((I5+I6)/6,1)+TRUNC(I7/15,1)+TRUNC((I8+I9)/25,1)),0)) -> 0 | K11: =IF(AND(K10>0,ROUND((TRUNC(K4/3,1)+TRUNC((K5+K6)/6,1)+TRUNC(K7/15,1)+TRUNC((K8+K9)/25,1)),0)<2),2,ROUND((TRUNC(K4/3,1)+TRUNC((K5+K6)/6,1)+TRUNC(K7/15,1)+TRUNC((K8+K9)/25,1)),0)) -> 0 | M11: =IF(AND(M10>0,ROUND((TRUNC(M4/3,1)+TRUNC((M5+M6)/6,1)+TRUNC(M7/15,1)+TRUNC((M8+M9)/25,1)),0)<2),2,ROUND((TRUNC(M4/3,1)+TRUNC((M5+M6)/6,1)+TRUNC(M7/15,1)+TRUNC((M8+M9)/25,1)),0)) -> 0 | O11: =IF(AND(O10>0,ROUND((TRUNC(O4/3,1)+TRUNC((O5+O6)/6,1)+TRUNC(O7/15,1)+TRUNC((O8+O9)/25,1)),0)<2),2,ROUND((TRUNC(O4/3,1)+TRUNC((O5+O6)/6,1)+TRUNC(O7/15,1)+TRUNC((O8+O9)/25,1)),0)) -> 0 | Q11: =IF(AND(Q10>0,ROUND((TRUNC(Q4/3,1)+TRUNC((Q5+Q6)/6,1)+TRUNC(Q7/15,1)+TRUNC((Q8+Q9)/25,1)),0)<2),2,ROUND((TRUNC(Q4/3,1)+TRUNC((Q5+Q6)/6,1)+TRUNC(Q7/15,1)+TRUNC((Q8+Q9)/25,1)),0)) -> 0 | S11: =IF(AND(S10>0,ROUND((TRUNC(S4/3,1)+TRUNC((S5+S6)/6,1)+TRUNC(S7/15,1)+TRUNC((S8+S9)/25,1)),0)<2),2,ROUND((TRUNC(S4/3,1)+TRUNC((S5+S6)/6,1)+TRUNC(S7/15,1)+TRUNC((S8+S9)/25,1)),0)) -> 0 | U11: =IF(AND(U10>0,ROUND((TRUNC(U4/3,1)+TRUNC((U5+U6)/6,1)+TRUNC(U7/15,1)+TRUNC((U8+U9)/25,1)),0)<2),2,ROUND((TRUNC(U4/3,1)+TRUNC((U5+U6)/6,1)+TRUNC(U7/15,1)+TRUNC((U8+U9)/25,1)),0)) -> 0 | W11: =IF(AND(W10>0,ROUND((TRUNC(W4/3,1)+TRUNC((W5+W6)/6,1)+TRUNC(W7/15,1)+TRUNC((W8+W9)/25,1)),0)<2),2,ROUND((TRUNC(W4/3,1)+TRUNC((W5+W6)/6,1)+TRUNC(W7/15,1)+TRUNC((W8+W9)/25,1)),0)) -> 0 | Y11: =IF(AND(Y10>0,ROUND((TRUNC(Y4/3,1)+TRUNC((Y5+Y6)/6,1)+TRUNC(Y7/15,1)+TRUNC((Y8+Y9)/25,1)),0)<2),2,ROUND((TRUNC(Y4/3,1)+TRUNC((Y5+Y6)/6,1)+TRUNC(Y7/15,1)+TRUNC((Y8+Y9)/25,1)),0)) -> 0 | AA11: =IF(AND(AA10>0,ROUND((TRUNC(AA4/3,1)+TRUNC((AA5+AA6)/6,1)+TRUNC(AA7/15,1)+TRUNC((AA8+AA9)/25,1)),0)<2),2,ROUND((TRUNC(AA4/3,1)+TRUNC((AA5+AA6)/6,1)+TRUNC(AA7/15,1)+TRUNC((AA8+AA9)/25,1)),0)) -> 0 | AC11: =IF(AND(AC10>0,ROUND((TRUNC(AC4/3,1)+TRUNC((AC5+AC6)/6,1)+TRUNC(AC7/15,1)+TRUNC((AC8+AC9)/25,1)),0)<2),2,ROUND((TRUNC(AC4/3,1)+TRUNC((AC5+AC6)/6,1)+TRUNC(AC7/15,1)+TRUNC((AC8+AC9)/25,1)),0)) -> 0 | AE11: =IF(AND(AE10>0,ROUND((TRUNC(AE4/3,1)+TRUNC((AE5+AE6)/6,1)+TRUNC(AE7/15,1)+TRUNC((AE8+AE9)/25,1)),0)<2),2,ROUND((TRUNC(AE4/3,1)+TRUNC((AE5+AE6)/6,1)+TRUNC(AE7/15,1)+TRUNC((AE8+AE9)/25,1)),0)) -> 0 | AG11: =IF(AND(AG10>0,ROUND((TRUNC(AG4/3,1)+TRUNC((AG5+AG6)/6,1)+TRUNC(AG7/15,1)+TRUNC((AG8+AG9)/25,1)),0)<2),2,ROUND((TRUNC(AG4/3,1)+TRUNC((AG5+AG6)/6,1)+TRUNC(AG7/15,1)+TRUNC((AG8+AG9)/25,1)),0)) -> 0 | AI11: =IF(AND(AI10>0,ROUND((TRUNC(AI4/3,1)+TRUNC((AI5+AI6)/6,1)+TRUNC(AI7/15,1)+TRUNC((AI8+AI9)/25,1)),0)<2),2,ROUND((TRUNC(AI4/3,1)+TRUNC((AI5+AI6)/6,1)+TRUNC(AI7/15,1)+TRUNC((AI8+AI9)/25,1)),0)) -> 0 | AK11: =IF(AND(AK10>0,ROUND((TRUNC(AK4/3,1)+TRUNC((AK5+AK6)/6,1)+TRUNC(AK7/15,1)+TRUNC((AK8+AK9)/25,1)),0)<2),2,ROUND((TRUNC(AK4/3,1)+TRUNC((AK5+AK6)/6,1)+TRUNC(AK7/15,1)+TRUNC((AK8+AK9)/25,1)),0)) -> 0 | AM11: =IF(AND(AM10>0,ROUND((TRUNC(AM4/3,1)+TRUNC((AM5+AM6)/6,1)+TRUNC(AM7/15,1)+TRUNC((AM8+AM9)/25,1)),0)<2),2,ROUND((TRUNC(AM4/3,1)+TRUNC((AM5+AM6)/6,1)+TRUNC(AM7/15,1)+TRUNC((AM8+AM9)/25,1)),0)) -> 0 | AO11: =IF(AND(AO10>0,ROUND((TRUNC(AO4/3,1)+TRUNC((AO5+AO6)/6,1)+TRUNC(AO7/15,1)+TRUNC((AO8+AO9)/25,1)),0)<2),2,ROUND((TRUNC(AO4/3,1)+TRUNC((AO5+AO6)/6,1)+TRUNC(AO7/15,1)+TRUNC((AO8+AO9)/25,1)),0)) -> 0 | AQ11: =IF(AND(AQ10>0,ROUND((TRUNC(AQ4/3,1)+TRUNC((AQ5+AQ6)/6,1)+TRUNC(AQ7/15,1)+TRUNC((AQ8+AQ9)/25,1)),0)<2),2,ROUND((TRUNC(AQ4/3,1)+TRUNC((AQ5+AQ6)/6,1)+TRUNC(AQ7/15,1)+TRUNC((AQ8+AQ9)/25,1)),0)) -> 0 | AS11: =IF(AND(AS10>0,ROUND((TRUNC(AS4/3,1)+TRUNC((AS5+AS6)/6,1)+TRUNC(AS7/15,1)+TRUNC((AS8+AS9)/25,1)),0)<2),2,ROUND((TRUNC(AS4/3,1)+TRUNC((AS5+AS6)/6,1)+TRUNC(AS7/15,1)+TRUNC((AS8+AS9)/25,1)),0)) -> 0 | AU11: =IF(AND(AU10>0,ROUND((TRUNC(AU4/3,1)+TRUNC((AU5+AU6)/6,1)+TRUNC(AU7/15,1)+TRUNC((AU8+AU9)/25,1)),0)<2),2,ROUND((TRUNC(AU4/3,1)+TRUNC((AU5+AU6)/6,1)+TRUNC(AU7/15,1)+TRUNC((AU8+AU9)/25,1)),0)) -> 0 | AW11: =IF(AND(AW10>0,ROUND((TRUNC(AW4/3,1)+TRUNC((AW5+AW6)/6,1)+TRUNC(AW7/15,1)+TRUNC((AW8+AW9)/25,1)),0)<2),2,ROUND((TRUNC(AW4/3,1)+TRUNC((AW5+AW6)/6,1)+TRUNC(AW7/15,1)+TRUNC((AW8+AW9)/25,1)),0)) -> 0 | AY11: =IF(AND(AY10>0,ROUND((TRUNC(AY4/3,1)+TRUNC((AY5+AY6)/6,1)+TRUNC(AY7/15,1)+TRUNC((AY8+AY9)/25,1)),0)<2),2,ROUND((TRUNC(AY4/3,1)+TRUNC((AY5+AY6)/6,1)+TRUNC(AY7/15,1)+TRUNC((AY8+AY9)/25,1)),0)) -> 0 | BA11: =IF(AND(BA10>0,ROUND((TRUNC(BA4/3,1)+TRUNC((BA5+BA6)/6,1)+TRUNC(BA7/15,1)+TRUNC((BA8+BA9)/25,1)),0)<2),2,ROUND((TRUNC(BA4/3,1)+TRUNC((BA5+BA6)/6,1)+TRUNC(BA7/15,1)+TRUNC((BA8+BA9)/25,1)),0)) -> 0 | BC11: =IF(AND(BC10>0,ROUND((TRUNC(BC4/3,1)+TRUNC((BC5+BC6)/6,1)+TRUNC(BC7/15,1)+TRUNC((BC8+BC9)/25,1)),0)<2),2,ROUND((TRUNC(BC4/3,1)+TRUNC((BC5+BC6)/6,1)+TRUNC(BC7/15,1)+TRUNC((BC8+BC9)/25,1)),0)) -> 0 | BE11: =IF(AND(BE10>0,ROUND((TRUNC(BE4/3,1)+TRUNC((BE5+BE6)/6,1)+TRUNC(BE7/15,1)+TRUNC((BE8+BE9)/25,1)),0)<2),2,ROUND((TRUNC(BE4/3,1)+TRUNC((BE5+BE6)/6,1)+TRUNC(BE7/15,1)+TRUNC((BE8+BE9)/25,1)),0)) -> 0 | BG11: =IF(AND(BG10>0,ROUND((TRUNC(BG4/3,1)+TRUNC((BG5+BG6)/6,1)+TRUNC(BG7/15,1)+TRUNC((BG8+BG9)/25,1)),0)<2),2,ROUND((TRUNC(BG4/3,1)+TRUNC((BG5+BG6)/6,1)+TRUNC(BG7/15,1)+TRUNC((BG8+BG9)/25,1)),0)) -> 0
A12: 保育士配置状況 ※保育補助者（無資格者）を含めないこと。 | D12: 保有資格 | BI12: ～
B15: （例）中番 | D15: 保育士 | BI15: 8:15～17:15
B18: 1 | BI18: ～
B21: 2 | BI21: ～
B24: 3 | BI24: ～
B27: 4 | BI27: ～
B30: 5 | BI30: ～
B33: 6 | BI33: ～
B36: 7 | BI36: ～
B39: 8 | BI39: ～
B42: 9 | BI42: ～
B45: 10 | BI45: ～
B48: 11 | BI48: ～
B51: 12 | BI51: ～
... B72: 19 | BI72: ～
B75: 合 計 | E75: =SUM(E12:E74) -> 0 | G75: =SUM(G12:G74) -> 0 | I75: =SUM(I12:I74) -> 0 | K75: =SUM(K12:K74) -> 0 | M75: =SUM(M12:M74) -> 0 | O75: =SUM(O12:O74) -> 0 | Q75: =SUM(Q12:Q74) -> 0 | S75: =SUM(S12:S74) -> 0 | U75: =SUM(U12:U74) -> 0 | W75: =SUM(W12:W74) -> 0 | Y75: =SUM(Y12:Y74) -> 0 | AA75: =SUM(AA12:AA74) -> 0 | AC75: =SUM(AC12:AC74) -> 0 | AE75: =SUM(AE12:AE74) -> 0 | AG75: =SUM(AG12:AG74) -> 0 | AI75: =SUM(AI12:AI74) -> 0 | AK75: =SUM(AK12:AK74) -> 0 | AM75: =SUM(AM12:AM74) -> 0 | AO75: =SUM(AO12:AO74) -> 0 | AQ75: =SUM(AQ12:AQ74) -> 0 | AS75: =SUM(AS12:AS74) -> 0 | AU75: =SUM(AU12:AU74) -> 0 | AW75: =SUM(AW12:AW74) -> 0 | AY75: =SUM(AY12:AY74) -> 0 | BA75: =SUM(BA12:BA74) -> 0 | BC75: =SUM(BC12:BC74) -> 0 | BE75: =SUM(BE12:BE74) -> 0 | BG75: =SUM(BG12:BG74) -> 0
A76: 適 否 | E76: =IF(E11=0,"",IF(E75>=E11,"適","否")) | G76: =IF(G11=0,"",IF(G75>=G11,"適","否")) | I76: =IF(I11=0,"",IF(I75>=I11,"適","否")) | K76: =IF(K11=0,"",IF(K75>=K11,"適","否")) | M76: =IF(M11=0,"",IF(M75>=M11,"適","否")) | O76: =IF(O11=0,"",IF(O75>=O11,"適","否")) | Q76: =IF(Q11=0,"",IF(Q75>=Q11,"適","否")) | S76: =IF(S11=0,"",IF(S75>=S11,"適","否")) | U76: =IF(U11=0,"",IF(U75>=U11,"適","否")) | W76: =IF(W11=0,"",IF(W75>=W11,"適","否")) | Y76: =IF(Y11=0,"",IF(Y75>=Y11,"適","否")) | AA76: =IF(AA11=0,"",IF(AA75>=AA11,"適","否")) | AC76: =IF(AC11=0,"",IF(AC75>=AC11,"適","否")) | AE76: =IF(AE11=0,"",IF(AE75>=AE11,"適","否")) | AG76: =IF(AG11=0,"",IF(AG75>=AG11,"適","否")) | AI76: =IF(AI11=0,"",IF(AI75>=AI11,"適","否")) | AK76: =IF(AK11=0,"",IF(AK75>=AK11,"適","否")) | AM76: =IF(AM11=0,"",IF(AM75>=AM11,"適","否")) | AO76: =IF(AO11=0,"",IF(AO75>=AO11,"適","否")) | AQ76: =IF(AQ11=0,"",IF(AQ75>=AQ11,"適","否")) | AS76: =IF(AS11=0,"",IF(AS75>=AS11,"適","否")) | AU76: =IF(AU11=0,"",IF(AU75>=AU11,"適","否")) | AW76: =IF(AW11=0,"",IF(AW75>=AW11,"適","否")) | AY76: =IF(AY11=0,"",IF(AY75>=AY11,"適","否")) | BA76: =IF(BA11=0,"",IF(BA75>=BA11,"適","否")) | BC76: =IF(BC11=0,"",IF(BC75>=BC11,"適","否")) | BE76: =IF(BE11=0,"",IF(BE75>=BE11,"適","否")) | BG76: =IF(BG11=0,"",IF(BG75>=BG11,"適","否"))
A77: （注）1 | B77: 時間帯別入所児童数欄には、時間帯別、年齢区分別に児童数（一時預かり・特定保育児童（平均）を含む。）を記入してください。
A78: 2 | B78: 必要保育士数欄は、最低基準（0歳児3:1，1･2歳児6:1，3歳児15:1，4歳以上児25:1）により算出した保育士数を記入してください。
A79: 3 | B79: 保育士配置状況の合計欄については、当該時間帯に保育士が配置されている数（休憩時間の保育士を含めないこと。）を記入してください。
A80: 4 | B80: 週休者は表示のみで配置には含めないでください。また、地域子育て支援拠点事業（同様の自主事業を含む。）の専任職員である保育士ついて、その事業従事時間については配置に含めないでください。
A81: 5 | B81: 保育士配置状況が異なる日（曜日）がある場合には、当該日（曜日）にかかるものを別途作成してください。
A83: ２ 時間帯別保育士配置表（無資格者を含む。）
B84: 監査資料作成基準日の属する週の状況において記入してください。 | BA84: 保育所名
A85: 区分〔平 日・土曜日〕 | E85: 0.29166667 | I85: 0.33333333 | M85: 0.375 | Q85: 0.41666667 | U85: 0.45833333 | Y85: 0.5 | AC85: 0.54166667 | AG85: 0.58333333 | AK85: 0.625 | AO85: 0.66666667 | AS85: 0.70833333 | AW85: 0.75 | BA85: 0.79166667 | BE85: 0.83333333 | BI85: 保育士の 勤務時間
A86: 時間 帯別 入所 児童 数＿ | B86: 年度当初満年齢区分 | C86: ０歳児
C87: １歳児
C88: ２歳児
C89: ３歳児
C90: ４歳以上児
C91: 短時間利用児
B92: 計 | E92: =SUM(E86:E91) -> 0 | G92: =SUM(G86:G91) -> 0 | I92: =SUM(I86:I91) -> 0 | K92: =SUM(K86:K91) -> 0 | M92: =SUM(M86:M91) -> 0 | O92: =SUM(O86:O91) -> 0 | Q92: =SUM(Q86:Q91) -> 0 | S92: =SUM(S86:S91) -> 0 | U92: =SUM(U86:U91) -> 0 | W92: =SUM(W86:W91) -> 0 | Y92: =SUM(Y86:Y91) -> 0 | AA92: =SUM(AA86:AA91) -> 0 | AC92: =SUM(AC86:AC91) -> 0 | AE92: =SUM(AE86:AE91) -> 0 | AG92: =SUM(AG86:AG91) -> 0 | AI92: =SUM(AI86:AI91) -> 0 | AK92: =SUM(AK86:AK91) -> 0 | AM92: =SUM(AM86:AM91) -> 0 | AO92: =SUM(AO86:AO91) -> 0 | AQ92: =SUM(AQ86:AQ91) -> 0 | AS92: =SUM(AS86:AS91) -> 0 | AU92: =SUM(AU86:AU91) -> 0 | AW92: =SUM(AW86:AW91) -> 0 | AY92: =SUM(AY86:AY91) -> 0 | BA92: =SUM(BA86:BA91) -> 0 | BC92: =SUM(BC86:BC91) -> 0 | BE92: =SUM(BE86:BE91) -> 0 | BG92: =SUM(BG86:BG91) -> 0
A93: 必要保育士数 | E93: =IF(AND(E92>0,ROUND((TRUNC(E86/3,1)+TRUNC((E87+E88)/6,1)+TRUNC(E89/15,1)+TRUNC((E90+E91)/25,1)),0)<2),2,ROUND((TRUNC(E86/3,1)+TRUNC((E87+E88)/6,1)+TRUNC(E89/15,1)+TRUNC((E90+E91)/25,1)),0)) -> 0 | G93: =IF(AND(G92>0,ROUND((TRUNC(G86/3,1)+TRUNC((G87+G88)/6,1)+TRUNC(G89/15,1)+TRUNC((G90+G91)/25,1)),0)<2),2,ROUND((TRUNC(G86/3,1)+TRUNC((G87+G88)/6,1)+TRUNC(G89/15,1)+TRUNC((G90+G91)/25,1)),0)) -> 0 | I93: =IF(AND(I92>0,ROUND((TRUNC(I86/3,1)+TRUNC((I87+I88)/6,1)+TRUNC(I89/15,1)+TRUNC((I90+I91)/25,1)),0)<2),2,ROUND((TRUNC(I86/3,1)+TRUNC((I87+I88)/6,1)+TRUNC(I89/15,1)+TRUNC((I90+I91)/25,1)),0)) -> 0 | K93: =IF(AND(K92>0,ROUND((TRUNC(K86/3,1)+TRUNC((K87+K88)/6,1)+TRUNC(K89/15,1)+TRUNC((K90+K91)/25,1)),0)<2),2,ROUND((TRUNC(K86/3,1)+TRUNC((K87+K88)/6,1)+TRUNC(K89/15,1)+TRUNC((K90+K91)/25,1)),0)) -> 0 | M93: =IF(AND(M92>0,ROUND((TRUNC(M86/3,1)+TRUNC((M87+M88)/6,1)+TRUNC(M89/15,1)+TRUNC((M90+M91)/25,1)),0)<2),2,ROUND((TRUNC(M86/3,1)+TRUNC((M87+M88)/6,1)+TRUNC(M89/15,1)+TRUNC((M90+M91)/25,1)),0)) -> 0 | O93: =IF(AND(O92>0,ROUND((TRUNC(O86/3,1)+TRUNC((O87+O88)/6,1)+TRUNC(O89/15,1)+TRUNC((O90+O91)/25,1)),0)<2),2,ROUND((TRUNC(O86/3,1)+TRUNC((O87+O88)/6,1)+TRUNC(O89/15,1)+TRUNC((O90+O91)/25,1)),0)) -> 0 | Q93: =IF(AND(Q92>0,ROUND((TRUNC(Q86/3,1)+TRUNC((Q87+Q88)/6,1)+TRUNC(Q89/15,1)+TRUNC((Q90+Q91)/25,1)),0)<2),2,ROUND((TRUNC(Q86/3,1)+TRUNC((Q87+Q88)/6,1)+TRUNC(Q89/15,1)+TRUNC((Q90+Q91)/25,1)),0)) -> 0 | S93: =IF(AND(S92>0,ROUND((TRUNC(S86/3,1)+TRUNC((S87+S88)/6,1)+TRUNC(S89/15,1)+TRUNC((S90+S91)/25,1)),0)<2),2,ROUND((TRUNC(S86/3,1)+TRUNC((S87+S88)/6,1)+TRUNC(S89/15,1)+TRUNC((S90+S91)/25,1)),0)) -> 0 | U93: =IF(AND(U92>0,ROUND((TRUNC(U86/3,1)+TRUNC((U87+U88)/6,1)+TRUNC(U89/15,1)+TRUNC((U90+U91)/25,1)),0)<2),2,ROUND((TRUNC(U86/3,1)+TRUNC((U87+U88)/6,1)+TRUNC(U89/15,1)+TRUNC((U90+U91)/25,1)),0)) -> 0 | W93: =IF(AND(W92>0,ROUND((TRUNC(W86/3,1)+TRUNC((W87+W88)/6,1)+TRUNC(W89/15,1)+TRUNC((W90+W91)/25,1)),0)<2),2,ROUND((TRUNC(W86/3,1)+TRUNC((W87+W88)/6,1)+TRUNC(W89/15,1)+TRUNC((W90+W91)/25,1)),0)) -> 0 | Y93: =IF(AND(Y92>0,ROUND((TRUNC(Y86/3,1)+TRUNC((Y87+Y88)/6,1)+TRUNC(Y89/15,1)+TRUNC((Y90+Y91)/25,1)),0)<2),2,ROUND((TRUNC(Y86/3,1)+TRUNC((Y87+Y88)/6,1)+TRUNC(Y89/15,1)+TRUNC((Y90+Y91)/25,1)),0)) -> 0 | AA93: =IF(AND(AA92>0,ROUND((TRUNC(AA86/3,1)+TRUNC((AA87+AA88)/6,1)+TRUNC(AA89/15,1)+TRUNC((AA90+AA91)/25,1)),0)<2),2,ROUND((TRUNC(AA86/3,1)+TRUNC((AA87+AA88)/6,1)+TRUNC(AA89/15,1)+TRUNC((AA90+AA91)/25,1)),0)) -> 0 | AC93: =IF(AND(AC92>0,ROUND((TRUNC(AC86/3,1)+TRUNC((AC87+AC88)/6,1)+TRUNC(AC89/15,1)+TRUNC((AC90+AC91)/25,1)),0)<2),2,ROUND((TRUNC(AC86/3,1)+TRUNC((AC87+AC88)/6,1)+TRUNC(AC89/15,1)+TRUNC((AC90+AC91)/25,1)),0)) -> 0 | AE93: =IF(AND(AE92>0,ROUND((TRUNC(AE86/3,1)+TRUNC((AE87+AE88)/6,1)+TRUNC(AE89/15,1)+TRUNC((AE90+AE91)/25,1)),0)<2),2,ROUND((TRUNC(AE86/3,1)+TRUNC((AE87+AE88)/6,1)+TRUNC(AE89/15,1)+TRUNC((AE90+AE91)/25,1)),0)) -> 0 | AG93: =IF(AND(AG92>0,ROUND((TRUNC(AG86/3,1)+TRUNC((AG87+AG88)/6,1)+TRUNC(AG89/15,1)+TRUNC((AG90+AG91)/25,1)),0)<2),2,ROUND((TRUNC(AG86/3,1)+TRUNC((AG87+AG88)/6,1)+TRUNC(AG89/15,1)+TRUNC((AG90+AG91)/25,1)),0)) -> 0 | AI93: =IF(AND(AI92>0,ROUND((TRUNC(AI86/3,1)+TRUNC((AI87+AI88)/6,1)+TRUNC(AI89/15,1)+TRUNC((AI90+AI91)/25,1)),0)<2),2,ROUND((TRUNC(AI86/3,1)+TRUNC((AI87+AI88)/6,1)+TRUNC(AI89/15,1)+TRUNC((AI90+AI91)/25,1)),0)) -> 0 | AK93: =IF(AND(AK92>0,ROUND((TRUNC(AK86/3,1)+TRUNC((AK87+AK88)/6,1)+TRUNC(AK89/15,1)+TRUNC((AK90+AK91)/25,1)),0)<2),2,ROUND((TRUNC(AK86/3,1)+TRUNC((AK87+AK88)/6,1)+TRUNC(AK89/15,1)+TRUNC((AK90+AK91)/25,1)),0)) -> 0 | AM93: =IF(AND(AM92>0,ROUND((TRUNC(AM86/3,1)+TRUNC((AM87+AM88)/6,1)+TRUNC(AM89/15,1)+TRUNC((AM90+AM91)/25,1)),0)<2),2,ROUND((TRUNC(AM86/3,1)+TRUNC((AM87+AM88)/6,1)+TRUNC(AM89/15,1)+TRUNC((AM90+AM91)/25,1)),0)) -> 0 | AO93: =IF(AND(AO92>0,ROUND((TRUNC(AO86/3,1)+TRUNC((AO87+AO88)/6,1)+TRUNC(AO89/15,1)+TRUNC((AO90+AO91)/25,1)),0)<2),2,ROUND((TRUNC(AO86/3,1)+TRUNC((AO87+AO88)/6,1)+TRUNC(AO89/15,1)+TRUNC((AO90+AO91)/25,1)),0)) -> 0 | AQ93: =IF(AND(AQ92>0,ROUND((TRUNC(AQ86/3,1)+TRUNC((AQ87+AQ88)/6,1)+TRUNC(AQ89/15,1)+TRUNC((AQ90+AQ91)/25,1)),0)<2),2,ROUND((TRUNC(AQ86/3,1)+TRUNC((AQ87+AQ88)/6,1)+TRUNC(AQ89/15,1)+TRUNC((AQ90+AQ91)/25,1)),0)) -> 0 | AS93: =IF(AND(AS92>0,ROUND((TRUNC(AS86/3,1)+TRUNC((AS87+AS88)/6,1)+TRUNC(AS89/15,1)+TRUNC((AS90+AS91)/25,1)),0)<2),2,ROUND((TRUNC(AS86/3,1)+TRUNC((AS87+AS88)/6,1)+TRUNC(AS89/15,1)+TRUNC((AS90+AS91)/25,1)),0)) -> 0 | AU93: =IF(AND(AU92>0,ROUND((TRUNC(AU86/3,1)+TRUNC((AU87+AU88)/6,1)+TRUNC(AU89/15,1)+TRUNC((AU90+AU91)/25,1)),0)<2),2,ROUND((TRUNC(AU86/3,1)+TRUNC((AU87+AU88)/6,1)+TRUNC(AU89/15,1)+TRUNC((AU90+AU91)/25,1)),0)) -> 0 | AW93: =IF(AND(AW92>0,ROUND((TRUNC(AW86/3,1)+TRUNC((AW87+AW88)/6,1)+TRUNC(AW89/15,1)+TRUNC((AW90+AW91)/25,1)),0)<2),2,ROUND((TRUNC(AW86/3,1)+TRUNC((AW87+AW88)/6,1)+TRUNC(AW89/15,1)+TRUNC((AW90+AW91)/25,1)),0)) -> 0 | AY93: =IF(AND(AY92>0,ROUND((TRUNC(AY86/3,1)+TRUNC((AY87+AY88)/6,1)+TRUNC(AY89/15,1)+TRUNC((AY90+AY91)/25,1)),0)<2),2,ROUND((TRUNC(AY86/3,1)+TRUNC((AY87+AY88)/6,1)+TRUNC(AY89/15,1)+TRUNC((AY90+AY91)/25,1)),0)) -> 0 | BA93: =IF(AND(BA92>0,ROUND((TRUNC(BA86/3,1)+TRUNC((BA87+BA88)/6,1)+TRUNC(BA89/15,1)+TRUNC((BA90+BA91)/25,1)),0)<2),2,ROUND((TRUNC(BA86/3,1)+TRUNC((BA87+BA88)/6,1)+TRUNC(BA89/15,1)+TRUNC((BA90+BA91)/25,1)),0)) -> 0 | BC93: =IF(AND(BC92>0,ROUND((TRUNC(BC86/3,1)+TRUNC((BC87+BC88)/6,1)+TRUNC(BC89/15,1)+TRUNC((BC90+BC91)/25,1)),0)<2),2,ROUND((TRUNC(BC86/3,1)+TRUNC((BC87+BC88)/6,1)+TRUNC(BC89/15,1)+TRUNC((BC90+BC91)/25,1)),0)) -> 0 | BE93: =IF(AND(BE92>0,ROUND((TRUNC(BE86/3,1)+TRUNC((BE87+BE88)/6,1)+TRUNC(BE89/15,1)+TRUNC((BE90+BE91)/25,1)),0)<2),2,ROUND((TRUNC(BE86/3,1)+TRUNC((BE87+BE88)/6,1)+TRUNC(BE89/15,1)+TRUNC((BE90+BE91)/25,1)),0)) -> 0 | BG93: =IF(AND(BG92>0,ROUND((TRUNC(BG86/3,1)+TRUNC((BG87+BG88)/6,1)+TRUNC(BG89/15,1)+TRUNC((BG90+BG91)/25,1)),0)<2),2,ROUND((TRUNC(BG86/3,1)+TRUNC((BG87+BG88)/6,1)+TRUNC(BG89/15,1)+TRUNC((BG90+BG91)/25,1)),0)) -> 0
A94: 保育士配置状況 ※保育補助者（無資格者）を含む。 | B94: （例）早番（無） | D94: 早朝保育補助 | BI94: 7:30～ 9:30
B97: （例）中番 | D97: ○○組担当 | BI97: 8:15～17:15
B100: 1 | BI100: ～
B103: 2 | BI103: ～
B106: 3 | BI106: ～
B109: 4 | BI109: ～
B112: 5 | BI112: ～
B115: 6 | BI115: ～
B118: 7 | BI118: ～
B121: 8 | BI121: ～
B124: 9 | BI124: ～
B127: 10 | BI127: ～
B130: 11 | BI130: ～
B133: 12 | BI133: ～
... B157: 20 | BI157: ～
B160: 合 計 | E160: =SUM(E97:E159) -> 0 | G160: =SUM(G97:G159) -> 0 | I160: =SUM(I97:I159) -> 0 | K160: =SUM(K97:K159) -> 0 | M160: =SUM(M97:M159) -> 0 | O160: =SUM(O97:O159) -> 0 | Q160: =SUM(Q97:Q159) -> 0 | S160: =SUM(S97:S159) -> 0 | U160: =SUM(U97:U159) -> 0 | W160: =SUM(W97:W159) -> 0 | Y160: =SUM(Y97:Y159) -> 0 | AA160: =SUM(AA97:AA159) -> 0 | AC160: =SUM(AC97:AC159) -> 0 | AE160: =SUM(AE97:AE159) -> 0 | AG160: =SUM(AG97:AG159) -> 0 | AI160: =SUM(AI97:AI159) -> 0 | AK160: =SUM(AK97:AK159) -> 0 | AM160: =SUM(AM97:AM159) -> 0 | AO160: =SUM(AO97:AO159) -> 0 | AQ160: =SUM(AQ97:AQ159) -> 0 | AS160: =SUM(AS97:AS159) -> 0 | AU160: =SUM(AU97:AU159) -> 0 | AW160: =SUM(AW97:AW159) -> 0 | AY160: =SUM(AY97:AY159) -> 0 | BA160: =SUM(BA97:BA159) -> 0 | BC160: =SUM(BC97:BC159) -> 0 | BE160: =SUM(BE97:BE159) -> 0 | BG160: =SUM(BG97:BG159) -> 0
A161: 適 否 | E161: =IF(E93=0,"",IF(E160>=E93,"適","否")) | G161: =IF(G93=0,"",IF(G160>=G93,"適","否")) | I161: =IF(I93=0,"",IF(I160>=I93,"適","否")) | K161: =IF(K93=0,"",IF(K160>=K93,"適","否")) | M161: =IF(M93=0,"",IF(M160>=M93,"適","否")) | O161: =IF(O93=0,"",IF(O160>=O93,"適","否")) | Q161: =IF(Q93=0,"",IF(Q160>=Q93,"適","否")) | S161: =IF(S93=0,"",IF(S160>=S93,"適","否")) | U161: =IF(U93=0,"",IF(U160>=U93,"適","否")) | W161: =IF(W93=0,"",IF(W160>=W93,"適","否")) | Y161: =IF(Y93=0,"",IF(Y160>=Y93,"適","否")) | AA161: =IF(AA93=0,"",IF(AA160>=AA93,"適","否")) | AC161: =IF(AC93=0,"",IF(AC160>=AC93,"適","否")) | AE161: =IF(AE93=0,"",IF(AE160>=AE93,"適","否")) | AG161: =IF(AG93=0,"",IF(AG160>=AG93,"適","否")) | AI161: =IF(AI93=0,"",IF(AI160>=AI93,"適","否")) | AK161: =IF(AK93=0,"",IF(AK160>=AK93,"適","否")) | AM161: =IF(AM93=0,"",IF(AM160>=AM93,"適","否")) | AO161: =IF(AO93=0,"",IF(AO160>=AO93,"適","否")) | AQ161: =IF(AQ93=0,"",IF(AQ160>=AQ93,"適","否")) | AS161: =IF(AS93=0,"",IF(AS160>=AS93,"適","否")) | AU161: =IF(AU93=0,"",IF(AU160>=AU93,"適","否")) | AW161: =IF(AW93=0,"",IF(AW160>=AW93,"適","否")) | AY161: =IF(AY93=0,"",IF(AY160>=AY93,"適","否")) | BA161: =IF(BA93=0,"",IF(BA160>=BA93,"適","否")) | BC161: =IF(BC93=0,"",IF(BC160>=BC93,"適","否")) | BE161: =IF(BE93=0,"",IF(BE160>=BE93,"適","否")) | BG161: =IF(BG93=0,"",IF(BG160>=BG93,"適","否"))
A162: （注） | B162: 無資格者は、（無）と表示してください。

Sheet 保育士配置基準
C4: 保育対象児童年齢及び数に応じた保育士 | AE4: 事業目的等に応じた保育士
B5: 必要配置 | C5: 延長保育時間を除く開所時間のどの時間帯をとってもその時間帯に在所する児童年齢（満年齢）及び数に応じた保育士を常時配置するために必要となる保育士数 | U5: 延長保育を実施（11時間を超える開所時間を設ける場合）する場合には、その時間帯に在所する児童年齢及び数に応じた保育士を常時配置するために必要となる保育士数 | AE5: 主任保育士の専任加算の適用を受ける民間保育所は1人 別途保育士の加配が必要となる補助事業を実施する場合は各実施要綱に定める保育士数 | AJ5: 年休代替保育士等
B8: 配置基準 | C8: 入所児童年齢及び数に応じ、下記により算出した保育士数（注1） | M8: 定員90人以下 1人 （民間保育所） | Q8: 常時、最低基準を満たすための保育士数 | U8: 実施要綱に定める保育士数
D10: 児童年齢区分 | E10: 0歳児数の3分の1 | K10: 小数点第2位切捨 | U10: 最低必要保育士数 1人 | Z10: 1人以上
E11: 1･2歳児数の6分の1
E12: 3歳児数の15分の1 | AJ12: （注2）
E13: 4歳以上児数25分の1 | M13: （注2） | Q13: （注2） | U13: （注3） | Z13: （注3） | AE13: （注4・5･6）
C14: 各年齢区分により算出した数の合計を小数点第1位で四捨五入した数
B16: （注）1 民間保育所については、保育所運営費上の児童年齢（年度中に限り入所日の属する月の初日の年齢）により算出した保育士数
B17: 2 民間保育所に支弁される保育所運営費には、定員91人以上の非常勤保育士賃金、年休代替要員（保育士、調理員）賃金及び業務省力化
B18: 要員（保育士、調理員）賃金が保育単価に積算されている。
B19: 3 延長保育促進事業実施要綱では、2人以上であるが、事業担当者1人の外、適宜、事業担当職員以外の協力を得て実施することは差し支えない。
B20: なお、延長保育を実施する保育所においては、延長保育事業担当者が、11時間保育時間帯における最低基準を満たすための保育士の全
B21: 部または一部を兼ねることとなる。
B22: 4 主任保育士の専任加算により、配置された保育士は、入所児童年齢及び数に応じ算出した保育士及び定員90人以下の保育所において
B23: 配置が必要となる保育士以外に配置されなければならない。
B24: 5 特定保育事業を実施する場合は、事業担当保育士の加配が必要となること。
B25: 6 休日保育事業を実施する場合は、主任保育士、延長保育担当保育士、一時預かり担当保育士並びに特定保育担当保育士の協力を得て
B26: も差し支えない。
B31: 保 育 時 間 | E31: 開所時間
E32: 延長保育時間 | I32: 11時間、ただし、延長保育を実施していない保育所については、保育所長が定めた時間 | AH32: 延長保育時間
I33: 時間外保育時間 | N33: 基本保育時間（原則8時間） | AC33: 時間外保育時間
B34: 日 課 | E34: 順次登所 | I34: 順次登所 | N34: 登所完了 | O34: クラス保育等を実施する基本保育時間 | AB34: 順次降所 | AG34: 降所完了 | AK34: 降所完了
B37: 保育士配置時間数 | D37: ※一時預かり児童数等を含む | E37: 延長保育実施児童年齢及び数に応じた保育士数に延長保育時間を乗じた時間数 | I37: 当該時間帯に在所する児童年齢及び数に応じて必要となる保育士数に当該時間を乗じた時間数 | N37: 基本保育時間帯に在所する児童年齢及び数（最大値）に応じて必要となる保育士数に基本保育時間を乗じた時間数 | AC37: 当該時間帯に在所する児童年齢及び数に応じて必要となる保育士数に当該時間を乗じた時間数 | AH37: 延長保育実施児童年齢及び数に応じた保育士数に延長保育時間を乗じた時間数
E41: ※事業担当者（常勤相当の保育士）を配置すること。 | I41: ※11時間以内で基本保育時間を除いた時間帯 | N41: ※基本保育時間（グループ又は組単位で保育する時間） ※基本保育時間は、各保育所における一日の過ごし方により、判断すること。 | AC41: ※11時間以内で基本保育時間を除いた時間帯 | AH41: ※事業担当者（常勤相当の保育士）を配置すること。
B44: （注）1 最低基準上必要とされる保育士の配置については、入所児童に変動が無くとも児童年齢の加齢により変動することとなるが、最低基準
B45: の主旨を尊重し、年度当初の4月1日現在における児童年齢及び数に応じた保育士数で1年継続することが望ましい。
B46: ただし、年度途中において児童数が増加する場合には、その都度、保育士の配置状況について確認する必要があること。
B47: 2 保育所内で一時預かりi事業等を実施していない場合は、別途積算が必要であること。

Sheet 目的外使用
A1: 積立資産の目的外使用
C2: 弾力運用要件１を満たす場合 | E2: 弾力運用要件１及び２を満たす場合 | G2: 弾力運用要件1、2及び３を満たす場合
A4: 積立金種別 | B4: 目的外使用 使途範囲（※） | C4: 社会福祉法人 学校法人 | D4: 左記以外 | E4: 社会福祉法人 学校法人 | F4: 左記以外 | G4: 社会福祉法人 学校法人 | H4: 左記以外
A5: 人件費積立資産 | B5: A | C5: 県の承認 ※経理等通知１（３） | D5: 県の承認 ※経理等通知１（３） | E5: 県の承認 ※経理等通知１（３） | F5: 県の承認 ※経理等通知１（３） | G5: 理事会の承認 ※経理等通知１（３） | H5: 県の承認 ※経理等通知１（３） | J5: A
B6: B | C6: 不可 | D6: 不可 | E6: 不可 | F6: 不可 | G6: 不可 | H6: 不可 | J6: ①人件費、光熱水料等通常経費 ②建物の修繕、模様替え等 ③建物附属設備の更新 ④省力化機器並びにｿｰﾗｰｼｽﾃﾑ、集 中冷暖房、給湯設備、ﾌｪﾝｽ、ｽﾌﾟﾘﾝｸ ﾗｰ、防火設備等の設備の整備 ⑤花壇、遊歩道等の環境の整備、そ の施設の用に供する駐車場、道路の 舗装等 ⑥登所バス等の購入、修理等
B7: C | C7: 不可 | D7: 不可 | E7: 不可 | F7: 不可 | G7: 理事会の承認 ※経理等通知１（６） | H7: 県の承認 ※経理等通知１（６）
A8: 修繕積立資産 | B8: A | C8: 県の承認 ※経理等通知１（３） | D8: 県の承認 ※経理等通知１（３） | E8: 県の承認 ※経理等通知１（３） | F8: 県の承認 ※経理等通知１（３） | G8: 理事会の承認 ※経理等通知１（３） | H8: 県の承認 ※経理等通知１（３）
B9: B | C9: 不可 | D9: 不可 | E9: 不可 | F9: 不可 | G9: 不可 | H9: 不可 | J9: B
B10: C | C10: 不可 | D10: 不可 | E10: 不可 | F10: 不可 | G10: 不可 | H10: 不可 | J10: 同一の設置者が設置する他の保育所等の施設・設備に充てようとするとき ①保育所等の建物、設備の整備・修繕、環境の改善等に要する経費 ②保育所等の土地又は建物の賃借料 ③以上の経費に係る借入金(利息部分を含む。)の償還又は積立（保育所施設・設備整備積立金）のための支出
A11: 備品等購入積立資産 | B11: A | C11: 県の承認 ※経理等通知１（３） | D11: 県の承認 ※経理等通知１（３） | E11: 県の承認 ※経理等通知１（３） | F11: 県の承認 ※経理等通知１（３） | G11: 理事会の承認 ※経理等通知１（３） | H11: 県の承認 ※経理等通知１（３）
B12: B | C12: 不可 | D12: 不可 | E12: 不可 | F12: 不可 | G12: 不可 | H12: 不可
B13: C | C13: 不可 | D13: 不可 | E13: 不可 | F13: 不可 | G13: 不可 | H13: 不可 | J13: C
A14: 保育所施設・設備整備積立資産 | B14: A | C14: 不可 | D14: 不可 | E14: 不可 | F14: 不可 | G14: 不可 | H14: 不可 | J14: 保育所施設・設備整備積立資産を同一の設置者の当該保育所以外の社会福祉施設等の新築又は増改築に係る経費（土地取得費を含む。）に充当する等 法人の経営上やむを得ない場合に限られるものであること。
B15: B | C15: 不可 | D15: 不可 | E15: 県の承認 ※経理等通知１（４） | F15: 県の承認 ※経理等通知１（４） | G15: 理事会の承認 ※経理等通知１（４） | H15: 県の承認 ※経理等通知１（４）
B16: C | C16: 不可 | D16: 不可 | E16: 不可 | F16: 不可 | G16: 理事会の承認 ※経理等通知１（６） | H16: 県の承認 ※経理等通知１（６）
A17: ここでいう「保育所等」とは、保育所及び保育所以外の子ども・子育て支援法に規定する特定教育・保育施設及び特定地域型保育事業をいう。
A18: ※ 目的外使用使途範囲
A19: A | B19: ■当該保育所の①～⑥に係る経費に充てようとするとき ①人件費、光熱水料等通常経費 ②建物の修繕、模様替え等 ③建物附属設備の更新 ④省力化機器並びにｿｰﾗｰｼｽﾃﾑ集中冷暖房、給湯設備、ﾌｪﾝｽ、ｽﾌﾟﾘﾝｸ ﾗｰ、防火設備等の設備の整備 ⑤花壇、遊歩道等の環境の整備、その施設の用に供する駐車場、道路の舗装等 ⑥登所バス等の購入、修理等
A20: B | B20: ■同一の設置者が設置する他の保育所等の施設・設備①～③に充てようとするとき ①保育所等の建物、設備の整備・修繕、環境の改善等に要する経費 ②保育所等の土地又は建物の賃借料 ③以上の経費に係る借入金(利息部分を含む。)の償還又は積立（保育所施設・設備整備積立金）のための支出
A21: C | B21: ■同一の設置者の当該保育所以外の社会福祉施設等の新築又は増改築に係る経費（土地取得費を含む。）に充当する等、法人の経営上やむを得ない場合に限られるものに充てようとするとき

Sheet 前期末支払残高の取扱い
A1: 前期末支払資金残高の取崩し及び充当に係る取扱い
A2: 区分 | C2: 弾力運用要件１、２及び３を満たす場合 | G2: 弾力運用要件３を満たさない場合
C3: 社会福祉法人・学校法人 | E3: 社会福祉法人・学校法人以外 | G3: 社会福祉法人・学校法人 | I3: 社会福祉法人・学校法人以外
C4: 施設に係る経理区分の事業活動収入計(予算額)の３％以下 | D4: 施設に係る経理区分の事業活動収入計(予算額)の３％超 | E4: 施設に係る経理区分の事業活動収入計(予算額)の３％以下 | F4: 施設に係る経理区分の事業活動収入計(予算額)の３％超 | G4: 施設に係る経理区分の事業活動収入計(予算額)の３％以下 | H4: 施設に係る経理区分の事業活動収入計(予算額)の３％超 | I4: 施設に係る経理区分の事業活動収入計(予算額)の３％以下 | J4: 施設に係る経理区分の事業活動収入計(予算額)の３％超
A5: 前期末支払資金残高の取崩し使途範囲 | B5: ①人件費、光熱水料等通常経費 ②建物の修繕、模様替え等 ③建物附属設備の更新 ④省力化機器並びにｿｰﾗｰｼｽﾃﾑ、集 中冷暖房、給湯設備、ﾌｪﾝｽ、ｽﾌﾟﾘﾝｸ ﾗｰ、防火設備等の設備の整備 ⑤花壇、遊歩道等の環境の整備、そ の施設の用に供する駐車場、道路の 舗装等 ⑥登所バス等の購入、修理等 | C5: 事前協議不要 | D5: 県の承認 （①のみ理事会の承認） | E5: 事前協議不要 | F5: 県の承認 | G5: 事前協議不要 | H5: 県の承認 | I5: 事前協議不要 | J5: 県の承認
B6: 同一の設置者が設置する保育所等に係る経費 ①建物、設備の整備・修繕、 環境の改善等に要する経費 ②土地又は建物の賃借料 ③以上の経費に係る借入金(利息部 分を含む。)の償還又は積立（保育所 施設・設備整備積立金）のための支 出 ④保育所等を経営する事業に係る租税 公課 | C6: 事前協議不要 | D6: 県の承認 | E6: 事前協議不要 | F6: 県の承認 | G6: 事前協議不要 | H6: 県の承認 | I6: 事前協議不要 | J6: 県の承認
A7: 前期末支払資金残高の経費充当 | B7: ①当該保育所を設置する法人本部の 運営に要する経費 ②同一の設置者が運営する社会福祉 法第２条に定める第１種社会福祉事 業及び第２種社会福祉事業並びに 子育て支援事業の運営、施設設備の 整備等に要する経費 ③同一の設置者が運営する公益事業 （子育て支援事業を除く。）の運営、 施設設備の整備等に要する経費 | C7: 理事会の承認 | D7: 理事会の承認 | E7: 県の承認 | F7: 県の承認
A8: （注）自然災害その他止むを得ない事由によりその取崩しを必要とする場合を除く。
A9: ここでいう「保育所等」とは、保育所及び保育所以外の子ども・子育て支援法に規定する特定教育・保育施設及び特定地域型保育事業をいう。
